Workbook

Sheet Note_AmendCAPI
A1: Les points intégrés dans CAPI sont en couleur JAUNE
A2: Points intégrés mais necessitant une clarification par la suite en couleur VIOLET
A9: A FAIRE
A11: Revenir après à la section S04_Emploi

Sheet couvert
R2: REPÚBLICA DA GUINÉ-BISSAU
S5: MINISTÉRIO DA ECONOMIA E FINANÇAS
R7: INSTITUTO NACIONAL DE ESTATÍSTICA
T9: IDENTIFICAÇÃO DO AGREGADO FAMILIAR
T10: AGLOMERADO | AB10: AGREGADO FAMILIAR | AF10: VAGA
A16: INQUÉRITO HARMONIZADO SOBRE AS CONDIÇÕES DE VIDA DOS AGREGADOS FAMILIARES 2017/2018
A17: COM O APOIO DA COMISSÃO DA UEMOA E DO BANCO MUNDIAL
A18: QUESTIONÁRIO AO AGREGADO FAMILIAR
A21: Coordenadas GPS do agregado familiar | AG21: Em que formato foi conduzida a entrevista?
AG23: 1. PAPI
A24: Latitude | H24: N | AG24: 2. CAPI
A26: Longitude | H26: W
B29: Nome e apelido do chefe do agregado familiar:
B31: Morada (localização) do agregado familiar:
A34: CONFIDENCIAL: Nos termos do artigo 7º, da Lei de Base do Sistema Estatístico Nacional, todos os dados estatísticos individuais recolhidos por órgãos produtores de Estatísticas Oficiais do SEN, são de natureza estritamente confidencial.

Sheet Folha1

Sheet TOC
A1: ÍNDICE
A3: 0 | B3: INFORMAÇÕES DE CONTROLO | F3: 10 | G3: EMPRESAS NÃO-AGRÍCOLAS
B4: A Identificação do agregado familiar | C4: 3 | G4: A Existência de empresas não-agrícolas | J4: 45
B5: B Contactos do agregado familiar | C5: 3 | G5: B Características das empresas não-agrícolas (sem existências) | J5: 46
B6: C Informações de controlo | C6: 3
A7: 1 | B7: CARACTERÍSTICAS SOCIODEMOGRÁFICAS DOS MEMBROS DO AGREGADO FAMILIAR | C7: 4 | F7: 11 | G7: HABITAÇÃO | J7: 53
A8: 2 | B8: EDUCAÇÃO (INDIVÍDUOS COM IDADE IGUAL OU SUPERIOR A 3 ANOS) | C8: 8 | F8: 12 | G8: ATIVOS DO AGREGADO FAMILIAR | J8: 56
A9: 3 | B9: SAÚDE GERAL | C9: 12 | F9: 13 | G9: TRANSFERÊNCIAS
A10: 4 | B10: EMPREGO (INDIVÍDUOS COM IDADE IGUAL OU SUPERIOR A 6 ANOS) | G10: A Transferências recebidas pelo agregado familiar | J10: 58
B11: A Situação relativamente à atividade | C11: 16 | G11: A Transferências emitidas pelo agregado familiar | J11: 59
B12: B Emprego principal durante os últimos 12 meses | C12: 19 | F12: 14 | G12: IMPACTOS E ESTRATÉGIAS DE SOBREVIVÊNCIA | J12: 60
B13: C Emprego secundário durante os últimos 12 meses | C13: 22 | F13: 15 | G13: REDES DE SEGURANÇA | J13: 61
A14: 5 | B14: C RENDIMENTOS FORA DO EMPREGO DURANTE OS ÚLTIMOS 12 MESES | C14: 24 | F14: 16 | G14: AGRICULTURA
A15: 6 | B15: POUPANÇA E CRÉDITO | C15: 26 | G15: A Parcelas | J15: 62
A16: 7 | B16: CONSUMO ALIMENTAR DURANTE OS ÚLTIMOS 7 DIAS | G16: B Custo dos insumos | J16: 74
B17: A Refeições consumidas fora do agregado familiar durante os últimos 7 dias | C17: 28 | G17: C Culturas | J17: 75
B18: B Consumo alimentar durante os últimos 30 dias e compras durante os últimos 30 dias | C18: 30 | F18: 17 | G18: PECUÁRIA | J18: 79
A19: 8 | B19: SEGURANÇA ALIMENTAR | F19: 18 | G19: EQUIPAMENTOS AGRÍCOLAS | J19: 88
B20: A Escala de experiência de insegurança alimentar | C20: 36 | F20: 19 | G20: PESCA | J20: 89
B21: B Suplementos alimentares | C21: 37 | F21: 20 | G21: POBREZA SUBJETIVA | J21: 92
A22: 9 | B22: DESPESAS RETROSPETIVAS NÃO ALIMENTARES DO AGREGADO FAMILIAR | G22: LISTA EXAUSTIVA DE UNIDADES RELATIVA À SECÇÃO 8A | J22: 93
B23: A Despesas com festas e cerimónias durante os últimos 12 meses | C23: 38 | G23: NOMENCLATURA DAS CULTURAS | J23: 94
B24: B Despesas não alimentares durante os últimos 7 dias | C24: 39 | G24: OBSERVAÇÕES | J24: 95
B25: C Despesas não alimentares durante os últimos 30 dias | C25: 40
B26: D Despesas não alimentares durante os últimos 3 meses | C26: 41
B27: E Despesas não alimentares durante os últimos 6 meses | C27: 42
B28: F Despesas não alimentares durante os últimos 12 meses | C28: 43

Sheet S0_Cont
A1: SECÇÃO 0: IDENTIFICAÇÃO DO AGREGADO FAMILIAR E INFORMAÇÕES DE CONTROLO
A2: A | B2: Identificação do agregado familiar
A3: 01.- | B3: Região | E3: NOME: | L3: CÓDIGO:
A4: 02.- | B4: Setor | E4: NOME: | L4: CÓDIGO:
A5: 03.-
A6: 04.- | B6: Meio de residência | F6: 1. Urbano 2. Rural | L6: CÓDIGO:
A7: 05.- | B7: Tabanca/Bairro | E7: NOME:
A8: 06.- | B8: N.º do Distrito de Recenseamento (DR) | L8: CÓDIGO:
A9: 07.- | B9: Número do agregado familiar no DR | L9: CÓDIGO:
A10: 08.- | B10: Resultado da entrevista | D10: 1= Concluída, agregado familiar selecionado ►(0.10) 2=Concluída, agregado familiar substituto►(0.10) 3=Não concluída | L10: CÓDIGO:
A11: 09.- | B11: Motivo | D11: 1=Recusa 2= Ausente 3=Alojamento desocupada ►(Fim do questionário) | L11: CÓDIGO:
A12: B | B12: Contacto do agregado familiar
A13: 10.- | B13: Nome e apelido do chefe do agregado familiar
A14: 11.- | B14: Morada (localização) do agregado familiar
A15: 12.- | B15: Número do telemóvel do chefe do agregado familiar | L15: NÚMERO:
A16: 13.- | B16: Nome de outro membro do agregado familiar que possui um número de telemóvel
A17: 14.- | B17: Número do telemóvel desse outro membro do agregado familiar | L17: NÚMERO:
A18: 15.- | B18: Nome de um primeiro contacto não pertencente ao agregado familiar que possui um número de telemóvel
A19: 16.- | B19: Número do telemóvel dessa outra pessoa | L19: NÚMERO:
A20: 17.- | B20: Nome de um segundo contacto não pertencente ao agregado familiar que possui um número de telemóvel
A21: 18.- | B21: Número do telemóvel dessa outra pessoa | L21: NÚMERO:
A22: C | B22: Informações de controlo
A23: 19.- | B23: Nome e apelido do agente entrevistador | L23: CÓDIGO:
A24: 20.- | B24: Nome e apelido do controlador | L24: CÓDIGO:
A25: 21.- | B25: Nome e apelido do agente de verificação | L25: CÓDIGO:
A26: 22.- | B26: Número de visitas necessárias para administrar o questionário | L26: NÚMERO
D27: Dia | F27: Mês | H27: Ano | J27: Hora/minutos de início | L27: Hora/minutos de fim
A28: 23.- | B28: Recolha - Visita 1
A29: 24.- | B29: Recolha - Visita 2
A30: 25.- | B30: Recolha - Visita 3
A31: 26.- | B31: Controlo
A32: 27.- | B32: Resultado do questionário | D32: 1=Completo 2=Parcial | L32: CÓDIGO:
A33: 28.- | B33: Língua da entrevista | D33: 1=Crioulo 2=Fula 3=Balanta 4=Mandinga 5=Papel 6=Manjaco 7 =Beafada 8=Mancanha 9=Outras Linguas: | L33: CÓDIGO:
A34: 29.- | B34: Número de questionários utilizados no agregado familiar | L34: NÚMERO:
A35: 30.- | B35: Número de ordem do presente questionário entre os questionários utilizados no agregado familiar | L35: NÚMERO DE ORDEM:
A36: 31.- | B36: Número de membros do agregado familiar | L36: NÚMERO:

Sheet S01_Demo
A1: LISTA DE MEMBROS - FLAP | C1: SECÇÃO 1: CARACTERÍSTICAS SOCIODEMOGRÁFICAS DOS MEMBROS DO AGREGADO FAMILIAR | U1: SECÇÃO 1: CARACTERÍSTICAS SOCIODEMOGRÁFICAS DOS MEMBROS DO AGREGADO FAMILIAR | AD1: SECÇÃO 1: CARACTERÍSTICAS SOCIODEMOGRÁFICAS DOS MEMBROS DO AGREGADO FAMILIAR | AO1: SECÇÃO 1: CARACTERÍSTICAS SOCIODEMOGRÁFICAS DOS MEMBROS DO AGREGADO FAMILIAR
A4: CÓDIGO ID: | B4: ORDEM DE REGISTO | C4: CÓDIGO ID: | D4: 1 | E4: 1.01 | F4: 1.02 | G4: 1.03 | J4: 1.04 | L4: 1.05 | M4: 1.06 | N4: =M4+0.01 -> 1.07 | O4: =N4+0.01 -> 1.08 | P4: =O4+0.01 -> 1.09 | T4: =P4+0.01 -> 1.1 | U4: CÓDIGO ID: | V4: =T4+0.01 -> 1.11 | W4: =V4+0.01 -> 1.12 | X4: =W4+0.01 -> 1.13 | Y4: =X4+0.01 -> 1.14 | Z4: =Y4+0.01 -> 1.15 | AA4: =Z4+0.01 -> 1.16 | AB4: =AA4+0.01 -> 1.17 | AC4: =AB4+0.01 -> 1.18 | AD4: CÓDIGO ID: | AE4: =AC4+0.01 -> 1.19 | AF4: =AE4+0.01 -> 1.2 | AG4: =AF4+0.01 -> 1.21 | AH4: =AG4+0.01 -> 1.22 | AI4: =AH4+0.01 -> 1.23 | AJ4: =AI4+0.01 -> 1.24 | AK4: =AJ4+0.01 -> 1.25 | AL4: =AK4+0.01 -> 1.26 | AM4: =AL4+0.01 -> 1.27 | AN4: =AM4+0.01 -> 1.28 | AO4: CÓDIGO ID: | AP4: =AN4+0.01 -> 1.29 | AQ4: =AP4+0.01 -> 1.3 | AR4: =AQ4+0.01 -> 1.31 | AS4: =AR4+0.01 -> 1.32 | AT4: =AS4+0.01 -> 1.33 | AU4: =AT4+0.01 -> 1.34 | AV4: =AU4+0.01 -> 1.35 | AW4: =AV4+0.01 -> 1.36 | AX4: =AW4+0.01 -> 1.37 | ... AZ4: =AY4+0.01 -> 1.39
B5: Elaborar a lista de todas as pessoas que compõem o agregado familiar, quer estejam presentes ou ausentes na altura do inquérito. Para garantir que não é esquecido nenhum indivíduo, elaborar a lista pela ordem descrita em seguida | D5: CÓDIGO ID do respondente | E5: Qual é o Sexo (NOME)? | F5: Qual é o laço de parentesco de [NOME] com o chefe do agregado familiar? | G5: Qual é a data de nascimento de [NOME]? | J5: Que idade fez [NOME] no seu último aniversário? | L5: No caso das crianças com menos de 15 anos, [NOME] dispõe de uma certidão de nascimento? | M5: A certidão de nascimento foi mostrada? | N5: No caso das pessoas com idade igual ou superior a 10 anos, qual é o estado civil de [NOME]? | O5: O(s) cônjuge(s) de [NOME] vive(m) no agregado familiar? | P5: Qual(quais) é(são) o(s) código(s) ID do(s) cônjuge(s) de [NOME]? | T5: Com que idade [NOME] se casou pela primeira vez? | V5: [NOME] está presente na altura do inquérito? | W5: [NOME] vive em regime permanente neste agregado familiar pelo menos nos últimos 6 meses? | X5: [NOME] tenciona permanecer no agregado familiar pelo menos durante 6 meses? | Y5: Qual é a religião de [NOME]? | Z5: Qual é a nacionalidade de [NOME]? | AA5: No caso dos nacionais, qual é a etnia de [NOME]? | AB5: [NOME] nasceu em [localidade de residência]? | AC5: [NOME] alguma vez residiu noutra localidade durante mais de 6 meses? | AE5: Qual foi a última localidade em que [NOME] residiu antes de vir morar aqui? | AF5: Durante quantos anos [NOME] residiu nessa localidade antes de vir morar aqui? | AG5: Qual foi a razão principal para [NOME] ter vindo morar para esta localidade? | AH5: O pai de [NOME] vive no agregado familiar? | AI5: INSCREVER O CÓDIGO ID DO PAI DE [NOME] | AJ5: O pai de [NOME] está vivo? | AK5: Qual é o nível de instrução mais elevado obtido pelo pai de [NOME]? | AL5: Que ramo de atividade principal exerceu o pai de [NOME]? | AM5: Qual era a categoria socioprofissional do pai de [NOME]? | AN5: Qual era o setor institucional do pai de [NOME]? | AP5: A mãe de [NOME] vive no agregado familiar? | AQ5: ESCREVEO CÓDIGO ID DA MÃE DE [NOME] | AR5: A mãe de [NOME] é viva? | AS5: Qual é o nível de instrução mais elevado obtido pela mãe de [NOME]? | AT5: Que ramo de atividade principal exerceu a mãe de [NOME]? | AU5: Qual era a categoria socioprofissional da mãe de [NOME]? | AV5: Qual era o setor institucional da mãe de [NOME]? | AW5: No caso de pessoas com idade igual ou superior a 10 anos, [NOME] possui telemóvel? | AX5: Mesmo que [NOME] não tenha seu próprio telemovel, [NOME] usou um telefone nos últimos 7 dias? | AY5: Quanto gastou em cartões pré-pagos, incluindo transferências de crédito nos últimos 7 dias? | AZ5: [NOME] acedeu à internet? Inscrever 1 para SIM e 2 para NÃO
AA7: 01=Fula
G8: =CONCATENATE("Se pelo menos o ano de nascimento de [NOME] for declarado ►",TEXT(L4,"(0.00)"),) -> Se pelo menos o ano de nascimento de [NOME] for declarado ►(0.01) | J8: No caso das crianças com menos de 5 anos (0 a 59 meses), idade em meses e anos; por exemplo uma criança de 2 anos e 6 meses, inscrever 2 na coluna ANOS e 6 na coluna MESES. No caso das pessoas com idade igual ou superior a 5 anos, idade em anos aquando do último aniversário. | Y8: 1=Muçulmano(a) | Z8: 01 Benim | AA8: 02=Balanta | AG8: 01 Enviado pela família para trabalhar
Y9: 2 Cristão(ã) | Z9: 02 Burquina Faso | AA9: 03=Mandinga | AG9: 02 Veio com o pai
B10: CHEFE DO AGREGADO FAMILIAR | E10: 1 Masculino | F10: 01 Chefe do agregado familiar | V10: 1 Presente visto | Y10: 3 Animista | Z10: 03 Costa do Marfim | AA10: 04=Papel | AE10: 01 Capital | AG10: 03 Foi juntar-se à família | AK10: 1 Nenhum | AM10: Assalariado | AN10: 1 Administração pública | AS10: 1 Nenhum | AU10: Assalariado | AV10: 1 Administração pública | AZ10: A | BA10: B | BB10: C | BC10: D | BD10: E
B11: FILHOS DO CAF CUJA MÃE NÃO VIVE NO AGREGADO FAMILIAR | E11: 2 Feminino | F11: 02 Cônjuge | N11: 1 Solteiro (a)►(1.11) | O11: 1 Sim | V11: 2 Presente não visto | Y11: 4 Outra religião | Z11: 04 Guiné-Bissau | AA11: 05=Manjaco | AE11: 02 Outra urbana | AG11: 04 Falta de emprego | AK11: 2 Ensino Básico (1ª a 6ª classe) | AL11: =CONCATENATE("0 Desempregado ►(",AP4,")") -> 0 Desempregado ►(1,29) | AM11: 1 Quadro superior | AS11: 2 Ensino Básico (1 a 6 classe) | AT11: =CONCATENATE("0 Desempregado ►(",AW4,")") -> 0 Desempregado ►(1,36) | AU11: 1 Quadro superior | AZ11: Por telefone | BA11: No escritório | BB11: No cibercafé | BC11: Em casa | BD11: Na escola/universidade
B12: 1.ª ESPOSA SEGUIDA PELOS FILHOS (DO MAIS NOVO AO MAIS VELHO) | F12: 03 Filho, Filha | N12: 2 Casado(a) monogâmico(a) | O12: 2 Não ►(1.10) | V12: 3 Ausente | Y12: 5 Sem religião | Z12: 05 Mali | AA12: 06=Beafada | AE12: 03 Meio rural | AG12: 05 Melhores oportunidades aqui | AK12: 3 Secundário 1º ciclo (7ª a 9ª classe) | AL12: 1 Agricultura, Pecuária, Pescas… | AM12: 2 Quadro médio | AN12: 2 Empresa pública | AS12: 3 Secundário 1º ciclo (7 a 9 classe) | AT12: 1 Agricultura, Pecuária, Pescas… | AU12: 2 Quadro médio | AV12: 2 Empresa pública
B13: 2.ª ESPOSA E FILHOS; 3.ª ESPOSA E FILHOS, ETC. | F13: 04 Pai, Mãe | M13: 1 Sim | N13: 3 Casado(a) poligâmico(a) | W13: 1 Sim►(1.14) | X13: 1 Sim | Z13: 06 Níger | AA13: 07=Mancanha | AB13: 1 Sim | AC13: =CONCATENATE("1 Sim") -> 1 Sim | AE13: 04 Benim | AG13: 06 Transferência | AH13: 1 Sim | AJ13: 1 Sim | AK13: 4 Secundário 2º ciclo (10ª a 12ª classe) | AM13: 3 Operário ou trabalhador qualificado | AP13: 1 Sim | AR13: 1 Sim | AS13: 4 Secundário 2º ciclo (10 a 12 classe) | AT13: 2 Minas, pedreiras | AU13: 3 Operário ou trabalhador qualificado
B14: IRMÃOS E IRMÃS DO CAF | F14: 05 Neto, neta | L14: 1 Sim | M14: 2 Não | N14: 4 União de facto | W14: 2 Não | X14: 2 Não | Z14: 07 Senegal | AA14: 08=Bijagos | AB14: =CONCATENATE("2 Não ► (",AE4,")") -> 2 Não ► (1,19) | AC14: =CONCATENATE("2 Não► (",AH4,")") -> 2 Não► (1,22) | AE14: 05 Burquina Faso | AG14: 07 Falta de terras | AH14: =CONCATENATE(" 2 Não ►(",AJ4,")") -> 2 Não ►(1,24) | AJ14: 2 Não | AK14: 5 Superior | AL14: 2 Minas, pedreiras | AM14: 4 Operário ou trabalhador não qualificado | AN14: 3 Grande empresa privada | AP14: =CONCATENATE("2 Não ►(",TEXT(AR4,"0.00"),")") -> 2 Não ►(0.01) | AR14: 2 Não | AS14: 5 Superior | AT14: 3 Indústrias, eletricidade, água | AU14: 4 Operário ou simples trabalhador | AV14: 3 Grande empresa privada | AW14: =CONCATENATE("1 Sim ") -> 1 Sim | AX14: 1 Sim
B15: PAI, MÃE DO CAF | F15: 06 Avós | L15: 2 Não ►(1.07) | N15: 5 Viúvo(a) ►(1.10) | Z15: 08 Togo | AA15: 09=Felupe | AE15: 06 Costa do Marfim | AG15: 08 Escola | AK15: 6 Não sabe (NS) | AL15: 3 Indústrias, eletricidade, água | AM15: 5 Servente | AS15: 6 Não sabe (NS) | AT15: 4 Construção civil | AU15: 5 Servente | AW15: 2 Não | AX15: =CONCATENATE(" 2 Non ►(",AZ4,")") -> 2 Non ►(1,39)
B16: NETOS E NETAS DO CAF | F16: 07 Irmão, irmã | L16: 3 NA ►(1.07) | M16: Se [NOME] dispõe de certidão de nascimento, certifique-se de que a data inscrita está em conformidade com 1.03 | N16: 6 Divorciado(a) ►(1.10) | Z16: 09 Nigéria | AA16: 10=Outras Etnias | AE16: 07 Guiné-Bissau | AG16: 09 Casamento | AM16: Não assalariado | AN16: 4 Empresa em nome individual | AT16: 5 Comércio | AU16: Não assalariado | AV16: 4 Empresa em nome individual
B17: OUTROS PARENTES DO CAF E/OU DAS SUAS ESPOSAS | F17: 08 Outros parentes do CAF/cônjuge | N17: 7 Separado(a) ►(1.10) | Z17: 10 Outra da CEDEAO | AA17: 11=Naturalizado | AE17: 08 Mali | AG17: 10 Divórcio | AL17: 4 Construção civil | AM17: 6 Patrão | AT17: 6 Transporte | AU17: 6 Patrão | AW17: 3 NA ►Pessoa seguinte
B18: PESSOAS SEM LAÇO DE PARENTESCO COM O CAF | N18: 8 NA ► (1.11) | Z18: 11 Outra em África | AE18: 09 Níger | AG18: 11 Perda do(a) cônjuge | AL18: 5 Comércio | AM18: 7 Trabalhador por conta própria | AN18: 5 Empresa associativa | AQ18: =CONCATENATE("►►(",AW4,")") -> ►►(1,36) | AT18: 7 Restauração, hotelaria | AU18: 7 Trabalhador por conta própria | AV18: 5 Empresa associativa
F19: 09 Pessoa não aparentada com o CAF/cônjuge | Z19: 12 Outro país não africano | AE19: 10 Senegal | AG19: 12 Doença de um membro do agregado familiar | AI19: =CONCATENATE("►►","(",AP4,")") -> ►►(1,29) | AL19: 6 Transporte | AM19: 8 Outra (ajuda à família, aprendiz) | AT19: =AL21 -> 8 Artes e espetáculos | AU19: 8 Outra (ajuda à família, aprendiz)
J20: (Relativamente à data do inquérito) | AE20: 11 Togo | AG20: 13 Outros problemas familiares: | AL20: 7 Restauração, hotelaria | AM20: 9 Não sabe (NS) | AN20: 6 Organismo International/ ONG | AT20: 9 Serviços | AU20: 9 Não sabe (NS) | AV20: 6 Organismo International/ ONG
AE21: 12 Nigéria | AG21: 14 Conflitos armados | AL21: 8 Artes e espetáculos | AN21: 7 Serviço doméstico | AT21: 10 Não sabe (NS) | AV21: 7 Serviço doméstico
B22: CASO HAJA MAIS DE 15 MEMBROS, UTILIZAR OUTRO QUESTIONÁRIO | F22: 10 Empregado(a) doméstico(a) ou parente do empregado(a) doméstico(a) | Z22: =CONCATENATE("Se [NOME] não for nacional do país do inquérito ►(",ROUND(AB4,2),")") -> Se [NOME] não for nacional do país do inquérito ►(1,17) | AE22: 13 Outra da CEDEAO | AG22: 15 Instabilidade política/económica | AL22: 9 Serviços | AN22: 8 Não sabe (NS) | AV22: 8 Não sabe (NS)
G23: Não sabe (NS) | AE23: 14 Outra em África | AG23: 16 Desastres naturais | AL23: 10 Não sabe (NS)
G24: 98 | H24: 98 | I24: 9998 | AE24: 15 Outro país não africano | AG24: 17 Outra (especificar)
B25: NOMES E APELIDOS | E25: CÓDIGO | F25: CÓDIGO | G25: DIA | H25: MÊS | I25: ANO | J25: ANOS | K25: MÊS | L25: CÓDIGO | M25: CÓDIGO | N25: CÓDIGO | O25: CÓDIGO | P25: ID | Q25: ID | R25: ID | S25: ID | T25: ANOS | V25: CÓDIGO | W25: CÓDIGO | X25: CÓDIGO | Y25: CÓDIGO | Z25: CÓDIGO | AA25: CÓDIGO | AB25: CÓDIGO | AC25: CÓDIGO | AE25: CÓDIGO | AF25: NÚMERO | AG25: CÓDIGO | AH25: CÓDIGO | AI25: CÓDIGO ID: | AJ25: CÓDIGO | AK25: CÓDIGO | AL25: CÓDIGO | AM25: CÓDIGO | AN25: CÓDIGO | AP25: CÓDIGO | AQ25: CÓDIGO ID: | AR25: CÓDIGO | AS25: CÓDIGO | AT25: CÓDIGO | AU25: CÓDIGO | AV25: CÓDIGO | AW25: CÓDIGO | AX25: CÓDIGO | AY25: FRANCOS CFA | AZ25: CÓDIGO
A26: 1 | C26: 1 | U26: 1 | AD26: 1 | AO26: 1
A27: 2 | C27: 2 | U27: 2 | AD27: 2 | AO27: 2
A28: 3 | C28: 3 | U28: 3 | AD28: 3 | AO28: 3
A29: 4 | C29: 4 | U29: 4 | AD29: 4 | AO29: 4
A30: 5 | C30: 5 | U30: 5 | AD30: 5 | AO30: 5
A31: 6 | C31: 6 | U31: 6 | AD31: 6 | AO31: 6
A32: 7 | C32: 7 | U32: 7 | AD32: 7 | AO32: 7
A33: 8 | C33: 8 | U33: 8 | AD33: 8 | AO33: 8
A34: 9 | C34: 9 | U34: 9 | AD34: 9 | AO34: 9
A35: 10 | C35: 10 | U35: 10 | AD35: 10 | AO35: 10
A36: 11 | C36: 11 | U36: 11 | AD36: 11 | AO36: 11
A37: 12 | C37: 12 | U37: 12 | AD37: 12 | AO37: 12
... A40: 15 | C40: 15 | U40: 15 | AD40: 15 | AO40: 15

Sheet S02_Educ
A1: SECÇÃO 2: EDUCAÇÃO (INDIVÍDUOS COM IDADE IGUAL OU SUPERIOR A 3 ANOS) | R1: SECÇÃO 2: EDUCAÇÃO (INDIVÍDUOS COM IDADE IGUAL OU SUPERIOR A 3 ANOS) | AF1: SECÇÃO 2: EDUCAÇÃO (INDIVÍDUOS COM IDADE IGUAL OU SUPERIOR A 3 ANOS) | AX1: SECÇÃO 2: EDUCAÇÃO (INDIVÍDUOS COM IDADE IGUAL OU SUPERIOR A 3 ANOS)
A3: CÓDIGO ID: | B3: 2 | C3: =B3+0.01 -> 2.01 | F3: =C3+0.01 -> 2.02 | I3: =F3+0.01 -> 2.03 | K3: =I3+0.01 -> 2.04 | O3: =K3+0.01 -> 2.05 | P3: =O3+0.01 -> 2.06 | Q3: =P3+0.01 -> 2.07 | R3: CÓDIGO ID: | S3: =Q3+0.01 -> 2.08 | T3: =S3+0.01 -> 2.09 | U3: =T3+0.01 -> 2.1 | V3: =U3+0.01 -> 2.11 | W3: =V3+0.01 -> 2.12 | Y3: =W3+0.01 -> 2.13 | AC3: =Y3+0.01 -> 2.14 | AD3: =AC3+0.01 -> 2.15 | AE3: =AD3+0.01 -> 2.16 | AF3: CÓDIGO ID: | AG3: =AE3+0.01 -> 2.17 | AH3: =+AG3+0.01 -> 2.18 | AQ3: =AH3+0.01 -> 2.19 | AR3: =AH3+0.01 -> 2.19 | AS3: =AR3+0.01 -> 2.2 | AT3: =AS3+0.01 -> 2.21 | AU3: =AT3+0.01 -> 2.22 | AV3: =AU3+0.01 -> 2.23 | AW3: =AV3+0.01 -> 2.24 | AX3: CÓDIGO ID: | AY3: =AW3+0.01 -> 2.25 | AZ3: =AY3+0.01 -> 2.26 | BA3: =AZ3+0.01 -> 2.27 | BB3: =BA3+0.01 -> 2.28 | BC3: =BB3+0.01 -> 2.29 | BD3: =BC3+0.01 -> 2.3 | BE3: =BD3+0.01 -> 2.31 | BF3: =BE3+0.01 -> 2.32 | BG3: =BF3+0.01 -> 2.33
B4: CÓDIGO ID do respondente | C4: [NOME] é capaz de ler um pequeno texto nas seguintes línguas? | F4: [NOME] é capaz de escrever um pequeno texto nas seguintes línguas? | I4: [NOME] seguiu ou segue atualmente estudos numa escola formal? | K4: Qual a razão principal para [NOME] não ter seguido estudos numa escola formal? | O4: [NOME] frequentou uma escola não formal ou uma formação não formal? | P4: Que tipo de educação não formal [NOME] frequentou? | Q4: Que idade tinha [NOME] quando entrou para a escola? | S4: [NOME] frequentou uma escola no ano letivo de 2016/2017? | T4: Quem dirigiu a escola frequentada por [NOME] no ano letivo de 2016/2017? | U4: Que resultado obteve [NOME] no ano letivo de 2016/2017? | V4: Por que razão [NOME] abandonou a escola durante o ano letivo? | W4: [NOME] frequenta uma escola no ano letivo de 2016/2017? | Y4: Qual a razão principal para [NOME] não ter andado na escola em 2016/17? | AC4: Qual é o nível de ensino frequentado por [NOME] no ano letivo de 2016/2017? | AD4: Qual é a área de estudos de [NOME]? | AE4: Que classe frequenta [NOME] no nível declarado no ano letivo de 2016/2017? | AG4: [NOME] está satisfeito com o ensino recebido na escola? | AH4: No contexto da sua escolaridade, [NOME] depara com algum dos problemas seguintes? | AQ4: Qui gère l'école que fréquente [NOM]? | AR4: Quem dirige a escola frequentada por [NOME] no ano letivo de 2017/2018? | AS4: Qual é o montante das taxas de inscrição e das propinas para o ano letivo de 2017/2018? | AT4: Qual é o montante das contribuições para o ano letivo de 2017/2018? | AU4: Qual é o montante das despesas de [NOME] com materiais (manuais, cadernos) para o ano letivo de 2017/2018 | AV4: Qual é o montante das despesas para os demais materiais escolares para o ano letivo de 2017/2018? | AW4: Qual é o montante das despesas de [NOME] com uniformes para o ano letivo de 2017/2018? | AY4: Qual é o montante das despesas de [NOME] com uniformes para o ano letivo de 2017/2018? | AZ4: Qual é o montante das despesas de [NOME] com o transporte escolar para o ano letivo de 2017/2018? | BA4: Qual é o montante das demais despesas escolares (curso de apoio ou reciclagem, etc.)? | BB4: Qual é o montante da bolsa/subsídio que [NOME] recebeu nos últimos 12 meses? | BC4: Qual é o nível de estudos mais elevado obtido por [NOME]? | BD4: Qual era a área de estudos de [NOME]? | BE4: Qual foi a última classe frequentada por [NOME] no nível declarado? | BF4: Em que ano [NOME] frequentou a escola pela última vez? | BG4: Qual é o diploma mais elevado obtido por [NOME]?
Y6: 01 Demasiado jovem
Y7: 02 Inexistência de escola, escola demasiado distante
K8: 01 Demasiado jovem | Y8: 03 Recusa da família | BD8: 0 Medicina, farmácia, etc
K9: 02 Inexistência de escola, escola demasiado distante | Y9: 04 Preferência por um emprego | AQ9: 1 GOUVERNEMENT | AR9: 1 Governo | BD9: 1 Ciências exatas (matemática, físico-química, ciências da vida e da Terra) | BG9: 00 Nenhum
C10: Escrever 1 para SIM ou 2 para NÃO | F10: Escrever 1 para SIM ou 2 para NÃO | K10: 03 Recusa da família | T10: 1 Governo | U10: =CONCATENATE("1 Diplomado, estudos concluídos ►(",ROUND(W3,2),")") -> 1 Diplomado, estudos concluídos ►(2,12) | V10: 1 Obteve um emprego | Y10: 05 Lavoura/pastorícia | AD10: 0 Medicina, farmácia, etc | AH10: Inscrever 1 para SIM ou 2 para NÃO | AQ10: 2 ORGANISATION RELIGIEUSE | AR10: 2 Gestão religiosa privada | BD10: 2 Artes, letras e ciências humanas | BG10: 01 EB (Ensino Básico 1º ciclo)
C11: nas casas correspondentes | F11: nas casas correspondentes | K11: 04 Preferência por um emprego | T11: 2 Gestão religiosa privada | V11: 2 Casou-se | Y11: 06 Serviço doméstico | AC11: =CONCATENATE("1 Pré-escolar ►(",TEXT(AE3,"0,16"),")") -> 1 Pré-escolar ►(2,16) | AD11: 1 Ciências exatas (matemática, físico-química, ciências da vida e da Terra) | AH11: nas casas correspondentes | AQ11: 3 LE PRIVE | AR11: 3 Gestão privada não religiosa | BD11: 3 Técnicas de administração e gestão | BE11: 1. 1.º ano | BG11: 02 EB (Ensino Básico 2º ciclo)
C12: A | D12: B | E12: D | F12: A | G12: B | H12: D | K12: 05 Lavoura/pastorícia | P12: 01 Escola corânica | T12: 3 Gestão privada não religiosa | U12: =CONCATENATE("2 Passou para classe superior ►(",W3,")") -> 2 Passou para classe superior ►(2,12) | V12: 3 É rapariga | Y12: 07 Pretende casar-se | AC12: =CONCATENATE("2 Ensino Basico ►(",TEXT(AE3,"0,16"),")") -> 2 Ensino Basico ►(2,16) | AG12: 1 Muito satisfeito | AQ12: 4 LA COMMUNAUTE | AR12: 4 Gestão internacional privada | BC12: =CONCATENATE("1 Pré-escolar ►(",TEXT(BE3,"0,31"),")") -> 1 Pré-escolar ►(2,31) | BD12: 4 Técnicas de informáticas e industrial (Engenharia civil, mecânica, eletrónica e informática) | BE12: 2. 2.º ano | BG12: 03 ES (Ensino Secundário 1º ciclo)
C13: Português | D13: Crioulo | E13: Outra língua | F13: Português | H13: Outra língua | K13: 06 Serviço doméstico | O13: 1 Sim | T13: 4 Gestão internacional privada | V13: 4 Gravidez | Y13: 08 É rapariga | AC13: =CONCATENATE("3 Secundário 1º ciclo ►(",TEXT(AE3,"0,16"),")") -> 3 Secundário 1º ciclo ►(2,16) | AE13: 1. 1.º ano | AG13: 2 Satisfeito | AH13: A | AI13: B | AJ13: C | AK13: D | AL13: E | AM13: F | AN13: G | AO13: H | AP13: I | AQ13: 9 AUTRES | AR13: 5 A Comunidade | BC13: =CONCATENATE("2 Ensino Basico ►(",TEXT(BE3,"0,31"),")") -> 2 Ensino Basico ►(2,31) | BD13: 5 Direito e ciências jurídicas | BE13: 3. 3.º ano | BF13: Colocar 9998 se NS (não sabe) | BG13: 04 ES (Ensino Secundário 2º ciclo)
K14: 07 É rapariga | O14: 2 Não ► Secção 3 | P14: 02 Formação profissional | T14: 5 A Comunidade | U14: =CONCATENATE("3 Reprovado, repetição►(",W3,")") -> 3 Reprovado, repetição►(2,12) | V14: 5 Estudos demasiado difíceis | Y14: 09 Gravidez | AC14: 4. Técnico/Profissional 1º ciclo | AE14: 2. 2.º ano | AG14: 3 Pouco satisfeito | AH14: Insuficiência de manuais/materiais | AI14: Insuficiência de mesas, bancos e equipamentos | AJ14: Absentismo dos professores/greve | AK14: Ensino pouco satisfatório | AL14: Excesso de pessoal | AM14: Insuficiência de professores | AN14: Falta de instalações sanitárias | AO14: Frequência das contribuições | AP14: Sala de aula em mau estado | AR14: 6 Outra (especificar) | BB14: ESCREVER ZERO SE A PESSOA NÃO TIVER RECEBIDO BOLSA NEM SUBSÍDIO | BC14: =CONCATENATE("3 Secundário 1º ciclo ►(",TEXT(BE3,"0,31"),")") -> 3 Secundário 1º ciclo ►(2,31) | BD14: 6. Ciências Económicas | BE14: 4. 4.º ano | BG14: 05 ETP (Ensino Técnico)
K15: 8 Propinas elevadas | S15: 1 Sim | T15: 6 Outra (especificar) | U15: =CONCATENATE("4 Reprovado, expulsão►(",W3,")") -> 4 Reprovado, expulsão►(2,12) | V15: 6 Escola demasiado distante | Y15: 10 Propinas elevadas | AC15: =CONCATENATE("5 Ensino Secundário 2º ciclo ►(",TEXT(AE3,"0,16"),")") -> 5 Ensino Secundário 2º ciclo ►(2,16) | AD15: 2 Artes, letras e ciências humanas | AE15: 3. 3.º ano | AG15: 4 Nada satisfeito | AS15: ESCREVER ZERO NO CASO DE UM MONTANTE NULO | AT15: ESCREVER ZERO NO CASO DE UM MONTANTE NULO | AU15: ESCREVER ZERO NO CASO DE UM MONTANTE NULO | AV15: ESCREVER ZERO NO CASO DE UM MONTANTE NULO | AW15: ESCREVER ZERO NO CASO DE UM MONTANTE NULO | AY15: ESCREVER ZERO NO CASO DE UM MONTANTE NULO | AZ15: ESCREVER ZERO NO CASO DE UM MONTANTE NULO | BA15: ESCREVER ZERO NO CASO DE UM MONTANTE NULO | BC15: 4. Técnico/Profissional 1º ciclo | BD15: 7. Outra (à especificar) | BE15: 5. 5.º ano | BG15: 06 EM (Ensino Médio)
I16: =CONCATENATE("1 Sim ►(",Q3,")") -> 1 Sim ►(2,07) | K16: 9 Falta de meios financeiros | P16: 03 Curso de alfabetização | S16: 2 Não | U16: 5 Abandono durante o ano letivo | V16: 7 Falta de meios financeiros | W16: =CONCATENATE("1 Sim ►(",AC3,")") -> 1 Sim ►(2,14) | Y16: 11 Falta de meios financeiros | AC16: =CONCATENATE("6 Técnico profissional 2º ciclo ") -> 6 Técnico profissional 2º ciclo | AD16: 3 Técnicas de administração e gestão | AE16: 4. 4.º ano | BC16: =CONCATENATE("5 Ensino Secundário 2º ciclo ►(",TEXT(BE3,"0,31"),")") -> 5 Ensino Secundário 2º ciclo ►(2,31) | BE16: 6. 6.º ano | BG16: 07 Licenciado
I17: 2 Não | K17: 10 Estudos inadequados | S17: =CONCATENATE("►(",W3,")") -> ►(2,12) | W17: 2 Não | Y17: 12 Estudos inadequados | AC17: =CONCATENATE("7 Ensino Superior ") -> 7 Ensino Superior | AE17: 5. 5.º ano | BC17: =CONCATENATE("6 Técnico profissional 2º ciclo ") -> 6 Técnico profissional 2º ciclo | BE17: 7. 7.º ano | BG17: 08 Mestrado
K18: 11 Estudos pouco úteis | P18: 04 Outros (aulas de línguas, etc.) | V18: 8 Serviço doméstico | Y18: 13 Estudos pouco úteis | AE18: 6. 6.º ano | BC18: =CONCATENATE("7 Ensino Superior ") -> 7 Ensino Superior | BE18: 8. 8º ano | BG18: 09 Doutorado
K19: 12 Doença/enfermidade | V19: 9 Trabalho agrícola, guarda de rebanhos | Y19: 14 Doença/enfermidade | AD19: 4 Técnicas de informáticas e industrial (Engenharia civil, mecânica, eletrónica e informática) | AE19: 7. 7.º ano | BE19: 9. 9º ano
K20: 13 Insegurança | P20: ►►Secção 3 | Y20: 15 Estudos concluídos | AE20: 8. 8º ano | BE20: 10. 10º ano
K21: 14 Outra (especificar) | V21: 10 Violência, insegurança | Y21: 16 Abandono, insucesso escolar | AD21: 5 Direito e ciências jurídicas | AE21: 9. 9º ano
V22: 11 Outra (especificar) | Y22: 17 Outra (especificar) | AE22: 10. 10º ano
Y23: =CONCATENATE("►► ","(",ROUND(BC3, 2),")") -> ►► (2,29) | AD23: 6. Ciências Económicas | BB23: =CONCATENATE("►► (",ROUND(BG3,2),")") -> ►► (2,33)
AD24: 7. Outra (à especificar)
B25: CÓDIGO ID: | G25: Crioulo | I25: CÓDIGO | K25: CÓDIGO | O25: CÓDIGO | P25: CÓDIGO | Q25: ANOS | S25: CÓDIGO | T25: CÓDIGO | U25: CÓDIGO | V25: CÓDIGO | W25: CÓDIGO | Y25: CÓDIGO | AC25: CÓDIGO | AD25: CÓDIGO | AE25: CÓDIGO | AG25: CÓDIGO | AR25: CÓDIGO | AS25: MONTANTE EM FRANCOS CFA | AT25: MONTANTE EM FRANCOS CFA | AU25: MONTANTE EM FRANCOS CFA | AV25: MONTANTE EM FRANCOS CFA | AW25: MONTANTE EM FRANCOS CFA | AY25: MONTANTE EM FRANCOS CFA | AZ25: MONTANTE EM FRANCOS CFA | BA25: MONTANTE EM FRANCOS CFA | BB25: MONTANTE EM FRANCOS CFA | BC25: CÓDIGO | BD25: CÓDIGO | BE25: CÓDIGO | BF25: ANO | BG25: CÓDIGO
A26: 1 | R26: 1 | AF26: 1 | AX26: 1
A27: 2 | R27: 2 | AF27: 2 | AX27: 2
A28: 3 | R28: 3 | AF28: 3 | AX28: 3
A29: 4 | R29: 4 | AF29: 4 | AX29: 4
A30: 5 | R30: 5 | AF30: 5 | AX30: 5
A31: 6 | R31: 6 | AF31: 6 | AX31: 6
A32: 7 | R32: 7 | AF32: 7 | AX32: 7
A33: 8 | R33: 8 | AF33: 8 | AX33: 8
A34: 9 | R34: 9 | AF34: 9 | AX34: 9
A35: 10 | R35: 10 | AF35: 10 | AX35: 10
A36: 11 | R36: 11 | AF36: 11 | AX36: 11
A37: 12 | R37: 12 | AF37: 12 | AX37: 12
... A40: 15 | R40: 15 | AF40: 15 | AX40: 15

Sheet S03_Sante
A1: SECÇÃO 3: SAÚDE GERAL | P1: SECÇÃO 3: SAÚDE GERAL | AI1: SECÇÃO 3: SAÚDE GERAL | BA1: SECÇÃO 3: SAÚDE GERAL
A4: CÓDIGO ID: | B4: 3 | C4: =B4+0.01 -> 3.01 | D4: =C4+0.01 -> 3.02 | F4: =D4+0.01 -> 3.03 | G4: =F4+0.01 -> 3.04 | I4: =G4+0.01 -> 3.05 | J4: =I4+0.01 -> 3.06 | L4: =J4+0.01 -> 3.07 | N4: =L4+0.01 -> 3.08 | O4: =N4+0.01 -> 3.09 | P4: CÓDIGO ID: | Q4: =O4+0.01 -> 3.1 | Z4: =Q4+0.01 -> 3.11 | AB4: =Z4+0.01 -> 3.12 | AC4: =AB4+0.01 -> 3.13 | AD4: =AC4+0.01 -> 3.14 | AE4: =AD4+0.01 -> 3.15 | AF4: =AE4+0.01 -> 3.16 | AG4: =AF4+0.01 -> 3.17 | AH4: =AG4+0.01 -> 3.18 | AI4: CÓDIGO ID: | AJ4: =AH4+0.01 -> 3.19 | AK4: =AJ4+0.01 -> 3.2 | AL4: =AK4+0.01 -> 3.21 | AM4: =AL4+0.01 -> 3.22 | AN4: =AM4+0.01 -> 3.23 | AO4: =AN4+0.01 -> 3.24 | AP4: =AO4+0.01 -> 3.25 | AQ4: =AP4+0.01 -> 3.26 | AR4: =AQ4+0.01 -> 3.27 | ... AZ4: =AY4+0.01 -> 3.35 | BA4: CÓDIGO ID: | BB4: =AZ4+0.01 -> 3.36 | BC4: =BB4+0.01 -> 3.37 | BD4: =BC4+0.01 -> 3.38 | BE4: =BD4+0.01 -> 3.39 | BF4: =BE4+0.01 -> 3.4 | BG4: =BF4+0.01 -> 3.41 | BH4: =BG4+0.01 -> 3.42 | BI4: =BH4+0.01 -> 3.43 | BJ4: =BI4+0.01 -> 3.44 | ... BL4: =BK4+0.01 -> 3.46
B5: CÓDIGO ID do respondente | C5: [NOME] teve um problema de saúde, doença ou acidente durante os últimos 30 dias que não resultou em hospitalização? | D5: Qual foi o principal problema de saúde que [NOME] teve? | F5: O problema de saúde impediu [NOME] de exercer as suas atividades quotidianas normais? | G5: Durante quanto tempo a doença de [NOME] impediu o exercício das suas atividades quotidianas normais? | I5: [NOME] foi examinado numa unidade de saúde (incluindo uma farmácia) ou por um curandeiro tradicional nos últimos 30 dias relativamente a esse problema de saúde? | J5: Qual a razão principal para [NOME] não ter sido examinado? | L5: Onde foi [NOME] examinado pela primeira vez por causa deste episódio de doença? | N5: Quem consultou [NOME] pela primeira vez por causa deste episódio de doença? | O5: [NOME] ficou satisfeito com o serviço recebido nesta primeira consulta? | Q5: [NOME] teve problemas após a sua consulta? | Z5: Qual é a distância entre o domicílio de [NOME] e a localidade desta primeira consulta? | AB5: [NOME] consultou-se num serviço de saúde ou num curandeiro, inclusive para uma consulta pré-natal, durante os últimos 3 meses sem hospitalização/internamento? | AC5: Qual foi o montante das despesas de consulta num médico de clínica geral, excetuando hospitalização, de [NOME] nos últimos 3 meses? | AD5: Qual foi o montante das despesas de consulta num médico especialista, excetuando hospitalização, de [NOME] nos últimos 3 meses? | AE5: Qual foi o montante das despesas de consulta num dentista de [NOME] nos últimos 3 meses? | AF5: Qual foi o montante das despesas de consulta num curandeiro tradicional de [NOME] nos últimos 3 meses? | AG5: Qual foi o montante das despesas com exames médicos e cuidados de saúde de [NOME], excetuando hospitalização, nos últimos 3 meses? | AH5: Qual foi o montante das despesas com medicamentos, excetuando hospitalização (incluindo medicamentos tradicionais) de [NOME] nos últimos 3 meses? | AJ5: [NOME] teve um problema de saúde nos últimos 12 meses que resultou a pelo menos numa hospitalização? | AK5: Quantas vezes [NOME] foi hospitalizado nos últimos 12 meses? | AL5: Qual foi o último problema de saúde para o qual [NOME] foi hospitalizado nos últimos 12 meses? | AM5: Para o último problema de saúde que exigiu hospitalização nos últimos 12 meses, quantos dias [NOME] permaneceu no hospital? Para o último problema de saúde que exigiu hospitalização nos últimos 12 meses, quantos dias [NAME] permaneceu no hospital? | AN5: Onde foi [NOME] hospitalizado por este último problema de saúde? | AO5: Qual foi o montante de despesas de hospitalização para este último problema de saúde? | AP5: [NOME] incorreu em despesas com dispositivos médicos terapêuticos, como muletas, cadeira de rodas, prótese dentária, óculos graduados, etc. nos últimos 12 meses? | AQ5: Qual foi o montante das despesas com lentes de correção e armação de óculos nos últimos 12 meses? | AR5: Qual foi o montante despendido nos últimos 12 meses com muletas, cadeiras de rodas ou veículo para inválidos com ou sem motor, próteses dentárias, próteses auditivas ou outros dispositivos terapêuticos e ortopédicos? | AS5: [NOME] incorreu em despesas de vacinação, circuncisão, controlo geral de saúde (check-up) nos últimos 12 meses? | AT5: Qual foi o montante das despesas de vacinação? | AU5: Qual foi o montante das despesas de circuncisão? | AV5: Qual foi o montante das despesas do controlo geral de saúde (check-up)? | AW5: [NOME] está coberto por algum seguro médico? | AX5: Qual é a taxa de reembolso? | AY5: Quem patrocina/financia o seguro médico de [NOME]? | AZ5: Qual é a forma de reembolso? | BB5: [NOME] beneficia de algum encargo particular (Mutualismo e consulta gratuita)? | BC5: De que encargo de saúde se trata? | BD5: [NOME] dorme habitualmente debaixo de um mosquiteiro? | BE5: [NOME] dormiu de baixo de um mosquiteiro na noite passada? Se Sim este mosquiteiro é impregnado ou simples | BF5: À exceção do mosquiteiro, qual é o meio principall que [NOME] utiliza para se proteger contra as picadas dos mosquitos? | BG5: [NOME] tem dificuldades de visão mesmo com óculos? | BH5: [NOME] tem dificuldades de audição mesmo com um aparelho auditivo? | BI5: [NOME] tem dificuldade em andar ou subir escadas? | BJ5: [NOME] tem dificuldades de memória ou concentração? | BK5: [NOME] tem dificuldade em executar tarefas como lavar-se ou vestir-se? | BL5: [NOME] tem dificuldade em comunicar ou fazer-se entender na sua língua habitual?
Q8: Inscrever 1 para SIM e 2 para NÃO
M9: Público
D10: 1 Febre/malária | J10: 1 | K10: Não foi necessário | L10: 1 | M10: Hospital nacional
D11: 2 Diarreia | J11: 2 | K11: Demasiado caro | L11: 2 | M11: Hospital regional (incluíndo hospital de policia, militar) | N11: 1 Médico especialista | Q11: A | R11: B | S11: C | T11: D | U11: E | V11: F | W11: G | X11: H | Y11: I
D12: 3 Acidente/ferimento | J12: 3 | K12: Demasiado distante | L12: 3 | M12: Centro de saúde urbano | N12: 2 Médico de clínica geral | Q12: ESTABELECIMENTO EM MÁS CONDIÇÕES DE HIGIENE | R12: LONGA ESPERA | S12: PESSOAL NÃO QUALIFICADO | T12: DEMASIADO CARO | U12: FALTA DE MEDICAMENTO | V12: TRATAMENTO INEFICAZ | W12: ACOLHIMENTO DEFICIENTE | X12: AUSÊNCIA DO PESSOAL | Y12: OUTRO | Z12: 1. Menos de 1 km | AY12: 1 Privado (individual) | AZ12: 1 Adiantamento de despesas | BF12: 1 Inseticidas
D13: 4 Problema dentário | G13: 1 | H13: Menos de uma semana | J13: 4 | K13: Automedicação | L13: 4 | M13: Centro de saúde rural | N13: 3 Dentista | O13: 1 Muito satisfeito | Z13: 2. Entre 1 e 2 km | AL13: 1 Febre/malária | AN13: Publico | AY13: 2 Estado/ programa | BF13: 2.Cremes inseticidas
AL14: 2 Diarreia | AN14: 1 Hospital nacional
AL15: 3 Acidente/ferimento | AN15: 2 Hospital regional (incluíndo hospital de policia, militar)
AL16: 4 Problema dentário | AN16: 3 Centro de saúde urbano
AL17: 5 Problema de pele | AN17: 4 Centro de saúde rural
AL18: 6 Doença dos olhos | AN18: 5 Unidade de sanitária rural
AL19: 7 Problema de tensão | AN19: 6 Outro Serviço de saúde publico
AL20: 8 Febre tifoide | AN20: Privado
AL21: 9 Problema gástrico | AN21: 7 Hospital/clínica privada
AL22: 10 Dores de garganta | AN22: 8 Consultório médico/dentário/oftamologia
AL23: 11 Tosse, constipação, gripe | AN23: 9 Sala de tratamento
D24: 5 Problema de pele | J24: 5 | K24: Falta de confiança | L24: 5 | M24: Unidade de sanitária rural | N24: 4 Enfermeiro(a) | O24: 2 Satisfeito | Z24: 3. Entre 2 e 5 km | AL24: 12 Diabetes | AN24: 10 Clinica da empresa, outra privada ou ONG | AO24: Em caso de hospitalização gratuita, inscrever 00 | AW24: 1 Sim | AY24: 3 Estado é a entidade patronal | AZ24: 2 Terceiro pagador | BC24: 1. Mutualismo de saúde | BD24: 1 Sim | BF24: 3. Espirais inseticidas | BG24: 1 Não, nenhuma dificuldade | BH24: 1 Não, nenhuma dificuldade | BI24: 1 Não, nenhuma dificuldade | BJ24: 1 Não, nenhuma dificuldade | BK24: 1 Não, nenhuma dificuldade | BL24: 1 Não, nenhuma dificuldade
D25: 6 Doença dos olhos | G25: 2 | H25: Entre uma e duas semanas | J25: 6 | K25: Receio do resultado | L25: 6 | M25: Outro Serviço de saúde | N25: 5 Parteira | O25: 3 Pouco satisfeito | Z25: 4. Entre 5 e 15 km | AC25: Em caso de consulta gratuita, inscrever 00 | AD25: Em caso de consulta gratuita, inscrever 00 | AE25: Em caso de consulta gratuita, inscrever 00 | AF25: Em caso de consulta gratuita, inscrever 00 | AG25: Em caso de exames gratuitos, inscrever 00 | AH25: Em caso de medicamentos recebidos gratuitamente, inscrever 00 | AL25: 13 Meningite | AN25: 11 No curandeiro | AQ25: Em caso de dispositivos recebidos gratuitamente, inscrever 00 | AT25: Em caso de vacinação gratuita, Escrever 00 | AU25: Em caso de circuncisão gratuita, Escrever 00 | AV25: Em caso de check-up gratuito, Escrever 00 | AW25: =CONCATENATE("2 Não ►(",ROUND(BB4,2),")") -> 2 Não ►(3,36) | AY25: 4 Entidade patronal | BB25: 1 Sim | BC25: 2. Programa de consulta gratuito de crianças (05 anos) | BD25: 2 Não | BF25: 4. Redes nas janelas
D26: 7 Problema de tensão | F26: 1 Sim | J26: 7 | K26: Recusa | N26: 6 Enfermeiro/a auxiliar | O26: 4 Nada satisfeito | Z26: 5. 15 km ou mais | AL26: 14 Outro | AY26: 5 Outro (especificar) | AZ26: 3 Ambos | BB26: =CONCATENATE("2 Não ►(",TEXT(BD4,"0,00"),")") -> 2 Não ►(3,38) | BC26: 3 Programa de mulheres grávidas | BF26: 5 Outro (especificar) | BG26: 2 Sim, alguma dificuldade | BH26: 2 Sim, alguma dificuldade | BI26: 2 Sim, alguma dificuldade | BJ26: 2 Sim, alguma dificuldade | BK26: 2 Sim, alguma dificuldade | BL26: 2 Sim, alguma dificuldade
C27: 1 Sim | D27: 8 Febre tifoide | F27: 2 Não ►(3.05) | G27: 3 | H27: Mais de duas semanas | J27: 8 | K27: Falta de dinheiro | M27: Privado | N27: 7 Farmacêutico | BC27: 4. Programa gratuito de idosos | BF27: 6 Nada
C28: =CONCATENATE("2 Não ►(",AB4,")") -> 2 Não ►(3,12) | D28: 9 Problema gástrico | J28: 9 | K28: Outro (especificar) | L28: 7 | M28: Hospital/clínica privada | N28: 8 Madrona | AO28: Se NA escrever 9999 | AR28: Em caso de dispositivos recebidos gratuitamente, inscrever 00 | AS28: 1 Sim | BC28: 5. Seguro de saúde privado | BE28: 1 Mosquiteiro impregnado | BG28: 3 Sim, muita dificuldade | BH28: 3 Sim, muita dificuldade | BI28: 3 Sim, muita dificuldade | BJ28: 3 Sim, muita dificuldade | BK28: 3 Sim, muita dificuldade | BL28: 3 Sim, muita dificuldade
D29: 10 Dores de garganta | I29: 1 Sim►(3.07) | L29: 8 | M29: 4 Consultório médico/dentário/oftamologia | N29: 9 Agente tecnico de Saúde | AC29: Se NA escrever 9999 | AD29: Se NA escrever 9999 | AE29: Se NA escrever 9999 | AF29: Se NA escrever 9999 | AG29: Se NA escrever 9999 | AH29: Se NA escrever 9999 | AQ29: Se NA escrever 9999 | AS29: =CONCATENATE("2 Não ►(",ROUND(AW4,2),")") -> 2 Não ►(3,32) | BE29: 2 Mosquiteiro simples
D30: 11 Tosse, constipação, gripe | I30: 2 Não | L30: 9 | M30: Sala de tratamento | N30: 10 Outro pessoal de saúde | AJ30: 1 Sim | AP30: 1 Sim | BE30: 3. Não | BG30: 4 É totalmente incapaz | BH30: 4 É totalmente incapaz | BI30: 4 É totalmente incapaz | BJ30: 4 É totalmente incapaz | BK30: 4 É totalmente incapaz | BL30: 4 É totalmente incapaz
D31: 12 Diabetes | L31: 10 | M31: Farmácia | N31: 11 Curandeiro/Marabo | AA31: =CONCATENATE("►► (",AC4,")") -> ►► (3,13) | AB31: 1 Sim | AJ31: =CONCATENATE("2 Não ►(",ROUND(AP4,2),")") -> 2 Não ►(3,25) | AP31: =CONCATENATE("2 Não ►(",ROUND(AS4,2),")") -> 2 Não ►(3,28) | AR31: Se NA escrever 9999 | AT31: Se NA escrever 9999 | AU31: Se NA escrever 9999 | AV31: Se NA escrever 9999
D32: 13 Meningite | L32: 11 | M32: Clinida da empresa, outra privada ou ONG | AB32: =CONCATENATE("2 Não ►(",#REF!,")") -> #REF!
D33: 14 Outro (especificar) | J33: =CONCATENATE("►► (",AB4,")") -> ►► (3,12) | L33: 12 | M33: No curandeiro | AB33: =CONCATENATE("2 Não ►(",ROUND(AJ4,2),")") -> 2 Não ►(3,19) | BG33: 5 Não abrangido (menos de 5 anos) | BH33: 5 Não abrangido (menos de 5 anos) | BI33: 5 Não abrangido (menos de 5 anos) | BJ33: 5 Não abrangido (menos de 5 anos) | BK33: 5 Não abrangido (menos de 5 anos) | BL33: 5 Não abrangido (menos de 5 anos)
AC34: MONTANTE EM FRANCOS CFA | AD34: MONTANTE EM FRANCOS CFA | AE34: MONTANTE EM FRANCOS CFA | AF34: MONTANTE EM FRANCOS CFA | AG34: MONTANTE EM FRANCOS CFA | AH34: MONTANTE EM FRANCOS CFA | AK34: NUMERO | AM34: NUMERO | AO34: MONTANTE EM FRANCOS CFA | AQ34: MONTANTE EM FRANCOS CFA | AR34: MONTANTE EM FRANCOS CFA | AT34: MONTANTE EM FRANCOS CFA | AU34: MONTANTE EM FRANCOS CFA | AV34: MONTANTE EM FRANCOS CFA | AX34: PERCENTAGEM
C35: CÓDIGO | D35: CÓDIGO | F35: CÓDIGO | G35: CÓDIGO | I35: CÓDIGO | J35: CÓDIGO | L35: CÓDIGO | N35: CÓDIGO | O35: CÓDIGO | Z35: CÓDIGO | AB35: CÓDIGO | AJ35: CÓDIGO | AL35: CÓDIGO | AN35: CÓDIGO | AP35: CÓDIGO | AS35: CÓDIGO | AW35: CÓDIGO | AY35: CÓDIGO | AZ35: CÓDIGO | BB35: CÓDIGO | BC35: CÓDIGO | BD35: CÓDIGO | BE35: CÓDIGO | BF35: CÓDIGO | BG35: CÓDIGO | BH35: CÓDIGO | BI35: CÓDIGO | BJ35: CÓDIGO | BK35: CÓDIGO | BL35: CÓDIGO
A36: 01 | P36: 01 | AI36: 01 | BA36: 01
A37: 02 | P37: 02 | AI37: 02 | BA37: 02
A38: 3 | P38: 3 | AI38: 3 | BA38: 3
A39: 4 | P39: 4 | AI39: 4 | BA39: 4
A40: 5 | P40: 5 | AI40: 5 | BA40: 5
A41: 6 | P41: 6 | AI41: 6 | BA41: 6
A42: 7 | P42: 7 | AI42: 7 | BA42: 7
A43: 8 | P43: 8 | AI43: 8 | BA43: 8
A44: 9 | P44: 9 | AI44: 9 | BA44: 9
A45: 10 | P45: 10 | AI45: 10 | BA45: 10
A46: 11 | P46: 11 | AI46: 11 | BA46: 11
A47: 12 | P47: 12 | AI47: 12 | BA47: 12
A48: 13 | P48: 13 | AI48: 13 | BA48: 13
A49: 14 | P49: 14 | AI49: 14 | BA49: 14
A50: 15 | P50: 15 | AI50: 15 | BA50: 15

Sheet S04_Emploi_A
A1: SECÇÃO 4: EMPREGO | M1: SECÇÃO 4: EMPREGO | V1: SECÇÃO 4: EMPREGO
A2: PARTE A: SITUAÇÃO RELACIONADA COM A ATIVIDADE (INDIVÍDUOS COM IDADE IGUAL OU SUPERIOR A 5 ANOS) | M2: PARTE A: SITUAÇÃO RELACIONADA COM A ATIVIDADE (INDIVÍDUOS COM IDADE IGUAL OU SUPERIOR A 5 ANOS) | V2: PARTE A: SITUAÇÃO RELACIONADA COM A ATIVIDADE (INDIVÍDUOS COM IDADE IGUAL OU SUPERIOR A 5 ANOS)
A4: CÓDIGO ID: | B4: 4 | C4: =B4+0.01 -> 4.01 | D4: =C4+0.01 -> 4.02 | E4: =D4+0.01 -> 4.03 | F4: =E4+0.01 -> 4.04 | G4: =F4+0.01 -> 4.05 | H4: =G4+0.01 -> 4.06 | I4: =H4+0.01 -> 4.07 | J4: =I4+0.01 -> 4.08 | ... L4: =K4+0.01 -> 4.1 | M4: CÓDIGO ID: | N4: =L4+0.01 -> 4.11 | O4: =N4+0.01 -> 4.12 | P4: =O4+0.01 -> 4.13 | Q4: =P4+0.01 -> 4.14 | R4: =Q4+0.01 -> 4.15 | S4: =R4+0.01 -> 4.16 | T4: =S4+0.01 -> 4.17 | U4: =T4+0.01 -> 4.18 | V4: CÓDIGO ID: | W4: 4.19 | X4: =W4+0.01 -> 4.2 | Y4: =X4+0.01 -> 4.21 | Z4: =Y4+0.01 -> 4.22 | AA4: =Z4+0.01 -> 4.23 | AB4: =AA4+0.01 -> 4.24 | AI4: =AB4+0.01 -> 4.25 | AJ4: =AI4+0.01 -> 4.26 | AK4: =AJ4+0.01 -> 4.27 | AL4: =AK4+0.01 -> 4.28
B5: Código ID do respondente | C5: Nos últimos 7 dias, quantas horas [NOME] dedicou a fazer compras no mercado? | D5: Nos últimos 7 dias, quantas horas [NOME] dedicou a tarefas domésticas? | E5: Nos últimos 7 dias, quantas horas [NOME] dedicou a cuidar de crianças ou de idosos? | F5: Nos últimos 7 dias, quantas horas [NOME] dedicou a ir buscar água? | G5: Nos últimos 7 dias, quantas horas [NOME] dedicou a ir buscar lenha? | H5: Nos últimos 7 dias, [NOME] trabalhou pelo menos uma hora num campo ou jardim de sua propriedade ou [NOME] criou animais, praticou pesca ou caça por conta própria? | I5: Nos últimos 7 dias, [NOME] trabalhou pelo menos uma hora, com remuneração (em natureza/produto ou em dinheiro), numa loja, numa atividade de transformação ou num serviço comercial por conta própria ou por conta de outro membro do agregado familiar? Por exemplo, como artesão, comerciante ou advogado, médico ou outra atividade independente? | J5: Nos últimos 7 dias, [NOME] trabalhou pelo menos uma hora numa empresa, para o Estado, para um patrão ou para qualquer outra pessoa que não seja membro do seu agregado familiar? (mesmo a tempo parcial ou ocasionalmente) | K5: Nos últimos 7 dias, [NOME] trabalhou pelo menos uma hora como aprendiz ou estagiário com remuneração (em Natureza/produto ou em dinheiro? | L5: Entre as respostas às perguntas 4.06, 4.07, 4.08, 4.09, alguma foi afirmativa (CÓDIGO 1)? | N5: Mesmo que [NOME] não tenha trabalhado nos últimos 7 dias, exerce alguma ocupação que devesse ter exercido nesses últimos 7 dias? | O5: Por que razão [NOME] não trabalhou nos últimos 7 dias? | P5: Declarou não ter exercido qualquer atividade nos últimos 7 dias, mas trabalhou num campo ou jardim por conta de outro membro do agregado familiar sem remuneração? | Q5: Declarou não ter exercido qualquer atividade nos últimos 7 dias, mas trabalhou numa loja, numa atividade de transformação ou num serviço por conta de outro membro do agregado familiar sem remuneração? | R5: [NOME] procurou um emprego remunerado nos últimos 30 dias? | S5: Como faz [NOME] para prover principalmente às suas necessidades? | T5: [NOME] procurou um emprego remunerado nos últimos 30 dias? | U5: Qual a razão principal para [NOME] não ter procurado trabalho nos últimos 30 dias? | X5: Quando estará [NOME] disponível para trabalhar? | Y5: Há quantos meses [NOME] está desempregado? | Z5: Há quantos meses anda à procura de emprego? | AA5: Por que razão [NOME] procura trabalho? | AB5: Através de que canais [NOME] procura trabalho? | AI5: Que tipo de emprego procura [NOME]? | AJ5: A que montante minimo mensal NOME está disposto a trabalhar | AK5: =CONCATENATE("Mesmo que [NOME] não tenha trabalhado nos últimos 7 dias, entre as atividades enumeradas nas perguntas ",ROUND(H4,2),", ",ROUND(I4,2),", ",ROUND(J4,2), " e ", ROUND(P4,2)," existe alguma que [NOME] tenha exercido nos últimos 12 meses?",) -> Mesmo que [NOME] não tenha trabalhado nos últimos 7 dias, entre as atividades enumeradas nas perguntas 4,06, 4,07, 4,08 e 4,13 existe alguma que [NOME] tenha exercido nos últimos 12 meses? | AL5: Que emprego exerceu [NOME] a título principal e a título secundário nos últimos 12 meses?
W6: Mesmo assim (NOME) está disponível para trabalhar imediatamente?
S8: 1 Recebe uma pensão
S9: 2 Recebe alugueres/rendas | U9: 1 Demasiado jovem | X9: 1 Imediatamente
O10: 1 Licença, férias | S10: 3 Recebe uma bolsa/transferência | U10: 2 Estudante/aluno | X10: 2 Dentro de 15 dias | AB10: Escrever 1 para SIM e 2 para NÃO | AL10: 1 Agricultura, pecuária, caça, pesca por conta própria ou do agregado familiar
O11: 2 Licença de maternidade | S11: 4 Vive das poupanças | U11: 3 Demasiado idoso | X11: 3 Entre 15 dias e um mês | AB11: nas casas correspondentes | AI11: 1 Assalariado público
O12: 3 Paragem temporária por sua própria conta | S12: 5 Vive do produto das suas colheitas | U12: 4 Reformado | AA12: 1 Perda do emprego anterior | AI12: 2 Assalariado privado
S13: 6 Vive de transferências de alimentos gratuitos | U13: 5 Dona de casa | X13: 3 Mais de um mês | AB13: Relações pessoais, pais | AC13: Concurso, junto dos empregadores | AD13: Petites annonces par Radio, TV, Journal, Internet | AE13: Agência Nacional de Promoção de Emprego | AF13: Agência de emprego | AG13: Iniciativa pessoal (criar o seu próprio negócio) | AH13: Outro | AI13: =CONCATENATE("3 Explorador agrícola ► (",ROUND(AK4,2),")") -> 3 Explorador agrícola ► (4,27) | AL13: 2 Empresa em nome individual não agrícola por conta própria
O14: 4 Baixa por doença | S14: 7 Está a cargo da família | U14: 6 Doença/deficiência | AA14: 2 Procura o primeiro emprego
O15: 5 Em greve | S15: 8 Mendiga | U15: =CONCATENATE("7 Não quer trabalhar ►(",ROUND(AK4,2),")") -> 7 Não quer trabalhar ►(4,27) | W15: =CONCATENATE("1 Sim") -> 1 Sim | Y15: Se for Menos de um mês, Escrever 0 | Z15: Se for Menos de um mês, Escrever 0 | AI15: =CONCATENATE("4 Independente não-agrícola► (", ROUND(AK4,2),")") -> 4 Independente não-agrícola► (4,27) | AL15: 3 Assalariado público ou privado
O16: 6 Suspensão temporária | S16: 9 Outro (especificar) | U16: 8 Aguarda o arranque da sua própria empresa | W16: =CONCATENATE("2 Não ►(",ROUND(AK4,2),")") -> 2 Não ►(4,27)
O17: 7 Em formação ou em estágio | U17: 9 Aguarda resposta a uma candidatura a emprego | AI17: 5 Indiferente | AL17: 4 Trabalho ocasional ou a tempo parcial
O18: 8 Outro (especificar) | R18: 1 Sim | U18: 10 Falta de emprego
R19: 2 Não | U19: 11 Não sabe como procurar | AL19: 5 Aprendiz
R20: =CONCATENATE("►►(",ROUND(S04_Emploi_B!B4,2),"), PARTE B") -> ►►(4,29), PARTE B | U20: 12 Desemprego sazonal | AK20: 1 Sim
T21: =CONCATENATE("1 Sim ►(",X4,")") -> 1 Sim ►(4,2) | U21: 13 Outro (especificar) | AK21: 2 Não ► Secção 5 | AL21: (Atenção: Os dois empregos podem ter o mesmo código, por exemplo, dois empregos assalariados)
H22: 1 Sim | I22: 1 Sim | J22: 1 Sim | K22: 1 Sim | L22: =CONCATENATE("1 Sim ►(",ROUND(S04_Emploi_B!B4,2),") PARTE B") -> 1 Sim ►(4,29) PARTE B | N22: 1 Sim | O22: =CONCATENATE("►►(",ROUND(S04_Emploi_B!B4,2),"), PARTE B") -> ►►(4,29), PARTE B | P22: =CONCATENATE("1 Sim ►(",R4,")") -> 1 Sim ►(4,15) | Q22: 1 Sim | T22: 2 Não
H23: 2 Não | I23: 2 Não | J23: 2 Não | K23: 2 Não | L23: 2 Não | N23: =CONCATENATE("2 Não ►(",P4,")") -> 2 Não ►(4,13) | P23: 2 Não | Q23: =CONCATENATE("2 Não ►(",S4,")") -> 2 Não ►(4,16) | U23: =CONCATENATE("► ► (",ROUND(AK4,2),")") -> ► ► (4,27)
AJ24: MONTANTE EM FRANCOS CFA | AL24: =CONCATENATE("►►(",ROUND(S04_Emploi_B!B4,2),")", " PARTE B") -> ►►(4,29) PARTE B
C25: HORAS | D25: HORAS | E25: HORAS | F25: HORAS | G25: HORAS | H25: CÓDIGO | I25: CÓDIGO | J25: CÓDIGO | K25: CÓDIGO | L25: CÓDIGO | N25: CÓDIGO | O25: CÓDIGO | P25: CÓDIGO | Q25: CÓDIGO | R25: CÓDIGO | S25: CÓDIGO | T25: CÓDIGO | U25: CÓDIGO | X25: CÓDIGO | Y25: MÊS | Z25: MÊS | AA25: CÓDIGO | AI25: CÓDIGO | AK25: CÓDIGO | AL25: PRINCIPAL | AM25: SECUNDÁRIO
A26: 01 | M26: 01 | V26: 01
A27: 02 | M27: 02 | V27: 02
A28: 3 | M28: 3 | V28: 3
A29: 4 | M29: 4 | V29: 4
A30: 5 | M30: 5 | V30: 5
A31: 6 | M31: 6 | V31: 6
A32: 7 | M32: 7 | V32: 7
A33: 8 | M33: 8 | V33: 8
A34: 9 | M34: 9 | V34: 9
A35: 10 | M35: 10 | V35: 10
A36: 11 | M36: 11 | V36: 11
A37: 12 | M37: 12 | V37: 12
A38: 13 | M38: 13 | V38: 13
A39: 14 | M39: 14 | V39: 14
A40: 15 | M40: 15 | V40: 15

Sheet S04_Emploi_B
A1: SECÇÃO 4: EMPREGO | M1: SECÇÃO 4: EMPREGO | AC1: SECÇÃO 4: EMPREGO
A2: PARTE B: B EMPREGO PRINCIPAL DURANTE OS ÚLTIMOS 12 MESES (INDIVÍDUOS COM IDADE IGUAL OU SUPERIOR A 6 ANOS) | M2: PARTE B: B EMPREGO PRINCIPAL DURANTE OS ÚLTIMOS 12 MESES (INDIVÍDUOS COM IDADE IGUAL OU SUPERIOR A 6 ANOS) | AC2: PARTE B: B EMPREGO PRINCIPAL DURANTE OS ÚLTIMOS 12 MESES (INDIVÍDUOS COM IDADE IGUAL OU SUPERIOR A 6 ANOS)
A4: CÓDIGO ID: | B4: =S04_Emploi_A!AL4+0.01 -> 4.29 | D4: =B4+0.01 -> 4.3 | F4: =D4+0.01 -> 4.31 | G4: =F4+0.01 -> 4.32 | H4: =G4+0.01 -> 4.33 | I4: =H4+0.01 -> 4.34 | J4: =I4+0.01 -> 4.35 | K4: =J4+0.01 -> 4.36 | L4: =K4+0.01 -> 4.37 | M4: CÓDIGO ID: | N4: =L4+0.01 -> 4.38 | O4: =N4+0.01 -> 4.39 | P4: =O4+0.01 -> 4.4 | Q4: =P4+0.01 -> 4.41 | R4: =Q4+0.01 -> 4.42 | S4: =R4+0.01 -> 4.43 | V4: =S4+0.01 -> 4.44 | W4: =V4+0.01 -> 4.45 | AC4: CÓDIGO ID: | AD4: =W4+0.01 -> 4.46 | AE4: =AD4+0.01 -> 4.47 | AK4: =AE4+0.01 -> 4.48 | AM4: =AK4+0.01 -> 4.49 | AP4: =AM4+0.01 -> 4.5
B5: Gostaria de lhe fazer algumas perguntas sobre o emprego principal que ocupou nos últimos 12 meses; trata-se do emprego ao qual dedica habitualmente mais tempo exercido nos últimos 12 meses. Descreva por favor o emprego ou a profissão que [NOME] exerceu nos últimos 12 meses. O que fez no âmbito deste emprego? | D5: Qual é a atividade da empresa em que [NOME] esteve empregado ou que produtos (serviços) fabrica (fornece)? | F5: Qual é o principal empregador de [NOME] neste emprego? | G5: Quantos meses [NOME] exerceu este emprego nos últimos 12 (incluindo férias pagas)? Se menos de 1 mês, escrever 0 | H5: [NOME] beneficia de férias pagas? | I5: Quantos dias de férias anuais [NOME] gozou nos últimos 12 meses? | J5: [NOME] beneficia de baixa por doença? | K5: Quantos dias por mês [NOME] dedica habitualmente a este emprego? | L5: Quantas horas por dia [NOME] dedica habitualmente a este emprego? | N5: [NOME] contribui para o INSS (Instituto Nacional de Segurança Social) ou para o Fundo Nacional de Reformas no âmbito deste emprego? | O5: Qual é a categoria socioprofissional de [NOME] neste emprego? | P5: [NOME] beneficia de licença de maternidade/paternidade? | Q5: Qual é o número de dias de licença de maternidade/paternidade regulamentar? | R5: [NOME] tem um recibo de ordenado? | S5: Qual foi o salário de [NOME] neste emprego (para o período de tempo considerado)? | V5: [NOME] beneficia de prémio no âmbito deste emprego? | W5: Em quanto avalia os prémios (apenas aqueles que não estão incluídos no salário)? | AD5: [NOME] beneficia de outras regalias (subsídio de transporte, subsídio de alojamento, etc. que não alimentação) não incluídas no salário no âmbito deste emprego? | AE5: Em quanto avalia as regalias (apenas aquelas que não estão incluídas no salário)? | AK5: Recebe alimentação no âmbito deste emprego? | AM5: Em quanto avalia esta alimentação? | AP5: Além do emprego principal que acaba de ser descrito, [NOME] exerceu algum emprego secundário nos últimos 12 meses?
AM8: SE NS, INSCREVER 99998
X9: SE NS, ESCREVER 9999 | AF9: SE NS, ESCREVER 9999
O10: Assalariado | AM10: CÓDIGO DA UNIDADE DE TEMPO
O11: 1 Quadro superior | T11: UNIDADE DE TEMPO | AM11: 1 | AN11: SEMANA
F12: =CONCATENATE("1 Estado/associações locais") -> 1 Estado/associações locais | O12: 2 Quadro médio/supervisor | S12: 1 | T12: SEMANA | AM12: 2 | AN12: MÊS
F13: =CONCATENATE("2 Empresa pública/parapública") -> 2 Empresa pública/parapública | O13: 3 Operário ou trabalhador qualificado | S13: 2 | T13: MÊS | AM13: 3 | AN13: TRIMESTRE
O14: 4 Operário ou trabalhador não qualificado | R14: 1 Sim | S14: 3 | T14: TRIMESTRE | AK14: 1 Sim | AM14: 4 | AN14: ANO
F15: 3 Empresa privada | O15: 5 Servente, serviço doméstico | R15: 2 Não | S15: 4 | T15: ANO | X15: CÓDIGO DA UNIDADE DE TEMPO | AF15: CÓDIGO DA UNIDADE DE TEMPO | AK15: =CONCATENATE("2 Não ►(",ROUND(AP4,2),")") -> 2 Não ►(4,5)
F16: 4 Empresa associativa | H16: 1 Sim | J16: 1 Sim | N16: 1 Sim | O16: 6 Estagiário ou aprendiz remunerado | P16: 1 Sim | X16: 1 | Y16: SEMANA | AF16: 1 | AG16: SEMANA
B17: (Escrever na coluna da esquerda o descritivo do emprego ou da profissão; na coluna da direita, inscrever o código correspondente depois da entrevista. Os códigos do emprego/profissão encontram-se no anexo do manual do agente entrevistador) | D17: (Escrever na coluna da esquerda o descritivo do ramo de atividade; na coluna da direita, inscrever o código correspondente depois da entrevista. Os códigos dos ramos de atividade encontram-se no anexo do manual do agente entrevistador) | F17: =CONCATENATE("5 Agregado familiar como empregador de pessoal doméstico") -> 5 Agregado familiar como empregador de pessoal doméstico | H17: =CONCATENATE("2 Não ► (",TEXT(J4,"0,00"),")") -> 2 Não ► (4,35) | J17: =CONCATENATE("2 Não ") -> 2 Não | N17: 2 Não | O17: =CONCATENATE("Não assalariado ► (",TEXT(AP4,"0,00"),")") -> Não assalariado ► (4,50) | P17: =CONCATENATE("2 Não ► (",TEXT(R4,"0,00"),")") -> 2 Não ► (4,42) | X17: 2 | Y17: MÊS | AF17: 2 | AG17: MÊS
O18: 7 Estagiário ou aprendiz não remunerado | V18: 1 Sim | X18: 3 | Y18: TRIMESTRE | AF18: 3 | AG18: TRIMESTRE | AP18: 1 Sim
F19: =CONCATENATE("6 Organismo internacional /Embaixada") -> 6 Organismo internacional /Embaixada | O19: 8 Trabalhador familiar, contribuinte na empresa familiar. | V19: =CONCATENATE("2 Não ►( ",ROUND(AD4,2),")") -> 2 Não ►( 4,46) | X19: 4 | Y19: ANO | AF19: 4 | AG19: ANO | AP19: 2 Não ► Secção 5
O20: 9 Trabalhador por conta própria | AD20: 1 Sim
O21: 10 Patrão | AD21: =CONCATENATE("2 Não ►( ",ROUND(AK4,2),")") -> 2 Não ►( 4,48)
U23: UNIDADE DE TEMPO | W23: FRANCOS CFA | Z23: UNIDADE DE TEMPO | AE23: FRANCOS CFA | AH23: UNIDADE DE TEMPO | AM23: FRANCOS CFA | AO23: UNIDADE DE TEMPO
B24: EMPREGO/PROFISSÃO | C24: CÓDIGO | D24: RAMO DE ATIVIDADE | E24: CÓDIGO | F24: CÓDIGO | G24: MÊS | H24: CÓDIGO | I24: DIAS | J24: CÓDIGO | K24: DIAS | L24: HORAS | N24: CÓDIGO | O24: CÓDIGO | P24: CÓDIGO | Q24: DIAS | R24: CÓDIGO | S24: MONTANTE EM FRANCOS CFA | AD24: CÓDIGO | AK24: CÓDIGO | AP24: CÓDIGO
A25: 01 | M25: 01 | AC25: 01
A26: 02 | M26: 02 | AC26: 02
A27: 3 | M27: 3 | AC27: 3
A28: 4 | M28: 4 | AC28: 4
A29: 5 | M29: 5 | AC29: 5
A30: 6 | M30: 6 | AC30: 6
A31: 7 | M31: 7 | AC31: 7
A32: 8 | M32: 8 | AC32: 8
A33: 9 | M33: 9 | AC33: 9
A34: 10 | M34: 10 | AC34: 10
A35: 11 | M35: 11 | AC35: 11
A36: 12 | M36: 12 | AC36: 12
A37: 13 | M37: 13 | AC37: 13
A38: 14 | M38: 14 | AC38: 14
A39: 15 | M39: 15 | AC39: 15

Sheet S04_Emploi_C
A1: SECÇÃO 4: EMPREGO | K1: SECÇÃO 4: EMPREGO
A2: PARTE C: EMPREGO SECUNDÁRIO DURANTE OS ÚLTIMOS 12 MESES (INDIVÍDUOS COM IDADE IGUAL OU SUPERIOR A 5 ANOS) | K2: PARTE C: EMPREGO SECUNDÁRIO DURANTE OS ÚLTIMOS 12 MESES (INDIVÍDUOS COM IDADE IGUAL OU SUPERIOR A 5 ANOS)
A4: CÓDIGO ID: | B4: =S04_Emploi_B!AP4+0.01 -> 4.51 | D4: =B4+0.01 -> 4.52 | F4: =D4+0.01 -> 4.53 | G4: =F4+0.01 -> 4.54 | H4: =G4+0.01 -> 4.55 | I4: =H4+0.01 -> 4.56 | J4: =I4+0.01 -> 4.57 | K4: CÓDIGO ID: | L4: =J4+0.01 -> 4.58 | O4: =L4+0.01 -> 4.59 | P4: =O4+0.01 -> 4.6 | V4: =P4+0.01 -> 4.61 | W4: =V4+0.01 -> 4.62 | AC4: =W4+0.01 -> 4.63 | AE4: =AC4+0.01 -> 4.64
B5: Gostaria de lhe fazer algumas perguntas sobre o emprego secundário que exerceu nos últimos 12 meses. Descreva por favor o emprego ou profissão que [NOME] exerceu nos últimos 12 meses. O que fez no âmbito deste emprego? | D5: Qual é a atividade da empresa em que [NOME] esteve empregado ou que produtos (serviços) fabrica (fornece)? | F5: Qual é o principal empregador de [NOME] neste emprego? | G5: Quantos meses [NOME] exerceu este emprego nos últimos 12 meses? | H5: Quantos dias por mês [NOME] dedica habitualmente a este emprego? | I5: Quantas horas por mês [NOME] dedica habitualmente a este emprego? | J5: Qual é a categoria socioprofissional de [NOME] neste emprego? | L5: Qual foi o salário de [NOME] neste emprego para o período de tempo considerado? | O5: [NOME] beneficia de premios no âmbito deste emprego? | P5: Em quanto avalia os premios (apenas aqueles que não estão incluídos no salário)? | V5: [NOME] beneficia de outras regalias (subsídio de transporte, subsídio de alojamento, etc. que não alimentação) no âmbito deste emprego? | W5: Em quanto avalia as regalias (apenas aquelas que não estão incluídas no salário)? | AC5: Recebe alimentação no âmbito deste emprego? | AE5: Em quanto avalia esta alimentação?
AE8: SE NS, INSCREVER 99998
Q9: SE NS, ESCREVER 9999 | X9: SE NS, ESCREVER 9999
F10: =S04_Emploi_B!F12 -> 1 Estado/associações locais | J10: Assalariado | AE10: CÓDIGO DA UNIDADE DE TEMPO
F11: =S04_Emploi_B!F13 -> 2 Empresa pública/parapública | J11: 1 Quadro superior | M11: UNIDADE DE TEMPO | AE11: 1 | AF11: SEMANA
J12: 2 Quadro médio/supervisor | L12: 1 | M12: SEMANA | AE12: 2 | AF12: MÊS
F13: =S04_Emploi_B!F15 -> 3 Empresa privada | J13: 3 Operário ou trabalhador qualificado | L13: 2 | M13: MÊS | AE13: 3 | AF13: TRIMESTRE
F14: =S04_Emploi_B!F16 -> 4 Empresa associativa | J14: 4 Operário ou trabalhador não qualificado | L14: 3 | M14: TRIMESTRE | AC14: 1 Sim | AE14: 4 | AF14: ANO
F15: =S04_Emploi_B!F17 -> 5 Agregado familiar como empregador de pessoal doméstico | L15: 4 | M15: ANO | Q15: CÓDIGO DA UNIDADE DE TEMPO | X15: CÓDIGO DA UNIDADE DE TEMPO | AC15: =CONCATENATE("2 Não ► Secção 5") -> 2 Não ► Secção 5
B16: (Escrever na coluna da esquerda o descritivo do emprego ou da profissão; na coluna da direita, inscrever o código correspondente depois da entrevista. Os códigos do emprego/profissão encontram-se no anexo do manual do agente entrevistador) | D16: (Escrever na coluna da esquerda o descritivo do ramo de atividade; na coluna da direita, inscrever o código correspondente depois da entrevista. Os códigos dos ramos de atividade encontram-se no anexo do manual do agente entrevistador) | J16: 5 Servente, serviço doméstico | Q16: 1 | R16: SEMANA | X16: 1 | Y16: SEMANA
J17: 6 Estagiário ou aprendiz remunerado | Q17: 2 | R17: MÊS | X17: 2 | Y17: MÊS
F18: =S04_Emploi_B!F19 -> 6 Organismo internacional /Embaixada | J18: Não assalariado ► Secção 5 | O18: 1 Sim | Q18: 3 | R18: TRIMESTRE | X18: 3 | Y18: TRIMESTRE
J19: 7 Estagiário ou aprendiz não remunerado | O19: =CONCATENATE("2 Não ►( ",TEXT(ROUND(V4,2),"0,00"),")") -> 2 Não ►( 4,61) | Q19: 4 | R19: ANO | X19: 4 | Y19: ANO
J20: 8 Trabalhador familiar, contribuinte na empresa familiar. | V20: 1 Sim
J21: 9 Trabalhador por conta própria | V21: =CONCATENATE("2 Não ►( ",TEXT(ROUND(AC4,2),"0,00"),")") -> 2 Não ►( 4,63)
J22: 10 Patrão
N23: UNIDADE DE TEMPO | AG23: UNIDADE DE TEMPO
P24: FRANCOS CFA | S24: UNIDADE DE TEMPO | W24: FRANCOS CFA | Z24: UNIDADE DE TEMPO | AE24: FRANCOS CFA
B25: EMPREGO/PROFISSÃO | C25: CÓDIGO | D25: RAMO DE ATIVIDADE | E25: CÓDIGO | F25: CÓDIGO | G25: MÊS | H25: DIAS | I25: HORAS | J25: CÓDIGO | L25: FRANCOS CFA | AC25: CÓDIGO
A26: 01 | K26: 01
A27: 02 | K27: 02
A28: 3 | K28: 3
A29: 4 | K29: 4
A30: 5 | K30: 5
A31: 6 | K31: 6
A32: 7 | K32: 7
A33: 8 | K33: 8
A34: 9 | K34: 9
A35: 10 | K35: 10
A36: 11 | K36: 11
A37: 12 | K37: 12
A38: 13 | K38: 13
A39: 14 | K39: 14
A40: 15 | K40: 15

Sheet S05_Revenus_Indiv
A1: SECÇÃO 5: Rendimentos fora do emprego durante os últimos 12 meses (indivíduos com idade igual ou superior a 15 anos) | K1: SECÇÃO 5: Rendimentos fora do emprego durante os últimos 12 meses (indivíduos com idade igual ou superior a 15 anos)
A4: CÓDIGO ID: | B4: 5 | C4: =B4+0.01 -> 5.01 | D4: =C4+0.01 -> 5.02 | E4: =D4+0.01 -> 5.03 | F4: =E4+0.01 -> 5.04 | G4: =F4+0.01 -> 5.05 | H4: =G4+0.01 -> 5.06 | I4: =H4+0.01 -> 5.07 | J4: =I4+0.01 -> 5.08 | K4: CÓDIGO ID: | L4: =J4+0.01 -> 5.09 | M4: =L4+0.01 -> 5.1 | N4: =M4+0.01 -> 5.11 | O4: =N4+0.01 -> 5.12 | P4: =O4+0.01 -> 5.13 | Q4: =P4+0.01 -> 5.14
B5: Qual é o código ID do respondente? | C5: [NOME] beneficiou de uma pensão de reforma (civil e militar, incluindo antigos combatentes) nos últimos 12 meses? | D5: Qual é o montante anual da pensão de reforma (civil e militar, incluindo antigos combatentes) auferido por [NOME] | E5: [NOME] beneficiou de uma pensão de viuvez (em caso de morte de cônjuge) ou de orfandade (morte de pais)? | F5: Qual é o montante anual da pensão de viuvez (em caso de morte de cônjuge) ou de orfandade (morte de pais) auferido por [NOME] | G5: [NOME] beneficiou de uma pensão de invalidez (em caso de acidente de trabalho) nos últimos 12 meses? | H5: Qual é o montante anual da pensão de invalidez (em caso de acidente de trabalho) auferido por [NOME] | I5: [NOME] beneficiou de uma pensão de alimentos (em caso de divórcio ou separação) nos últimos 12 meses? | J5: Qual é o montante anual da pensão de alimentos (em caso de divórcio ou separação) auferido por [NOME] | L5: [NOME] auferiu rendimentos provenientes de arrendamentos de casa de habitação nos últimos 12 meses? | M5: Qual é o montante anual dos rendimentos provenientes de arrendamentos de casa de habitação auferido por [NOME] | N5: [NOME] auferiu rendimentos de capitais e financeiros (dividendos de ações, juros de aplicações, etc.) nos últimos 12 meses? | O5: Qual é o montante anual dos rendimentos de capitais e financeiros (dividendos de ações, juros de aplicações, etc.) auferido por [NOME] | P5: [NOME] auferiu outros rendimentos (ganhos em lotaria, herança, venda de bens, etc.) nos últimos 12 meses? | Q5: Qual é o montante anual de outros rendimentos (ganhos em lotaria, herança, venda de bens, etc.) auferido por [NOME]
C22: 1. Sim | E22: 1. Sim | G22: 1. Sim | I22: 1. Sim | L22: 1. Sim | N22: 1. Sim | P22: 1. Sim
C23: =CONCATENATE("2. Não ► (",E4,")") -> 2. Não ► (5,03) | E23: =CONCATENATE("2. Não ► (",G4,")") -> 2. Não ► (5,05) | G23: =CONCATENATE("2. Não ► (",I4,")") -> 2. Não ► (5,07) | I23: =CONCATENATE("2. Não ► (",L4,")") -> 2. Não ► (5,09) | L23: =CONCATENATE("2. Não ► (",N4,")") -> 2. Não ► (5,11) | N23: =CONCATENATE("2. Não ► (",P4,")") -> 2. Não ► (5,13) | P23: 2. Não ► Secção 6
B25: CÓDIGO ID: | C25: CÓDIGO | D25: FRANCOS CFA | E25: CÓDIGO | F25: FRANCOS CFA | G25: CÓDIGO | H25: FRANCOS CFA | I25: CÓDIGO | J25: FRANCOS CFA | L25: CÓDIGO | M25: FRANCOS CFA | N25: CÓDIGO | O25: FRANCOS CFA | P25: CÓDIGO | Q25: FRANCOS CFA
A26: 1 | K26: 1
A27: 2 | K27: 2
A28: 3 | K28: 3
A29: 4 | K29: 4
A30: 5 | K30: 5
A31: 6 | K31: 6
A32: 7 | K32: 7
A33: 8 | K33: 8
A34: 9 | K34: 9
A35: 10 | K35: 10
A36: 11 | K36: 11
A37: 12 | K37: 12
... A40: 15 | K40: 15

Sheet S06_Epargne
A1: SECÇÃO 6: POUPANÇAS E CRÉDITO (INDIVÍDUOS COM IDADE IGUAL OU SUPERIOR A 15 ANOS) | U1: SECÇÃO 6: POUPANÇAS E CRÉDITO (INDIVÍDUOS COM IDADE IGUAL OU SUPERIOR A 15 ANOS)
A4: CÓDIGO ID: | B4: 6 | C4: 6.01 | M4: 6.02 | N4: =M4+0.01 -> 6.03 | O4: =N4+0.01 -> 6.04 | P4: =O4+0.01 -> 6.05 | Q4: =P4+0.01 -> 6.06 | R4: =Q4+0.01 -> 6.07 | S4: =R4+0.01 -> 6.08 | T4: =S4+0.01 -> 6.09 | U4: CÓDIGO ID: | V4: =T4+0.01 -> 6.1 | W4: =V4+0.01 -> 6.11 | X4: =W4+0.01 -> 6.12 | Y4: =X4+0.01 -> 6.13 | AA4: =Y4+0.01 -> 6.14 | AB4: =AA4+0.01 -> 6.15 | AC4: =AB4+0.01 -> 6.16 | AD4: =AC4+0.01 -> 6.17 | AE4: =AD4+0.01 -> 6.18
B5: CÓDIGO ID do respondente | C5: [NOME] Será que possui uma conta nos estabelecimentos financeiros seguintes ou um cartão pré-pago? 1. Sim 2. Não Escrever em cada coluna 1 para Sim ou 2 para Não Se Não em todos os estabelecimentos ir para 6.03 | M5: O [NOME] tem poupanças em pelo menos uma das suas contas? | N5: [NOME] solicitou crédito a uma instituição financeira nos últimos 12 meses? | O5: Por que razão [NOME] não solicitou crédito nos últimos 12 meses? | P5: [NOME] obteve crédito junto de uma destas instituições financeiras nos últimos 12 meses? | Q5: Qual a razão principal para [NOME] não ter obtido crédito? | R5: [NOME] é membro de uma tontina (abota) ou de uma associação de entreajuda? | S5: [NOME] solicitou crédito a esta associação solidário ou tontina/abota? | T5: [NOME] beneficiou mesmo assim de um crédito no passado que ainda não foi totalmente reembolsado? | V5: Quantos créditos em curso que ainda não foram reembolsados, contraído por [NOME]? | W5: Qual foi a principal utilização que [NOME] fez com este último crédito? | X5: Junto de quem foi contraído este último crédito? | Y5: Em que data foi contraído este último crédito? | AA5: Qual é o montante nominal deste último crédito? (Em Francos CFA) | AB5: Qual é a periodicidade dos reembolsos deste último crédito? | AC5: Qual é o número de prestações de reembolso deste último crédito segundo a periodicidade anterior? | AD5: Qual é o montante nominal que deve ser reembolsado em média a cada prestação deste último crédito? (Em Francos CFA) | AE5: Qual é o número de prestações já reembolsadas deste último crédito?
Y8: (Para o mês, inscrever 01 para janeiro, 02 para fevereiro, etc.) | Z8: (Para o ano, inscrever os quatro algarismos, ex: 2010 para 2010; 2011 para 2011, etc.)
W9: 1.Educação
W10: 2. Saúde | AB10: 0. Diário
O11: 1. Ausência de instituições de crédito | Q11: 1. Processo incompleto | W11: 3. Equipamento para o agregado familiar (viatura, eletrodoméstico, etc.) | X11: 1. Banco | AB11: 1. Semanal
X12: 2. Caixa rural de poupança, Agência de Promoção de Micro Finanças | AB12: 2. Mensal
O13: 2. Não sabe como solicitar | Q13: 2. Falta de fiador | W13: 4. Aquisição de terreno, construção, recuperação de habitação | X13: 3. ONG | AB13: 3. Trimestral
Q14: 3. Fraca capacidade de reembolso | X14: 4. Fornecedor | AB14: 4. Semestral
M15: 1. Sim | O15: 3. Não preenche as condições | P15: =CONCATENATE("1. Sim ► (",V4,"0)") -> 1. Sim ► (6,10) | R15: 1. Sim | S15: 1. Sim | T15: 1 Sim | W15: 5. Criar um negócio, empresa | X15: 5. Cooperativa | AB15: 5. Anual
C16: Instituições financeiras | M16: 2. Não | N16: =CONCATENATE("1. Sim ►(",P4,")") -> 1. Sim ►(6,05) | O16: 4. Não tem certeza de obtê-lo | P16: 2. Não | R16: 2. Não | S16: 2. Não | T16: 2 Não ► Secção 7A | W16: 6. Financiar um negócio existente (equipamento, matérias-primas) | X16: 6. Outro agregado familiar | AB16: 6. De uma só vez
C17: Banco clássico | E17: Correios | G17: Caixa rural de poupança, Agência de Promoção de micro-finanças | I17: Banca móvel | K17: Cartão pré-pago | N17: 2. Não | O17: 5. Incapaz de proceder ao reembolso | Q17: 4. Outro crédito em curso | X17: 7. Tontina/associação | AB17: 7. Não especificado
O18: 6. Outro crédito em curso | X18: 8. Agiota
O19: 7. Não foi necessário | Q19: 5. Outro (especificar) | W19: 7. Insumos agrícolas (sementes, adubos, rações para animais, etc.) | X19: 9. Outro (especificar)
O20: 8. Outro (especificar) | V20: Se 0 ►Seçao seguinte | W20: 8. Consumo do agregado familiar
W21: 9. Eventos/festas
O22: =CONCATENATE("►► (",R4,")") -> ►► (6,07) | W22: 10. Outro (especificar)
C23: CÓDIGO | E23: CÓDIGO | G23: CÓDIGO | I23: CÓDIGO | K23: CÓDIGO | M23: CÓDIGO | N23: CÓDIGO | O23: CÓDIGO | P23: CÓDIGO | Q23: CÓDIGO | T23: CÓDIGO | V23: NÚMERO | W23: CÓDIGO | X23: CÓDIGO | Y23: MÊS | Z23: ANO | AA23: MONTANTE | AB23: CÓDIGO | AC23: NÚMERO | AD23: MONTANTE | AE23: NÚMERO
A24: 1 | U24: 1
A25: 2 | U25: 2
A26: 3 | U26: 3
A27: 4 | U27: 4
A28: 5 | U28: 5
A29: 6 | U29: 6
A30: 7 | U30: 7
A31: 8 | U31: 8
A32: 9 | U32: 9
A33: 10 | U33: 10
A34: 11 | U34: 11
A35: 12 | U35: 12
... A38: 15 | U38: 15

Sheet S7a_Conso_Re
A1: SECÇÃO 7A: REFEIÇÕES CONSUMIDAS FORA DO AGREGADO FAMILIAR DURANTE OS ÚLTIMOS 7 DIAS | L1: SECÇÃO 7A: REFEIÇÕES CONSUMIDAS FORA DO AGREGADO FAMILIAR DURANTE OS ÚLTIMOS 7 DIAS
B3: INQUIRIDOR: Deve começar com os alimentos tomados fora do agregado familiar por varios membros juntos na linha 98
A4: CÓDIGO ID: | B4: (7A.00) | C4: (7A.01) | D4: (7A.02) | E4: (7A.03) | F4: (7A.04) | G4: (7A.05) | H4: (7A.06) | I4: (7A.07) | J4: (7A.08) | K4: (7A.09) | L4: CÓDIGO ID: | M4: (7A.10) | N4: (7A.11) | O4: (7A.12) | P4: (7A.13) | Q4: (7A.14) | R4: (7A.15) | S4: (7A.16) | T4: (7A.17) | U4: (7A.18) | V4: (7A.19) | W4: (7A.20) | X4: (7A.21)
B5: Quem é o respondente desta sessão | C5: [NOME] tomou um pequeno-almoço (pão, café, chá, donetes, panquecas, croissant, papa, etc.) comprado fora do agregado familiar ou oferecido nos últimos 7 dias? | D5: Nos últimos 7 dias, que montante [NOME] gastou no pequeno-almoço tomado fora? | E5: Nos últimos 7 dias, em quanto estima o montante em caso de pequeno-almoço oferecido, tomado fora por [NOME]? | F5: [NOME] consumiu um almoço (refeição do meio-dia) comprado fora do agregado familiar ou oferecido nos últimos 7 dias? | G5: Nos últimos 7 dias, que montante [NOME] gastou no almoço consumido fora? | H5: Nos últimos 7 dias, em quanto estima o montante em caso de almoço oferecido, consumido fora por [NOME]? | I5: [NOME] consumiu um jantar (refeição da noite) comprado fora do agregado familiar ou oferecido nos últimos 7 dias? | J5: Nos últimos 7 dias, que montante [NOME] gastou no jantar consumido fora? | K5: Nos últimos 7 dias, em quanto estima o montante em caso de jantar oferecido, consumido fora por [NOME]? | M5: [NOME] consumiu uma merenda, isto é, algo entre as refeições principais (bolacha, grelhado, etc.), comprada fora do agregado familiar ou oferecida nos últimos 7 dias? | N5: Nos últimos 7 dias, que montante [NOME] gastou na merenda ou em quanto estima o montante em caso de oferta? | O5: Nos últimos 7 dias, em quanto estima o montante em caso de merenda oferecida, consumida fora por [NOME]? | P5: [NOME] tomou uma bebida quente (café, chá, etc.) comprada fora do agregado familiar ou oferecida nos últimos 7 dias? | Q5: Nos últimos 7 dias, que montante [NOME] gastou nas bebidas quentes tomadas fora? | R5: Nos últimos 7 dias, em quanto estima o montante em caso de bebidas quentes oferecidas, tomadas fora por [NOME]? | S5: [NOME] tomou uma bebida não alcólicas (água em pacote ou em garrafa, sumo pacote ou em garrafa, refrigerante, leite e iocurte, etc) comprada fora do agregado familiar ou oferecida nos últimos 7 dias? | T5: Nos últimos 7 dias, que montante [NOME] gastou em bebidas sem álcool tomadas fora? | U5: Nos últimos 7 dias, em quanto estima o montante em caso de bebida sem álcool tomada fora por [NOME]? | V5: [NOME] tomou uma bebida alcoólica (cerveja local ou importada, vinho, whisky, etc.) comprada fora do agregado familiar ou oferecida nos últimos 7 dias? | W5: Nos últimos 7 dias, que montante [NOME] gastou em bebidas alcoólicas tomadas fora ou em quanto estima o montante em caso de oferta? | X5: Nos últimos 7 dias, em quanto estima o montante em caso de bebida alcoólica tomada fora por [NOME]?
C19: 1 Sim, comprado unicamente | F19: =C19 -> 1 Sim, comprado unicamente | I19: 1 Sim, comprado | M19: =I19 -> 1 Sim, comprado | P19: =M19 -> 1 Sim, comprado | S19: =P19 -> 1 Sim, comprado | V19: =S19 -> 1 Sim, comprado
C20: =CONCATENATE("2 Sim, apenas oferecido ►",E4) -> 2 Sim, apenas oferecido ►(7A.03) | F20: =CONCATENATE("2 Sim, apenas oferecido ►",H4) -> 2 Sim, apenas oferecido ►(7A.06) | I20: =CONCATENATE("2 Sim, apenas oferecido ►",K4) -> 2 Sim, apenas oferecido ►(7A.09) | M20: =CONCATENATE("2 Sim, apenas oferecido ►",O4) -> 2 Sim, apenas oferecido ►(7A.12) | P20: =CONCATENATE("2 Sim, apenas oferecido ►",R4) -> 2 Sim, apenas oferecido ►(7A.15) | S20: =CONCATENATE("2 Sim, apenas oferecido ►",U4) -> 2 Sim, apenas oferecido ►(7A.18) | V20: =CONCATENATE("2 Sim, apenas oferecido ►",X4) -> 2 Sim, apenas oferecido ►(7A.21)
C21: 3 Sim, comprado e oferecido | F21: =C21 -> 3 Sim, comprado e oferecido | I21: 3 Sim, comprado e oferecido | M21: =I21 -> 3 Sim, comprado e oferecido | P21: =M21 -> 3 Sim, comprado e oferecido | S21: =P21 -> 3 Sim, comprado e oferecido | V21: =S21 -> 3 Sim, comprado e oferecido
C22: =CONCATENATE("4 Não ►",F4,) -> 4 Não ►(7A.04) | F22: =CONCATENATE("4 Não ►",I4,) -> 4 Não ►(7A.07) | I22: =CONCATENATE("4 Não ►",M4,) -> 4 Não ►(7A.10) | M22: =CONCATENATE("4 Não ►",P4,) -> 4 Não ►(7A.13) | P22: =CONCATENATE("4 Não ►",S4,) -> 4 Não ►(7A.16) | S22: =CONCATENATE("4 Não ►",V4,) -> 4 Não ►(7A.19) | V22: 4 Não ►Linha seguinte
B24: CÓDIGO ID | C24: CÓDIGO | D24: FRANCOS CFA | E24: FRANCOS CFA | F24: CÓDIGO | G24: FRANCOS CFA | H24: FRANCOS CFA | I24: CÓDIGO | J24: FRANCOS CFA | K24: FRANCOS CFA | M24: CÓDIGO | N24: FRANCOS CFA | O24: FRANCOS CFA | P24: CÓDIGO | Q24: FRANCOS CFA | R24: FRANCOS CFA | S24: CÓDIGO | T24: FRANCOS CFA | U24: FRANCOS CFA | V24: CÓDIGO | W24: FRANCOS CFA | X24: FRANCOS CFA
A25: 98 | L25: 99
A26: 1 | L26: 1
A27: 2 | L27: 2
A28: 3 | L28: 3
A29: 4 | L29: 4
A30: 5 | L30: 5
A31: 6 | L31: 6
A32: 7 | L32: 7
A33: 8 | L33: 8
A34: 9 | L34: 9
A35: 10 | L35: 10
A36: 11 | L36: 11
... A40: 15 | L40: 15

Sheet S7b_Conso_Al
A1: SECÇÃO 7B: CONSUMO ALIMENTAR DURANTE OS ÚLTIMOS 7 DIAS E COMPRAS DURANTE OS ÚLTIMOS 30 DIAS
B2: (7B.00) Inscreva o código ID do respondente principal da secção:
C4: Consumo nos últimos 7 dias | H4: Última compra dos últimos 30 dias
A5: (7B.01) | C5: (7B.02) | D5: (7B.03) | F5: (7B.04) | G5: (7B.05) | H5: (7B.06) | I5: (7B.07) | K5: (7B.08)
A6: Código do produto | B6: LER O NOME DE CADA PRODUTO INSCREVER A RESPOSTA REFERENTE A CADA PRODUTO EM 7B.02 ANTES DE FAZER AS PERGUNTAS DE 7B.03 A 7B.08 | C6: O seu agregado familiar consumiu [PRODUTO] nos últimos 7 dias? | D6: Qual foi a quantidade total do [PRODUTO] consumida pelo agregado familiar nos últimos 7 dias? | F6: Entre esta quantidade consumida, qual dessa provém da produção própria do agregado familiar (agricultura, pecuaria, pesca, acuacultura, caça, colheita)? | G6: Entre esta quantidade consumida, quanto provém de outras fontes (oferta, apanhado do proprio comérciodo, troca, etc.)? | H6: Quando foi a última vez que o [PRODUTO] foi comprado no agregado familiar? 1=Ontem 2=últimos 7 dias 3=últimos 30 dias 4=Há mais de 30 dias ►Linha seguinte 5=Nunca ►Linha seguinte | I6: Que quantidade do [PRODUTO] foi comprada da última vez? | K6: Qual é o valor do [PRODUTO] comprado da última vez?
C13: 1=Sim
C14: =CONCATENATE("2=Não ►Linha seguinte",) -> 2=Não ►Linha seguinte
B17: Descritivo dos produtos | C17: CÓDIGO | D17: QUANTIDADE | E17: UNIDADE | F17: QUANTIDADE | G17: QUANTIDADE | H17: CÓDIGO | I17: QUANTIDADE | J17: UNIDADE | K17: MONTANTE (FRANCOS CFA)
B18: CEREAIS E PÃO
A19: 1 | B19: Arroz local de bolanha
A20: =A19+1 -> 2 | B20: Arroz local de Npampam
A21: =A20+1 -> 3 | B21: Arroz importado perfumado
A22: =A21+1 -> 4 | B22: Arroz importado simples
A23: =A22+1 -> 5 | B23: Milho em espiga
A24: =A23+1 -> 6 | B24: Milho em grão
A25: =A24+1 -> 7 | B25: Painço
A26: =A25+1 -> 8 | B26: Sorgo
A27: =A26+1 -> 9 | B27: Trigo
A28: =A27+1 -> 10 | B28: Fonio
A29: =A28+1 -> 11 | B29: Outros cereais
A30: =A29+1 -> 12 | B30: Farinha de milho
A31: =A30+1 -> 13 | B31: Farinha de painço
... A40: =A39+1 -> 22 | B40: Donuts, panquecas
B41: CARNE
A42: =A40+1 -> 23 | B42: Carne de vaca
A43: =A42+1 -> 24 | B43: Carne de camelo
A44: =A43+1 -> 25 | B44: Carne de carneiro
A45: =A44+1 -> 26 | B45: Carne de cabra
A46: =A45+1 -> 27 | B46: Miudezas e tripas (fígado, rins, etc.)
A47: =A46+1 -> 28 | B47: Carne de porco
A48: =A47+1 -> 29 | B48: Frango vivo
A49: =A48+1 -> 30 | B49: Carne de galinha
A50: =A49+1 -> 31 | B50: Carne de outras aves
A51: =A50+1 -> 32 | B51: Charcutaria (fiambre, chouriço), conservas de carne
A52: =A51+1 -> 33 | B52: Caça
A53: =A52+1 -> 34 | B53: Outras carnes n.e.
B54: PEIXE E MARISCO
A55: =A53+1 -> 35 | B55: Tainha fresco
A56: =A55+1 -> 36 | B56: Djafal fresco
A57: =A56+1 -> 37 | B57: Carapau fresco
A58: =A57+1 -> 38 | B58: Bentana fresco
A59: =A58+1 -> 39 | B59: Bagre fumado
A60: =A59+1 -> 40 | B60: Bentaninha fumado
A61: =A60+1 -> 41 | B61: Peixe seco
A62: =A61+1 -> 42 | B62: Caranguejos, camarão e outros mariscos
A63: =A62+1 -> 43 | B63: Conservas de peixe
B64: LEITE, QUEIJO E OVOS
A65: =A63+1 -> 44 | B65: Leite fresco
A66: =A65+1 -> 45 | B66: Leite coalhado, iogurte
A67: =A66+1 -> 46 | B67: Leite condensado com açúcar
A68: =A67+1 -> 47 | B68: Leite condensado sem açúcar
A69: =A68+1 -> 48 | B69: Leite em pó
A70: =A69+1 -> 49 | B70: Queijo
A71: =A70+1 -> 50 | B71: Leite e farinhas para bebé
A72: =A71+1 -> 51 | B72: Outros produtos lácteos
A73: =A72+1 -> 52 | B73: Ovos
B74: ÓLEOS E GORDURAS
A75: =A73+1 -> 53 | B75: Manteiga
A76: =A75+1 -> 54 | B76: Manteiga de karite
A77: =A76+1 -> 55 | B77: Óleo de palma vermelho
A78: =A77+1 -> 56 | B78: Óleo de amendoim
A79: =A78+1 -> 57 | B79: Óleo de algodão
A80: =A79+1 -> 58 | B80: Óleo de soja
A81: =A80+1 -> 59 | B81: Outros óleos n.e. (milho, oleo de misto, etc.)
B82: FRUTA
A83: =A81+1 -> 60 | B83: Manga
A84: =A83+1 -> 61 | B84: Ananás
A85: =A84+1 -> 62 | B85: Laranja
A86: =A85+1 -> 63 | B86: Banana doce
A87: =A86+1 -> 64 | B87: Limão
A88: =A87+1 -> 65 | B88: Outros citrinos
A89: =A88+1 -> 66 | B89: Abacate
A90: =A89+1 -> 67 | B90: Melancia, melão
A91: =A90+1 -> 68 | B91: Cajú
A92: =A91+1 -> 69 | B92: Noz de coco
A93: =A92+1 -> 70 | B93: Cana-de-açúcar
A94: =A93+1 -> 71 | B94: Outros frutos (maçãs, uvas,tâmaras etc.)
B95: LEGUMES
A96: =A94+1 -> 72 | B96: Salada (alface)
A97: =A96+1 -> 73 | B97: Couve
A98: =A97+1 -> 74 | B98: Cenoura
A99: =A98+1 -> 75 | B99: Feijão verde
A100: =A99+1 -> 76 | B100: Pepino
A101: =A100+1 -> 77 | B101: Beringela, abóbora/curgete
A102: =A101+1 -> 78 | B102: Pimento fresco
A103: =A102+1 -> 79 | B103: Tomate fresco
A104: =A103+1 -> 80 | B104: Tomate seco
A105: =A104+1 -> 81 | B105: Quiabo fresco
A106: =A105+1 -> 82 | B106: Quiabo seco
A107: =A106+1 -> 83 | B107: Cebola fresca
A108: =A107+1 -> 84 | B108: Alho
... A115: =A114+1 -> 91 | B115: Concentrado de tomate
B116: LEGUMINOSAS E TUBÉRCULOS
A117: =A115+1 -> 92 | B117: Ervilhas
A118: =A117+1 -> 93 | B118: Ervilhas secas
A119: =A118+1 -> 94 | B119: Outros legumes secos n.e.
A120: =A119+1 -> 95 | B120: Feijão-frade, feijão seco
A121: =A120+1 -> 96 | B121: Mancarra frescos com casca
A122: =A121+1 -> 97 | B122: Mancarra secos com casca
A123: =A122+1 -> 98 | B123: Mancarra descascada ou pilada
...

Sheet S8A_SecAlimentaire_FIES
A1: SECÇÃO 8: SEGURANÇA ALIMENTAR
A2: PARTE A: Escala de experiência de insegurança alimentar
B4: (8A.00) Escreva o código ID do respondente principal da secção:
A6: 8A.01 | B6: Nos últimos 12 meses, você ou outros membros de sua do seu agregado familiar se preocuparam em não ter comida suficiente por falta de dinheiro ou outros recursos? | K6: 8A.06 | L6: Nos últimos 12 meses, o seu agregado familiar deixou de dispor de alimentos por não haver dinheiro suficiente ou outros recursos?
B8: 1 | C8: Sim | L8: 1 | M8: Sim
B9: 2 | C9: Não | L9: 2 | M9: Não
B10: 98 | C10: Não sabe | L10: 98 | M10: Não sabe
B11: 99 | C11: Recusa | L11: 99 | M11: Recusa
K12: 8A.07 | L12: Nos últimos 12 meses, você ou outros membros do seu agregado familiar tiveram fome, mas não comeram por não haver dinheiro ou outros recursos para obter comida?
A13: 8A.02 | B13: Nos últimos 12 meses,você ou outros membros do seu agregado familiar não puderam ingerir alimentos saudáveis e nutritivos por falta de dinheiro ou outros recursos?
L14: 1 | M14: Sim
B15: 1 | C15: Sim | L15: 2 | M15: =CONCATENATE("Não ► ",K28,) -> Não ► 8A.08
B16: 2 | C16: Não | L16: 98 | M16: =CONCATENATE("Não sabe ► ",K28,) -> Não sabe ► 8A.08
B17: 98 | C17: Não sabe | L17: 99 | M17: =CONCATENATE("Recusa ► ",K28,) -> Recusa ► 8A.08
B18: 99 | C18: Recusa
K19: 8A.07a | L19: Nos últimos 12 meses, aconteceu com frequência que você ou outros membros do seu agregado familiar tivessem fome, mas não tivessem comido por não haver dinheiro suficiente ou recursos para obter comida? Isso aconteceu uma ou duas vezes, em alguns meses, mas não todos, ou quase todos os meses?
A20: 8A.03 | B20: Nos últimos 12 meses,você ou outros membros do seu agregado familiar ingeriram alimentos pouco diversificados por falta de dinheiro ou outros recursos?
B22: 1 | C22: Sim
B23: 2 | C23: Não | L23: 1 | M23: Só uma ou duas vezes
B24: 98 | C24: Não sabe | L24: 2 | M24: Em alguns meses, mas não todos
B25: 99 | C25: Recusa | L25: 3 | M25: Quase todos os meses
L26: 98 | M26: Não sabe
A27: 8A.04 | B27: Nos últimos 12 meses, você ou outros membros do seu agregado familiar ficaram sem uma refeição por não terem dinheiro ou outros recursos para obter comida? | L27: 99 | M27: Recusa
K28: 8A.08 | L28: Nos últimos 12 meses,você ou outros membros do seu agregado familiar passaram um dia inteiro sem comer por falta de dinheiro ou outros recursos?
B29: 1 | C29: Sim
B30: 2 | C30: Não | L30: 1 | M30: Sim
B31: 98 | C31: Não sabe | L31: 2 | M31: =CONCATENATE("Não ► 8B.00") -> Não ► 8B.00
B32: 99 | C32: Recusa | L32: 98 | M32: =CONCATENATE("Não sabe ► 8B.00") -> Não sabe ► 8B.00
L33: 99 | M33: =CONCATENATE("Recusa ► 8B.00") -> Recusa ► 8B.00
A34: 8A.05 | B34: Nos últimos 12 meses,você ou outros membros do seu agregado familiar comeram menos do que achavam que deviam ter comido por falta de dinheiro ou outros recursos?
K35: 8A.08a | L35: Nos últimos 12 meses, aconteceu com frequência que você ou outros membros do seu agregado familiar tivessem passado um dia inteiro sem comer por falta de dinheiro ou outros recursos? Isso aconteceu uma ou duas vezes, em alguns meses, mas não todos, ou quase todos os meses?
B36: 1 | C36: Sim
B37: 2 | C37: Não
B38: 98 | C38: Não sabe | L38: 1 | M38: Só uma ou duas vezes
B39: 99 | C39: Recusa | L39: 2 | M39: Em alguns meses, mas não todos
L40: 3 | M40: Quase todos os meses
L41: 98 | M41: Não sabe
L42: 99 | M42: Recusa

Sheet S8B_SecAlimentaire
A1: SECÇÃO 8: SEGURANÇA ALIMENTAR
A2: PARTE B: COMPLEMENTO DO CONSUMO ALIMENTAR DURANTE OS ÚLTIMOS 7 DIAS
B4: (8B.00) Escreva o código ID do respondente principal da secção:
A7: 8B.01 CÓDIGO | H7: 8B.02 | J7: 8B.03
H8: Nos últimos 7 dias, durante quantos dias o seu agregado familiar consumiu os seguintes produtos? | J8: Nos últimos 7 dias, alguma pessoa não pertencente ao agregado familiar beneficiou pelo menos de uma refeição do agregado? (Se NÃO, avançar para a secção seguinte)
H10: Número de dias | K10: 1 SIM | L10: 2 NÃO
A11: 01 | B11: Cereais e produtos cerealíferos (produtos 1 à 22) (milho/farinha de milho, milho cavalo, fundo, milho bacil, panquecas, arroz, pão, massas alimentícias, etc.)
A12: 02 | B12: Tubérculos e bananas-da-terra (produtos 104 à 110) (batatas, inhames, banana-da-terra, mandioca, taro, etc.) | J12: 8B.04 | L12: 8B.05 | M12: 8B.06
A13: 03 | B13: Leguminosas e grão (produtos 92 a 103) (feijão seco, mancarra e pasta de mancarra, etc.) | L13: Durante quantos dias foi partilhada uma refeição com pessoas não pertencentes ao agregado familiar? | M13: Quantas refeições foram partilhadas com pessoas não pertencentes ao agregado familiar?
A14: 04 | B14: Legumes (produtos 72 a 91) (alface, tomate, candja, beringela, pimento, feijão verde, pepino, etc.)
A15: 05 | B15: Peixe, marisco e carne (produtos 23 a 43) (carne de vaca, carne de carneiro, frango, peixe fresco e seco, etc.)
A16: 06 | B16: Fruta (produtos 60 a 71) (manga, laranja, limão, melancia, melão, ananás, tâmaras, etc.) | L16: Número de dias | M16: Número de refeições
A17: 07 | B17: Leite e produtos lácteos, ovos (produtos 44 a 52) (leite fresco, leite em pó, iogurte, queijo, ovos, etc.) | J17: 01 | K17: Crianças de 0 a 5 anos
A18: 08 | B18: Óleos e gorduras (produtos 53 a 59) (manteiga, óleo de palma, óleo de amendoim, etc.) | J18: 02 | K18: Crianças de 6 a 15 anos
A19: 09 | B19: Açúcar (produtos 114 a 117 (açúcar em pó e em cubos, bombons, mel) | J19: 03 | K19: Adultos de 16 a 65 anos
A20: 10 | B20: Especiarias e condimentos (produtos 118 a 126) (malagueta, sal, caldo de galinha/vaca, alho, gengibre, etc.) | J20: 04 | K20: Adultos com mais de 65 anos

Sheet S9a__Conso_NA
A1: SECÇÃO 9: DESPESAS RETROSPETIVAS ALIMENTARES E NÃO ALIMENTARES DO AGREGADO FAMILIAR
A2: PARTE A: DESPESAS COM FESTAS E CERIMÓNIAS DURANTE OS ÚLTIMOS 12 MESES
A3: (9A.00) | B3: Escreva o código ID do respondente principal da secção:
A5: (9A.01) | C5: (9A.02) | D5: (9A.03) | E5: (9A.04) | F5: (9A.05) | G5: (9A.06) | H5: (9A.07)
A6: Código do evento | B6: Nos últimos 12 meses, efetuou despesas com festas (despesas não referidas anteriormente)? | D6: Qual foi o montante total desta despesa em alimentação? | E6: Qual foi o montante total desta despesa em bebidas? | F6: Qual é a quantidade total dessa despesa em roupas, sapatos, cabeleireiro (incluindo mechas) e jóias | G6: Qual foi o montante total desta despesa na locação de salas, cadeiras e outras locações? | H6: Qual foi o montante total das outras despesas não alimentares?
B9: 1=Sim
B10: 2 Não►Linha seguinte
B11: COMECE POR PERGUNTAR SOBRE TODOS OS EVENTOS E INSIRA 1 PARA SIM OU 2 PARA NÃO NA COLUNA CORRESPONDENTE | D11: MONTANTE EM FRANCOS CFA | E11: MONTANTE EM FRANCOS CFA | F11: MONTANTE EM FRANCOS CFA | G11: MONTANTE EM FRANCOS CFA | H11: MONTANTE EM FRANCOS CFA
A15: 01 | B15: Fim do Ramadão 2018
A16: 02 | B16: Festa de Tabasky 2017
A17: 03 | B17: Outras festas religiosas muçulmanas
A18: 04 | B18: Natal 2017
A19: 05 | B19: Páscoa 2018
A20: 06 | B20: Outras festas religiosas cristãs
A21: 07 | B21: Festa de outras religiões/tradições
A22: 08 | B22: Ano Novo 2018
A23: 09 | B23: Casamento
A24: 10 | B24: Batismos
A25: 11 | B25: Primeira comunhão/comunhão solene
A26: 12 | B26: Funerais/luto
A27: 13 | B27: Carnaval
A28: 14 | B28: Outro evento ou festas (toca choro, missas, esmola,...)

Sheet S9b__Conso_NA
A1: SECÇÃO 9: DESPESAS RETROSPETIVAS NÃO ALIMENTARES DO AGREGADO FAMILIAR
A2: PARTE B: DESPESAS NÃO ALIMENTARES DURANTE OS ÚLTIMOS 7 DIAS
A6: (9B.01) | C6: (9B.02) | D6: (9B.03)
A7: Código do produto/serviço | B7: TÍTULO DO PRODUTO/SERVIÇO | C7: O seu agregado familiar adquiriu ou colheu [PRODUTO/SERVIÇO] nos últimos 7 dias? | D7: Qual foi o montante despendido nos últimos 7 dias?
C10: 1. Sim | D10: Montante em francos CFA
C11: 2 Não ► Produto/serviço seguinte
C12: CÓDIGO
A13: 201 | B13: Cigarros/tabaco
A14: =A13+1 -> 202 | B14: Petróleo para lanterna
A15: =A14+1 -> 203 | B15: Carvão vegetal/carvão mineral
A16: =A15+1 -> 204 | B16: Lenha comprada
A17: =A16+1 -> 205 | B17: Lenha apanhada (estimar o valor)
A18: =A17+1 -> 206 | B18: Velas
A19: =A18+1 -> 207 | B19: Fósforos/esqueiro
A20: =A19+1 -> 208 | B20: Combustível para veículo
A21: =A20+1 -> 209 | B21: Combustível para motociclo
A22: =A21+1 -> 210 | B22: Transporte urbano em táxi
A23: =A22+1 -> 211 | B23: Transporte urbano em autocarro/toca-toca
A24: =A23+1 -> 212 | B24: Transporte urbano/rural em moto-táxi
A25: =A24+1 -> 213 | B25: Transporte urbano em comboio
... A29: =A28+1 -> 217 | B29: Despesas com moagem de cereais

Sheet S9c__Conso_NA
A1: SECÇÃO 9: DESPESAS RETROSPETIVAS NÃO ALIMENTARES DO AGREGADO FAMILIAR
A2: PARTE C: DESPESAS NÃO ALIMENTARES DURANTE OS ÚLTIMOS 30 DIAS
A4: (9C.01) | C4: (9C.02) | D4: (9C.03)
A5: Código do produto/serviço | B5: TÍTULO DO PRODUTO/SERVIÇO | C5: O seu agregado familiar adquiriu [PRODUTO/SERVIÇO] nos últimos 30 dias? | D5: Qual foi o montante despendido nos últimos 30 dias?
C8: 1. Sim | D8: Montante em francos CFA
C9: 2 Não ► Produto/serviço seguinte
C11: CÓDIGO
A12: 301 | B12: Whisky e outras bebidas espirituosas
A13: =A12+1 -> 302 | B13: Vinhos modernos
A14: =A13+1 -> 303 | B14: Gás doméstico
A15: =A14+1 -> 304 | B15: Combustível para grupo gerador de uso doméstico
A16: =A15+1 -> 305 | B16: Pilhas
A17: =A16+1 -> 306 | B17: Sabão doméstico, lixívia em pó, detergentes (lixívia líquida, etc.)
A18: =A17+1 -> 307 | B18: Inseticida, rodilha antimosquito
A19: =A18+1 -> 308 | B19: Salário do pessoal doméstico (guarda, servente, motorista, cozinheiro, etc.)
A20: =A19+1 -> 309 | B20: Despesas com branqueamento de roupa, roupa de casa, etc. (passagem a ferro)
A21: =A20+1 -> 310 | B21: Despesas com a recolha do lixo doméstico
A22: =A21+1 -> 311 | B22: Lavagem de veículos
A23: =A22+1 -> 312 | B23: Despesas de estacionamento
A24: =A23+1 -> 313 | B24: Despesas com comunicações telefónicas em cabina/Telecentros
... A33: =A32+1 -> 322 | B33: Outros produtos de toilette (lâmina de barbear, algodão, creme/espumante, etc.)

Sheet def

Sheet folha2

Sheet Folha3

Sheet Folha4

Sheet Folha5

Sheet Folha6

Sheet Folha7

Sheet Folha8

Sheet Folha9

Sheet Folha10

Sheet Folha11

Sheet Folha12

Sheet S9d___Conso_NA
A1: SECÇÃO 9: DESPESAS RETROSPETIVAS NÃO ALIMENTARES DO AGREGADO FAMILIAR
A2: PARTE D: DESPESAS NÃO ALIMENTARES DURANTE OS ÚLTIMOS 3 MESES
A4: (9D.01) | C4: (9D.02) | D4: (9D.03)
A5: Código do produto/serviço | B5: TÍTULO DO PRODUTO/SERVIÇO | C5: O seu agregado familiar adquiriu [PRODUTO/SERVIÇO] nos últimos 3 meses? | D5: Qual foi o montante despendido nos últimos 3 meses?
C8: 1. Sim | D8: Montante em francos CFA
C9: 2 Não ► Produto/serviço seguinte
C11: CÓDIGO
A12: 401 | B12: Despesas com conservação e reparação de calçado: graxa, colocação de solas, etc.
A13: =A12+1 -> 402 | B13: Lâmpadas elétricas para o lar
A14: =A13+1 -> 403 | B14: Lubrificantes (óleo de motor, óleo de travões, liquido para bateria (ácido), graxas, outros lubrificantes n.e.)
A15: =A14+1 -> 404 | B15: Serviços de reparação e manutenção (drenagem, lubrificação, etc.) de meios de transporte pessoais (viaturas, motociclos, bicicletas, etc.)
A16: =A15+1 -> 405 | B16: Transporte entre localidades por automóvel (toca-toca, sete place, autocarro, etc)
A17: =A16+1 -> 406 | B17: Transporte entre localidades por tração animal
A18: =A17+1 -> 407 | B18: Transporte entre localidades por curso de água (barco, piroga, bote)
A19: =A18+1 -> 408 | B19: Despesas com selos postais, envio de remessas, etc.
A20: =A19+1 -> 409 | B20: Despesas com envio de faxes
A21: =A20+1 -> 410 | B21: Produtos de jardinagem (plantas e flores ornamentais), sem ser para agricultura
A22: =A21+1 -> 411 | B22: Alimentos, despesas de manutenção, despesas com veterinário de animais de estimação (cães, gatos, etc.)
A23: =A22+1 -> 412 | B23: Admissão (compra de bilhetes) em eventos desportivos
A24: =A23+1 -> 413 | B24: Admissão (compra de bilhetes) para cinema, concertos, peças de teatro, museus, exposições, etc.
... A29: =A28+1 -> 418 | B29: Despesas com fotocópias de documentos

Sheet S9e__Conso_NA
A1: SECÇÃO 9: DESPESAS RETROSPETIVAS NÃO ALIMENTARES DO AGREGADO FAMILIAR
A2: PARTE E: DESPESAS NÃO ALIMENTARES DURANTE OS ÚLTIMOS 6 MESES
A4: (9E.01) | C4: (9E.02) | D4: (9E.03)
A5: Código do produto/serviço | B5: TÍTULO DO PRODUTO/SERVIÇO (NÃO INCLUIR PANOS, VESTUÁRIO, CALÇADO E JOIAS COMPRADOS POR OCASIÃO DE FESTAS E CERIMÓNIAS, COMO A FESTA DO SACRIFÍCIO, O FIM DO RAMADÃO, O NATAL, A PÁSCOA, O ANO NOVO, CASAMENTOS, FUNERAIS, BATISMOS, ETC., QUE TENHAM SIDO INSCRITOS NAS SECÇÕES ANTERIORES) | C5: O seu agregado familiar adquiriu [PRODUTO/SERVIÇO] nos últimos 6 meses? | D5: Qual foi o montante despendido nos últimos 6 meses?
C6: 1. Sim | D6: Montante em francos CFA
C7: 2 Não ► Produto/serviço seguinte
C9: CÓDIGO
A10: 501 | B10: Tecidos para vestuário: tecidos de pano, panos tecidos, tecidos sintéticos, etc.
A11: =A10+1 -> 502 | B11: Vestuário de senhora (15 anos ou mais): vestido, saia, calças, saia-casaco, etc.
A12: =A11+1 -> 503 | B12: Roupa interior de senhora (15 anos ou mais): combinação, saiote, T-shirt, soutien, collants, etc.
A13: =A12+1 -> 504 | B13: Vestuário de criança (0-14 anos): enxoval para bebé, chambre, calça de rapaz, vestido de menina, cuecas de criança, blusas, etc. (não incluir uniformes escolares)
A14: =A13+1 -> 505 | B14: Vestuário de homem (15 anos ou mais): camisa, calças, casaco, fato, roupa de trabalho, etc.
A15: =A14+1 -> 506 | B15: Roupa interior de homem (15 anos ou mais): cuecas, peúgas, T-shirt e camisola interior, etc.
A16: =A15+1 -> 507 | B16: Despesas com a confeção e conserto de vestuário de homem: fato, calças, camisa, conserto, aluguer de vestuário, etc.
A17: =A16+1 -> 508 | B17: Despesas com a confeção e conserto de vestuário de senhora: vestido, calças, saia, saia-casaco, conserto, aluguer, etc.
A18: =A17+1 -> 509 | B18: Despesas com conservação e conserto de vestuário de criança
A19: =A18+1 -> 510 | B19: Calçado de homem
A20: =A19+1 -> 511 | B20: Calçado de senhora
A21: =A20+1 -> 512 | B21: Calçado de criança

Sheet S9f__Conso_NA
A1: SECÇÃO 9: DESPESAS RETROSPETIVAS NÃO ALIMENTARES DO AGREGADO FAMILIAR
A2: PARTE F: DESPESAS NÃO ALIMENTARES DURANTE OS ÚLTIMOS 12 MESES
A4: (9F.01) | C4: (9F.02) | D4: (9F.03)
A5: Código do produto/serviço | B5: TÍTULO DO PRODUTO/SERVIÇO (NÃO INCLUIR JOIAS COMPRADOS POR OCASIÃO DE FESTAS E CERIMÓNIAS, COMO A FESTA DO SACRIFÍCIO, O FIM DO RAMADÃO, O NATAL, A PÁSCOA, O ANO NOVO, CASAMENTOS, FUNERAIS, BATISMOS, ETC., QUE TENHAM SIDO INSCRITOS NAS SECÇÕES ANTERIORES) | C5: O seu agregado familiar adquiriu [PRODUTO/SERVIÇO] nos últimos 12 meses? | D5: Qual foi o montante despendido nos últimos 12 meses?
C6: 1. Sim | D6: Montante em francos CFA
C7: 2 Não ► Produto/serviço seguinte
C9: CÓDIGO
A10: 601 | B10: Material para conservação e pequenas reparações da habitação (substituição de uma chapa, vidro, lâmpada, etc.)
A11: =A10+1 -> 602 | B11: Mão de obra e serviços de manutenção e reparação corrente da habitação (drenagem da fossa sética, mão de obra para a manutenção da habitação, etc.)
A12: =A11+1 -> 603 | B12: Materiais de alvenaria para construção ou grandes reparações na habitação: cimento, tijolos, aço de construção, areia, cascalho, blocos de betão, etc.
A13: =A12+1 -> 604 | B13: Outros materiais de construção ou grandes reparações na habitação: chapas, madeira para estruturas, tábuas, ripas, contraplacados, materiais elétricos, materiais de canalização, materiais de pintura, ladrilhos, tapetes e revestimentos de pavimento, etc.
A14: =A13+1 -> 605 | B14: Mão de obra para construção e grandes reparações na habitação (alvenaria, coberturas e estrutura, eletricidade, pichelaria, carpintaria, pintura e revestimentos de pavimento), etc.
A15: =A14+1 -> 606 | B15: Despesas com aquisição de terreno ou habitação
A16: =A15+1 -> 607 | B16: Despesas com estudos e projetos de arquitetura
A17: =A16+1 -> 608 | B17: Despesas de subscrição na rede de distribuição de água
A18: =A17+1 -> 609 | B18: Despesas de subscrição na rede de distribuição elétrica
A19: =A18+1 -> 610 | B19: Despesas de ligação à rede de distribuição de água
A20: =A19+1 -> 611 | B20: Despesas de ligação à rede de distribuição elétrica
A21: =A20+1 -> 612 | B21: Móveis de sala de estar e sala de jantar (poltronas, mesa, cadeiras, armários, etc.)
A22: =A21+1 -> 613 | B22: Cama, colchão, armário e outros móveis de quarto
... A62: =A61+1 -> 653 | B62: Outros serviços: anúncios na rádio, em jornais/televisão, agências funerárias, etc.

Sheet Folha13

Sheet Folha14

Sheet Folha15

Sheet Folha16

Sheet S10_Entreprises1 
A2: SECÇÃO 10: EMPRESAS NÃO-AGRÍCOLAS
A4: PARTE A: EXISTÊNCIA DE EMPRESAS NÃO-AGRÍCOLAS
A6: 10.01 | B6: Inscrever o código ID (número de ordem) do respondente
B9: Nos últimos 12 meses, algum membro do seu agregado familiar exerceu a atividade seguinte?
A11: =A6+0.01 -> 10.02 | B11: Confecionou donetes; grelhou carne de vaca, carneiro ou galinha; produziu sumos de fruta (cabaceira, faroba, limão, ondjo, veludo); fabricou aguardente tradicional (nsumsum), vinho de palmo, cajú; fez pão ou bolos para revenda por conta proprio? | L11: 1 = Sim | M11: 2 = Não
A14: =A11+0.01 -> 10.03 | B14: Possuiu, em casa ou noutro lugar, uma pequena empresa de confeção de vestuário (alfaiate), de fabrico de sandálias ou outros calçados? | L14: 1 = Sim | M14: 2 = Não
A17: =A14+0.01 -> 10.04 | B17: Possuiu, em casa ou noutro lugar, uma empresa no domínio da construção de habitações (alvenaria, blocos, eletricidade, canalização) ou da carpintaria (fabrico de móveis, camas, portas, janelas) em madeira ou metais, como ferro ou alumínio? | L17: 1 = Sim | M17: 2 = Não
A20: =A17+0.01 -> 10.05 | B20: Possuiu, em casa ou noutro lugar, uma empresa comercial (loja, venda de materiais de construção, material informático, cartões telefónicos, cigarros na berma da estrada, venda de produtos agrícolas e de pecuária frescos, etc.)? | L20: 1 = Sim | M20: 2 = Não
A23: =A20+0.01 -> 10.06 | B23: Exerceu uma profissão liberal por conta própria (médico, terapeuta tradicional, advogado, arquiteto com gabinete próprio ou associado, farmacêutico com farmácia própria, tradutor ou intérprete independente, engenheiro com gabinete de projetos próprio, etc.)? | L23: 1 = Sim | M23: 2 = Não
A26: =A23+0.01 -> 10.07 | B26: Possuiu uma empresa prestadora de outros serviços; táxi, moto-táxi, outros serviços de transporte, reparação e manutenção (viaturas, motociclos, rádios, computadores, TV, frigoríficos, aparelhos de ar condicionado, etc.), lavagem de automóveis; engraxador de sapatos, agente/vendedor imobiliário, cabine telefónica, processamento de texto, fotocópias, etc.? | L26: 1 = Sim | M26: 2 = Não
A29: =A26+0.01 -> 10.08 | B29: Possuiu um restaurante, bar, baracas; vendeu bebidas, possuiu um hotel, um albergue/residência alugada? | L29: 1 = Sim | M29: 2 = Não
A32: =A29+0.01 -> 10.09 | B32: Possuiu uma empresa de aluguer de cadeiras, mesas, toldos, equipamento de som? | L32: 1 = Sim | M32: 2 = Não
A35: =A32+0.01 -> 10.1 | B35: Possuiu qualquer outra empresa não-agrícola, mesmo que se trate de uma pequena atividade exercida no domicílio ou na rua (por exemplo, fabrico e venda de objetos de artesanato, tapetes, joias, entrançamento de esteiras, entrançamento de cabelo, salão de cabeleireiro, etc)? | L35: 1 = Sim | M35: 2 = Não
A38: =A35+0.01 -> 10.11 | B38: =CONCATENATE("A resposta a uma das perguntas (",A11,")"," a ","(",TEXT(A35,"0,00"),") é positiva?") -> A resposta a uma das perguntas (10,02) a (10,10) é positiva? | L38: 1 = Sim | M38: 2 = Não | N38: ► Secção 11

Sheet S10_Entreprises2
A1: SECÇÃO 10: EMPRESAS NÃO-AGRÍCOLAS | P1: SECÇÃO 10: EMPRESAS NÃO-AGRÍCOLAS | AD1: SECÇÃO 10: EMPRESAS NÃO-AGRÍCOLAS | AO1: SECÇÃO 10: EMPRESAS NÃO-AGRÍCOLAS | BI1: SECÇÃO 10: EMPRESAS NÃO-AGRÍCOLAS | BT1: SECÇÃO 10: EMPRESAS NÃO-AGRÍCOLAS | CL1: SECÇÃO 10: EMPRESAS NÃO-AGRÍCOLAS
A2: PARTE B: CARACTERÍSTICAS DAS EMPRESAS NÃO-AGRÍCOLAS | P2: PARTE B: CARACTERÍSTICAS DAS EMPRESAS NÃO-AGRÍCOLAS | AD2: PARTE B: CARACTERÍSTICAS DAS EMPRESAS NÃO-AGRÍCOLAS | AO2: PARTE B: CARACTERÍSTICAS DAS EMPRESAS NÃO-AGRÍCOLAS | BI2: PARTE B: CARACTERÍSTICAS DAS EMPRESAS NÃO-AGRÍCOLAS | BT2: PARTE B: CARACTERÍSTICAS DAS EMPRESAS NÃO-AGRÍCOLAS | CL2: PARTE B: CARACTERÍSTICAS DAS EMPRESAS NÃO-AGRÍCOLAS
B4: (10.12) Quantas empresas possui o agregado familiar:
A6: NÚMERO DE ORDEM DA EMPRESA (N.E.) | B6: =10.13 -> 10.13 | C6: =B6+0.01 -> 10.14 | D6: =C6+0.01 -> 10.15 | F6: =D6+0.01 -> 10.16 | H6: =F6+0.01 -> 10.17 | I6: =H6+0.01 -> 10.18 | K6: =I6+0.01 -> 10.19 | M6: =K6+0.01 -> 10.2 | N6: =M6+0.01 -> 10.21 | O6: =N6+0.01 -> 10.22 | P6: NÚMERO DE ORDEM DA EMPRESA (N.E.) | Q6: =O6+0.01 -> 10.23 | S6: =Q6+0.01 -> 10.24 | T6: =S6+0.01 -> 10.25 | U6: =T6+0.01 -> 10.26 | V6: =U6+0.01 -> 10.27 | W6: =V6+0.01 -> 10.28 | X6: =W6+0.01 -> 10.29 | Y6: =X6+0.01 -> 10.3 | Z6: =Y6+0.01 -> 10.31 | AA6: =Z6+0.01 -> 10.32 | ... AC6: =AB6+0.01 -> 10.34 | AD6: NÚMERO DE ORDEM DA EMPRESA (N.E.) | AE6: =AC6+0.01 -> 10.35 | AF6: =AE6+0.01 -> 10.36 | AG6: =AF6+0.01 -> 10.37 | AH6: =AG6+0.01 -> 10.38 | AI6: =AH6+0.01 -> 10.39 | AJ6: =AI6+0.01 -> 10.4 | AK6: =AJ6+0.01 -> 10.41 | AL6: =AK6+0.01 -> 10.42 | AM6: =AL6+0.01 -> 10.43 | AN6: =AM6+0.01 -> 10.44 | AO6: NÚMERO DE ORDEM DA EMPRESA (N.E.) | AP6: =AN6+0.01 -> 10.45 | BE6: =AP6+0.01 -> 10.46 | BF6: =BE6+0.01 -> 10.47 | BG6: =BF6+0.01 -> 10.48 | BH6: =BG6+0.01 -> 10.49 | BI6: NÚMERO DE ORDEM DA EMPRESA (N.E.) | BJ6: =BH6+0.01 -> 10.5 | BK6: =BJ6+0.01 -> 10.51 | BL6: =BK6+0.01 -> 10.52 | BM6: =BL6+0.01 -> 10.53 | BN6: =BM6+0.01 -> 10.54 | BO6: =BN6+0.01 -> 10.55 | BP6: =BO6+0.01 -> 10.56 | BQ6: =BP6+0.01 -> 10.57 | BR6: =BQ6+0.01 -> 10.58 | BS6: =BR6+0.01 -> 10.59 | BT6: NÚMERO DE ORDEM DA EMPRESA (N.E.) | BU6: =BS6+0.01 -> 10.6 | BV6: =BU6+0.01 -> 10.61 | CL6: NÚMERO DE ORDEM DA EMPRESA (N.E.) | CM6: =BV6+0.01 -> 10.62
B7: Qual é o codigo ID do respondente principal desta empresa? | C7: Qual é o nome do proprietário principal ou o nome da empresa, se aplicável? | D7: Qual é o codigo ID do(s) proprietário(s) desta empresa? (Indicar no máximo 2 pessoas) | F7: Favor indicar o principal bem e/ou serviço produzido/prestado por esta empresa? | H7: Código do ramo (preencher depois da entrevista) | I7: Qual é o codigo ID da(s) pessoa(s) que gere(m) esta empresa? (Indicar no máximo 2 pessoas) Se gerente nao é membro do AF, escrever 98 | K7: Qual é o codigo ID da(s) pessoa(s) que gere(m) as receitas desta empresa? (Indicar no máximo 2 pessoas) Se a pessoa que gere as receitas nao é é membro do AF, escrever 98 | M7: Desde quando funciona a empresa? | N7: Quantas pessoas não pertencentes ao agregado familiar são coproprietárias desta empresa? | O7: Que parte dos lucros reverte para o agregado familiar? | Q7: Em que tipo de local é exercida a atividade? | S7: O agregado familiar é proprietário ou arrendatário do local? | T7: Qual é o valor atual dos locais profissionais desta empresa? | U7: Esta empresa dispõe de eletricidade? | V7: Esta empresa dispõe de água corrente? | W7: Esta empresa ou o seu gestor dispõe de um telefone? | X7: Esta empresa possui contabilidade escrita? | Y7: Esta empresa dispõe de um número de identificação fiscal (NIF)? | Z7: Esta empresa está registada na Conservatória do Registo Comercial (CRC)? | AA7: As pessoas que trabalham nesta empresa estão registadas no Instituto Nacional de Segurança Social (INSS)? | AB7: Qual é o estatuto jurídico desta empresa? | AC7: Qual foi a principal fonte de financiamento que o ajudou a criar esta empresa? | AE7: Esta empresa possui maquinaria? | AF7: Qual é o valor atual desta maquinaria? | AG7: Esta empresa possui material circulante (viaturas, motociclos, etc.)?? | AH7: Qual é o valor atual deste material circulante? | AI7: Esta empresa possui mobiliário e equipamento de escritório? | AJ7: Qual é o valor atual deste mobiliário e equipamento de escritório? | AK7: Esta empresa possui outros equipamentos (por exemplo, panelas ou louça, no caso de um restaurante, pequenos utensílios de carpintaria, etc.)? | AL7: Qual é o valor atual destes equipamentos? | AM7: A quem compra principalmente esta empresa as suas matérias-primas ou mercadorias? | AN7: A quem vende principalmente esta empresa os seus produtos? | AP7: Nos últimos 12 meses, a empresa deparou com os seguintes problemas no exercício da sua atividade? Inscrever 1 para Sim, 2 para Não e 3 para Não abrangido | BE7: Qual foi o montante obtido com a revenda de mercadorias compradas e revendidas no estado em que se encontram durante os últimos 30 dias ou durante o último mês em que a empresa funcionou? | BF7: Quanto despendeu na compra destas mercadorias revendidas no estado em que se encontram durante os últimos 30 dias ou durante o último mês em que a empresa funcionou? | BG7: Qual foi o montante obtido com a venda de produtos transformados pela empresa durante os últimos 30 dias ou durante o último mês em que a empresa funcionou? | BH7: Quanto despendeu na compra de matérias-primas para os produtos vendidos durante os últimos 30 dias ou durante o último mês em que a empresa funcionou? | BJ7: Qual foi o montante obtido com os serviços prestados pela empresa durante os últimos 30 dias ou durante o último mês em que a empresa funcionou? | BK7: Quanto despendeu noutros consumos intermédios (telefone, transporte, materiais, etc.) durante os últimos 30 dias ou durante o último mês em que a empresa funcionou? | BL7: Quanto despendeu em despesas de arrendamento, água e eletricidade durante os últimos 30 dias ou durante o último mês em que a empresa funcionou? | BM7: Quanto despendeu em despesas de serviços para utilizar ou alugar equipamentos durante os últimos 30 dias ou durante o último mês em que a empresa funcionou? | BN7: Quanto despendeu noutras despesas e serviços durante os últimos 30 dias ou durante o último mês em que a empresa funcionou? (reparação de equipamento, etc.) | BO7: Qual foi o montante de imposto comercial pago pela empresa nos últimos 12 meses? | BP7: Qual foi o montante dos outros impostos e taxas pagos pela empresa nos últimos 12 meses? | BQ7: Qual foi o montante das despesas administrativas não regulamentares pagas pela empresa nos últimos 12 meses? | BR7: Esta empresa está atualmente em atividade? | BS7: Durante quantos meses esteve a empresa em atividade nos últimos 12 meses? | BU7: Por que razão a empresa não funcionou durante o tempo todo nos últimos 12 meses? | BV7: Mão de obra familiar que trabalhou nesta empresa nos últimos 12 meses | CM7: Mão de obra assalariada que trabalhou nesta empresa nos últimos 30 dias ou no último mês em que a empresa funcionou
BV8: Prestar informações em baixo sobre cada membro do agregado familiar que tenha trabalhado na empresa,
BV9: começando pelo chefe da empresa
BV10: A. Código ID (número de ordem) da pessoa | CM10: A. Número de pessoas da categoria que trabalharam na empresa durante este período
AC11: 1. Fundos próprios | AP11: Dificuldades de abastecimento em matérias-primas | AQ11: Falta de clientela | AR11: Demasiada concorrência | AS11: Dificuldades de acesso ao crédito | AT11: Dificuldades de recrutamento de pessoal qualificado | AU11: Falta de instalações, de local adequado | AV11: Dificuldades de acesso aos equipamentos | AW11: Dificuldades técnicas de fabrico | AX11: Dificuldades técnicas de gestão | AY11: Problemas de acesso a eletricidade | AZ11: Problemas de cortes de eletricidade | BA11: Problemas ligados a outra infraestrutura (água, telefone) | BB11: Problemas de ligação à Internet | BC11: Problemas de insegurança | BD11: Excesso de regulamentação, impostos e taxas | BU11: 1. Falência
O12: 1. Menos de 25% | Q12: 1 Escritório, oficina, armazém, loja, garagem | AC12: 2. Ajuda de um dos parentes no país | BU12: 2. Atividade sazonal | BV12: B. Número de meses nos últimos 12 meses em que a pessoa trabalhou na empresa | CM12: A. Número de dias em que uma pessoa da categoria trabalhou na empresa durante este período
O13: 2. Entre 25 e 50% | AC13: 3. Ajuda de um dos parentes no estrangeiro | AM13: 1. Setor público | AN13: 1. Setor público | BU13: 3 Falta de clientes
O14: 3. Entre 50 e 75% | Q14: =CONCATENATE("2 Posto fixo na via pública ► (",W6,")") -> 2 Posto fixo na via pública ► (10,28) | AB14: 1. Empresa em nome individual | AC14: 4. Empréstimo de outro agregado familiar | AM14: 2. Grande entidade comercial privada | AN14: 2. Grande entidade comercial privada | BU14: 4. Falta de mão de obra | BV14: C. Quantos dias por mês dedica a pessoa à empresa? | CM14: A. Número de horas diárias em que uma pessoa da categoria trabalhou na empresa durante este período
O15: 4. Mais de 75% | S15: 1 Proprietário | AC15: 5. Empréstimo de uma tontina/abota | AM15: 3. Pequena entidade comercial | AN15: 3. Pequena entidade comercial | BU15: 5. Falta de matérias-primas/problemas técnicos
Q16: =CONCATENATE("3 Posto móvel na via pública ► (",W6,")") -> 3 Posto móvel na via pública ► (10,28) | S16: =CONCATENATE("2 Arrendatário ►(",U6,")") -> 2 Arrendatário ►(10,26) | U16: 1. Sim | V16: 1. Sim | W16: 1. Sim | X16: 1. Sim, transmitida à Direção-Geral de Contribuição e Impostos | Y16: 1. Sim | Z16: 1. Sim | AA16: 1. Sim | AB16: 2. Cooperativas/Agrupamentos Complementares de Empresas | AC16: 6. Empréstimo bancário ou de APMF | AM16: 4. Grande entidade não comercial privada | AN16: 4. Grande entidade não comercial privada | BU16: 6. Criada no decurso do ano | BV16: D. Número de horas diárias que a pessoa dedicou à empresa | CM16: D. Salário pago a uma pessoa da categoria que trabalhou na empresa durante este período (em francos FCA)
N17: =CONCATENATE("SE ZERO ►(", TEXT(Q6,"00,23"),")") -> SE ZERO ►(10,23) | U17: 2. Não | V17: 2. Não | W17: 2. Não | Y17: 2. Não | Z17: 2. Não | AA17: 2. Não | AC17: 7. Empréstimo/apoio de uma cooperativa | BR17: 1. Sim | BS17: =CONCATENATE("Se 12 ►(",ROUND(BV6,2),")") -> Se 12 ►(10,61) | BU17: 7 Encerrada por não pagamento de impostos
Q18: =CONCATENATE("4 No domicílio ►(",W6,")") -> 4 No domicílio ►(10,28) | AA18: 3. NC | AC18: 8. Empréstimo/apoio de uma ONG | AM18: 5. Pequena entidade não comercial | AN18: 5. Pequena entidade não comercial | BR18: 2. Não
Q19: =CONCATENATE("5 Domicílio dos clientes ►(",W6,")") -> 5 Domicílio dos clientes ►(10,28) | X19: 2. Sim, não transmitida à Direção-Geral dos Impostos | AC19: 9. Outro (especificar) | AE19: 1. Sim | AG19: 1. Sim | AI19: 1. Sim | AK19: 1. Sim | AM19: 6. Agregado familiar/particular | AN19: 6. Agregado familiar/particular | BU19: 8. Problemas de saúde
Q20: =CONCATENATE("6 Viatura, motorizada ►(",W6,")") -> 6 Viatura, motorizada ►(10,28) | AE20: =CONCATENATE("2. Não ►(",ROUND(AG6,2),")") -> 2. Não ►(10,37) | AG20: =CONCATENATE("2. Não ►(",ROUND(AI6,2),")") -> 2. Não ►(10,39) | AI20: =CONCATENATE("2. Não ►(",TEXT(ROUND(AK6,2),"0,41"),")") -> 2. Não ►(10,41) | AK20: =CONCATENATE("2. Não ►(",ROUND(AM6,2),")") -> 2. Não ►(10,43) | AM20: 7. Importações diretas | AN20: 7. Exportações diretas | BU20: 9. Insegurança, delinquência, banditismo
Q21: =CONCATENATE("7 Ambulante ► (",W6,")") -> 7 Ambulante ► (10,28) | AB21: 3. Outros (especificar) | AM21: 8. Apanha/colheita | BE21: (INSCREVER ZERO NO CASO DE DESPESA NULA) | BF21: (INSCREVER ZERO NO CASO DE DESPESA NULA) | BG21: (INSCREVER ZERO NO CASO DE DESPESA NULA) | BH21: (INSCREVER ZERO NO CASO DE DESPESA NULA) | BJ21: (INSCREVER ZERO NO CASO DE DESPESA NULA) | BK21: (INSCREVER ZERO NO CASO DE DESPESA NULA) | BL21: (INSCREVER ZERO NO CASO DE DESPESA NULA) | BM21: (INSCREVER ZERO NO CASO DE DESPESA NULA) | BN21: (INSCREVER ZERO NO CASO DE DESPESA NULA) | BO21: (INSCREVER ZERO NO CASO DE DESPESA NULA) | BP21: (INSCREVER ZERO NO CASO DE DESPESA NULA) | BQ21: (INSCREVER ZERO NO CASO DE DESPESA NULA)
Q22: =CONCATENATE("8 Outro (especificar) ►(",W6,")") -> 8 Outro (especificar) ►(10,28) | X22: 3. Não, contabilidade inexistente | AM22: 9. Não abrangido | BU22: 10. Instabilidade política
BU23: 11. Outras razões
CM24: Adultos (15 anos ou mais) | CU24: Crianças (menos de 15 anos)
D25: Prop. 1 | E25: Prop. 2 | H25: CÓDIGO DO RAMO | I25: Gerente 1 | J25: Gerente 2 | K25: Diretor 1 | L25: Diretor 2 | M25: ANO | N25: NÚMERO | O25: CÓDIGO | Q25: CÓDIGO | S25: CÓDIGO | T25: FRANCOS CFA | U25: CÓDIGO | V25: CÓDIGO | W25: CÓDIGO | X25: CÓDIGO | Y25: CÓDIGO | Z25: CÓDIGO | AA25: CÓDIGO | AB25: CÓDIGO | AC25: CÓDIGO | AE25: CÓDIGO | AF25: FRANCOS CFA | AG25: CÓDIGO | AH25: FRANCOS CFA | AI25: CÓDIGO | AJ25: FRANCOS CFA | AK25: CÓDIGO | AL25: FRANCOS CFA | AM25: CÓDIGO | AN25: CÓDIGO | AP25: CÓDIGO | AQ25: CÓDIGO | AR25: CÓDIGO | AS25: CÓDIGO | AT25: CÓDIGO | AU25: CÓDIGO | AV25: CÓDIGO | AW25: CÓDIGO | AX25: CÓDIGO | AY25: CÓDIGO | AZ25: CÓDIGO | BA25: CÓDIGO | BB25: CÓDIGO | BC25: CÓDIGO | BD25: CÓDIGO | BE25: MONTANTE EM FRANCOS CFA | BF25: MONTANTE EM FRANCOS CFA | BG25: MONTANTE EM FRANCOS CFA | BH25: MONTANTE EM FRANCOS CFA | BJ25: MONTANTE EM FRANCOS CFA | BK25: MONTANTE EM FRANCOS CFA | BL25: MONTANTE EM FRANCOS CFA | BM25: MONTANTE EM FRANCOS CFA | BN25: MONTANTE EM FRANCOS CFA | BO25: MONTANTE EM FRANCOS CFA | BP25: MONTANTE EM FRANCOS CFA | BQ25: MONTANTE EM FRANCOS CFA | BR25: CÓDIGO | BS25: NÚMERO DE MESES | BU25: CÓDIGO | BV25: Pessoa 1 | BZ25: Pessoa 2 | CD25: Pessoa 3 | CH25: Pessoa 4 | CM25: Homens | CQ25: Mulheres | CU25: Rapazes | CY25: Raparigas
B26: CÓDIGO ID: | C26: NOME | D26: CÓDIGO ID: | E26: CÓDIGO ID: | F26: Produto/serviço fabricado | I26: CÓDIGO ID: | J26: CÓDIGO ID: | K26: CÓDIGO ID: | L26: CÓDIGO ID: | BV26: ID | BW26: Meses | BX26: Dias | BY26: H | BZ26: ID | CA26: Meses | CB26: Dias | CC26: H | CD26: ID | CE26: Meses | CF26: Dias | CG26: H | CH26: ID | CI26: Meses | CJ26: Dias | CK26: H | CM26: A | CN26: B | CO26: C | CP26: D | CQ26: A | CR26: B | CS26: C | CT26: D | CU26: A | CV26: B | CW26: C | CX26: D | CY26: A | CZ26: B | DA26: C | DB26: D
A27: 1 | P27: 1 | AD27: 1 | AO27: 1 | BI27: 1 | BT27: 1 | CL27: 1
A28: 2 | P28: 2 | AD28: 2 | AO28: 2 | BI28: 2 | BT28: 2 | CL28: 2
A29: 3 | P29: 3 | AD29: 3 | AO29: 3 | BI29: 3 | BT29: 3 | CL29: 3
A30: 4 | P30: 4 | AD30: 4 | AO30: 4 | BI30: 4 | BT30: 4 | CL30: 4
A31: 5 | P31: 5 | AD31: 5 | AO31: 5 | BI31: 5 | BT31: 5 | CL31: 5
A32: 6 | P32: 6 | AD32: 6 | AO32: 6 | BI32: 6 | BT32: 6 | CL32: 6
A33: 7 | P33: 7 | AD33: 7 | AO33: 7 | BI33: 7 | BT33: 7 | CL33: 7
A34: 8 | P34: 8 | AD34: 8 | AO34: 8 | BI34: 8 | BT34: 8 | CL34: 8
A35: 9 | P35: 9 | AD35: 9 | AO35: 9 | BI35: 9 | BT35: 9 | CL35: 9
A36: 10 | P36: 10 | AD36: 10 | AO36: 10 | BI36: 10 | BT36: 10 | CL36: 10

Sheet S11_Logement
A1: SECÇÃO 11: CARACTERÍSTICAS DA HABITAÇÃO
E2: 11 | F2: Inscreva o código ID do respondente principal da secção:
A4: 11.01 | B4: Tipo de alojamento atual? | J4: =A38+0.01 -> 11.08 | K4: Qual é o montante mensal da renda, incluindo os benefícios associados ao alojamento (água, eletricidade, telefone, etc.) pago por este(s) terceiro(s)? (FRANCOS CFA) | S4: =J40+0.01 -> 11.16 | T4: Durante os últimos 12 meses, o agregado familiar
B5: 1 | D5: Apartamento num imóvel | G5: 7 | H5: Baraca | T5: pagou reembolsos do crédito sobre este alojamento?
B6: 2 | D6: Moradia | G6: 8 | H6: Outro (especificar) | T6: 1 | U6: Sim
B7: 3 | D7: Vivenda ou casa individual | T7: 2 | U7: =CONCATENATE("Não ►(",S13,")") -> Não ►(11,18)
B8: 4 | D8: Casa numa concessão | S8: =S4+0.01 -> 11.17 | T8: Qual é o montante mensal destas prestações? (FRANCOS CFA)
B9: 5 | D9: Casas em banda (casernas) | M9: ►► | N9: =S13 -> 11.18
B10: 6 | D10: Unidades independentes | J10: =J4+0.01 -> 11.09 | K10: Quais são os membros do agregado familiar que figuram no título/escritura de propriedade? Escrever 98 se nenhum membro do agregado familiar figurar no título de propriedade
A11: =A4+0.01 -> 11.02 | B11: Quantas divisões ocupa o agregado familiar?
K12: código ID da pessoa
B13: (NÃO INCLUIR COZINHAS, CASAS DE BANHO, CORREDORES, VARANDAS) | S13: =S8+0.01 -> 11.18 | T13: O agregado familiar possui uma empresa que funciona no alojamento?
K14: código ID da pessoa
A15: =A11+0.01 -> 11.03 | B15: O alojamento dispõe dos seguintes equipamentos? | J15: =J10+0.01 -> 11.1 | K15: Alguma pessoa não pertencente ao agregado familiar figura no título/escritura de propriedade? | U15: 1 Sim
C16: 1 Sim 2 Não | U16: 2 Não
B17: A | C17: Aparelhos de ar condicionado/splits que fazem parte do alojamento | M17: 1 Sim | S17: =S13+0.01 -> 11.19 | T17: Qual é o principal material de construção
B18: B | C18: Caldeira (para água quente) | M18: =CONCATENATE("2 Não ►(",TEXT(ROUND(J31,2),"0,14"),")") -> 2 Não ►(11,14) | T18: das paredes exteriores?
B19: C | C19: Ventoinhas montadas no teto | J19: =J15+0.01 -> 11.11 | K19: Quem é a pessoa não pertencente ao agregado familiar que figura no título de propriedade? | T19: 1 | U19: Cimento/betão/pedras de cantaria
A20: =A15+0.01 -> 11.04 | B20: Qual é o seu estatuto de ocupação atual? | T20: 2 | U20: Tijolo cozido | X20: 6 Pedras simples (tradicionais)
M21: 1 Parente | T21: 3 | U21: Chapas de aluminio, vidros, etc. | Y21: 7 Palha, Banco, torrão de terra
B22: 1 | C22: Proprietário com título ou escritura de propriedade ► | I22: =J10 -> 11.09 | M22: 2 Amigo ou outra pessoa | T22: 4 | U22: Taipe | Y22: 8 Adobe
B23: 2 | C23: Proprietário sem título ou escritura de propriedade ► | I23: =J25 -> 11.12 | M23: 3 Outro (especificar) | T23: 5 | U23: Materiais de recuperação (tábuas, chapas, etc.) | Y23: 9 Outro (especificar)
B24: 3 | C24: Coproprietário com título ou escritura ► | I24: =J10 -> 11.09 | M24: ►► | N24: =J37 -> 11.14 | S24: =S17+0.01 -> 11.2 | T24: Qual é o principal material do telhado?
B25: 4 | C25: Coproprietário sem título ou escritura ► | I25: =J25 -> 11.12 | J25: =J19+0.01 -> 11.12 | K25: Qual é a razão principal para o agreagado familiar não possuir um título ou certificado de propriedade? | T25: 1 | U25: Laje de cimento | X25: 7 | Y25: Esteiras
B26: 5 | C26: Arrendatário | T26: 2 | U26: Telha | X26: 8 | Y26: Outro (especificar)
B27: 6 | C27: Alojado pela entidade patronal ► | I27: =S13 -> 11.18 | K27: 1 | L27: Não é exigido por lei | Q27: 5 Outro (especificar) | T27: 3 | U27: Zinco
B28: 7 | C28: Alojado gratuitamente parentes amigos) ► | I28: =S13 -> 11.18 | K28: 2 | L28: As despesas de emissão são demasiado elevadas | T28: 4 | U28: Palha
B29: 8 | C29: Outro (especificar)► | I29: =S13 -> 11.18 | K29: 3 | L29: Repartição de registo demasiado distante | T29: 5 | U29: Adobe
A30: =A20+0.01 -> 11.05 | B30: Qual é o montante mensal da renda? (FRANCOS CFA) | K30: 4 | L30: Processo em curso | T30: 6 | U30: Restolho (Palha de cibe)
J31: =J25+0.01 -> 11.13 | K31: Que documento comprova os seus direitos de propriedade? | S31: =S24+0.01 -> 11.21 | T31: Qual é o principal material de revestimento do pavimento da habitação?
K32: 1 | L32: Fatura de venda
K33: 2 | L33: Fatura de impostos | T33: 1 | U33: Ladrilhos/mármore | X33: 5 | Y33: Outro (especificar)
A34: =+A30+0.01 -> 11.06 | B34: A renda é paga parcial ou totalmente por um terceiro não pertencente ao agregado familiar? | K34: 3 | L34: Documentos relativos à herança | T34: 2 | U34: Cimento/betão
K35: 4 | L35: Outro (especificar) | T35: 3 | U35: Terra batida/areia
D36: 1 Sim | K36: 5 | L36: Nenhum documento | T36: 4 | U36: Excrementos de animais
D37: 2 Não | E37: ► | F37: =S13 -> 11.18 | J37: =J31+0.01 -> 11.14 | K37: As pessoas nesta aldeia/bairro vendem habitações? | S37: =S31+0.01 -> 11.22 | T37: O agregado familiar está ligado a uma rede de abastecimento de água corrente?
A38: =A34+0.01 -> 11.07 | B38: Quem é esse terceiro não pertencente ao agregado familiar que paga parcial ou totalmente a renda? (Indique o mais importante) | L38: 1 Sim | T38: 1 Sim
L39: =CONCATENATE("2 Não ►(",TEXT(ROUND(S4,2),"0,16"),")") -> 2 Não ►(11,16) | T39: 2 Não | W39: =CONCATENATE("► (",A56,")") -> ► (11,25)
J40: =J37+0.01 -> 11.15 | K40: Qual é o montante (Francos CFA) pago por uma habitação como a sua nesta aldeia/bairro? | S40: =S37+0.01 -> 11.23 | T40: Para os agregados familiares alojados pelo empregador ou outros, o serviço de água corrente está incluído na renda?
A41: 1 | B41: Parente
A42: 2 | B42: Amigo ou outra pessoa | U42: 1 | V42: =CONCATENATE("Sim ► (",A56,")") -> Sim ► (11,25)
A43: 3 | B43: Empregador privado | F43: 5 | G43: Empresa pública | U43: 2 | V43: Não
A44: 4 | B44: Governo | F44: 6 | G44: Outro (especificar) | U44: 3 | V44: Agregado familiar não alojado
A46: =S40+0.01 -> 11.24 | B46: Qual foi o montante da última fatura de água? (Em Francos CFA) | J46: =A65+0.01 -> 11.28 | K46: Qual é a distância (em metros) que separa o agregado da principal fonte de abastecimento de água para beber na estação seca? | S46: =J79+0.01 -> 11.34 | T46: O agregado familiar está ligado a uma rede elétrica?
T47: 1 Sim, agregado familiar ligado a uma rede
T48: 2 Sim, agregado familiar ligado ao vizinho
J49: =CONCATENATE("Se a fonte se situar no agregado familiar, inscrever 0 ► (",TEXT(ROUND(J60,2),"0,00"),")") -> Se a fonte se situar no agregado familiar, inscrever 0 ► (11,30) | T49: =CONCATENATE("3 Ligado diretamente ao poste►(",TEXT(ROUND(S61,2),"0.37"),")") -> 3 Ligado diretamente ao poste►(11.37)
B50: Periodicidade da última fatura | T50: =CONCATENATE("4 Não, agregado familiar não ligado ►(",TEXT(ROUND(S69,2),"0,38"),")") -> 4 Não, agregado familiar não ligado ►(11,38)
B51: 1 Semanal | S51: =S46+0.01 -> 11.35 | T51: Para os agregados familiares alojados pelo empregador ou outros, o serviço de eletricidade está incluído na renda?
B52: 2 Mensal | J52: =J46+0.01 -> 11.29 | K52: Quanto tempo (em minutos) demora a chegar à principal fonte de abastecimento de água para beber na estação seca?
B53: 2 Bimestral | U53: 1 | V53: Sim | X53: =CONCATENATE("► (",TEXT(ROUND(S69,2),"0,38"),")") -> ► (11,38)
B54: 4 Trimestral | U54: 2 | V54: Não
J55: Tempo de ida | N55: Minutos | U55: 3 | V55: Agregado familiar não alojado
A56: =A46+0.01 -> 11.25 | B56: O agregado familiar compra água a vendedores ou a outro agregado familiar? | S56: =S51+0.01 -> 11.36 | T56: De que tipo de subscrição dispõe o agregado familiar?
J57: Tempo despendido para se abastecer uma vez na fonte
C58: 1 | D58: Sim | N58: Horas/minutos | T58: 1 | U58: Contador clássica | X58: 5 Sem contador
C59: 2 | D59: =CONCATENATE("Não ►(", TEXT(A65,"0,27"),")") -> Não ►(11,27) | T59: 2 | U59: Contador com cartao pré-pago
A60: =A56+0.01 -> 11.26 | B60: Qual foi o montante destas despesas nos últimos 30 dias? (Em Francos CFA) | J60: =J52+0.01 -> 11.3 | K60: Qual é a distância (em metros) que separa o agregado da principal fonte de abastecimento de água para beber na estação chuvosa? | T60: 3 | U60: Os dois
S61: =S56+0.01 -> 11.37 | T61: Qual foi o montante da última fatura de eletricidade?
J63: =CONCATENATE("Se a fonte se situar no agregado familiar, inscrever 0 ► (",TEXT(ROUND(J73,2),"0,32"),")") -> Se a fonte se situar no agregado familiar, inscrever 0 ► (11,32)
T64: Periodicidade da última fatura
A65: =A60+0.01 -> 11.27 | B65: Qual é a principal fonte de abastecimento de água potável da habitação? | J65: =J60+0.01 -> 11.31 | K65: Quanto tempo (em minutos) demora a chegar à principal fonte de abastecimento de água para beber na estação chuvosa? | T65: 1 Semanal
T66: 2 Mensal
B67: ÁGUA DA TORNEIRA | T67: 2 Bimestral
A68: 1 | B68: Na habitação | J68: Tempo de ida | N68: Minutos | T68: 4 Trimestral
A69: 2 | B69: No pátio/concessão | G69: Estação seca | S69: =S61+0.01 -> 11.38 | T69: Qual é a principal fonte de iluminação da habitação?
A70: 3 | B70: Torneira do vizinho | J70: Tempo despendido para se abastecer uma vez na fonte | T70: 1 | U70: Eletricidade da rede
A71: 4 | B71: Fontanário/torneira pública | N71: Horas/minutos | T71: 2 | U71: =CONCATENATE("Electricidade (gerador) ► (",TEXT(ROUND(A97,2),"0,43"),")") -> Electricidade (gerador) ► (11,43)
B72: POÇO ABERTO | T72: 3 | U72: =CONCATENATE("Candeeiro a petróleo ► (",TEXT(ROUND(A97,2),"0,43"),")") -> Candeeiro a petróleo ► (11,43)
A73: 5 | B73: Poço aberto no pátio/concessão | J73: =J65+0.01 -> 11.32 | K73: Faz alguma coisa para purificar a água para beber? | T73: 4 | U73: =CONCATENATE("Candeeiro a pilhas ► (",TEXT(ROUND(A97,2),"0,00"),")") -> Candeeiro a pilhas ► (11,43)
A74: 6 | B74: Poço aberto noutro local | T74: 5 | U74: =CONCATENATE("Parafina/Lenha/Madeira► (",TEXT(ROUND(A97,2),"0,00"),")") -> Parafina/Lenha/Madeira► (11,43)
B75: POÇO COBERTO OU PERFURADO | M75: 1 Sim | T75: 6 | U75: =CONCATENATE("Placa solar ► (", TEXT(ROUND(A97,2),"0,43"),")") -> Placa solar ► (11,43)
A76: 7 | B76: Poço coberto no pátio/concessão | M76: =CONCATENATE("2 Não ► (",ROUND(S46,2),")") -> 2 Não ► (11,34) | T76: 7 | U76: =CONCATENATE("outros (a precisar) ► (",TEXT(ROUND(A97,2),"0,00"),")") -> outros (a precisar) ► (11,43)
T77: 8 | U77: =CONCATENATE("Vela ► (",TEXT(ROUND(A97,2),"0,00"),")") -> Vela ► (11,43)
A78: 8 | B78: Poço coberto noutro local | M78: =CONCATENATE("3 Não sabe ► (",ROUND(S46,2),")") -> 3 Não sabe ► (11,34) | S78: =S69+0.01 -> 11.39 | T78: Nos últimos 7 dias, ocorreu pelo menos um corte de corrente elétrica na sua habitação?
A79: 9 | B79: Poço perfurado na concessão | J79: =J73+0.01 -> 11.33 | K79: O que faz habitualmente para purificar a água para beber?
A80: 10 | B80: Poço perfurado noutro local | W80: 1 Sim
B81: ÁGUA DE SUPERFÍCIE | G81: Estação das chuvas | K81: (Responder a cada pergunta com Sim ou Não) | Q81: 1 Sim | R81: 2 Não | W81: =CONCATENATE("2 Não ► (",TEXT(ROUND(A97,2),"0,43"),")") -> 2 Não ► (11,43)
A82: 11 | B82: Fonte melhorada | L82: 1 | M82: Fervo-a | S82: =S78+0.01 -> 11.4 | T82: Durante quantos dias suportou pelo menos um corte de corrente nos últimos 7 dias?
A83: 12 | B83: Fonte não melhorada | L83: 2 | M83: Adiciono lixívia/cloro, comprimido
A84: 13 | B84: Rio/regato/lago/represa | L84: 3 | M84: Filtro-a com um pano | W84: Número de dias
B85: OUTRAS FONTES | L85: 4 | M85: Utilizo um filtro (cerâmico, areia
A86: 14 | B86: Água engarrafada | M86: composto, etc.) | S86: =S82+0.01 -> 11.41 | T86: Qual é o número médio de cortes registado por dia?
A87: 15 | B87: Águas pluviais | L87: 5 | M87: Desinfeção solar
A88: 16 | B88: Vendedores ambulantes | L88: 6 | M88: Deixo-a assentar | W88: Número de cortes
A89: 17 | B89: Outro (especificar) | L89: 7 | M89: Outro (especificar)
A91: =S86+0.01 -> 11.42 | B91: Qual é a duração média de um corte? | J91: =A124+0.01 -> 11.49 | K91: Qual é o tipo de ligação à Internet usado pelo agregado familiar? | S91: =J125+0.01 -> 11.55 | T91: Que tipo de instalação sanitária utiliza o seu agregado familiar?
B92: 1 | C92: Menos de 15 minutos | K92: 1 | L92: Rede telefónica comutada (Modem) | S92: 1 Sanita interior com descarga de água
B93: 2 | C93: Entre 15 minutos e menos de 30 minutos | K93: 2 | L93: ADSL | S93: 2 Sanita exterior com descarga de água | X93: 8. Latrinas de laje simples
B94: 3 | C94: Entre 30 minutos e menos de uma hora | K94: 3 | L94: Fibra ótica (alta velocidade) | S94: 3.Sanita interior com descarga de água manual | X94: 9. Fossa rudimentar/buraco a céu aberto
B95: 4 | C95: Entre uma hora e menos de 3 horas | K95: 4 | L95: Satélite | S95: 4.Sanita exterior com descarga de água manual | X95: 10.Casas de banho públicas | Z95: ► | AA95: =S116 -> 11.6
B96: 5 | C96: Mais de 3 horas | K96: 5 | L96: Acesso móvel (pen drive internet, Wi-Fi, etc.) | S96: 5 Latrinas VIP (de laje, ventiladas) | X96: 11.Nenhuma sanita (na natureza) | Z96: ► | AA96: =S116 -> 11.6
A97: =A91+0.01 -> 11.43 | B97: O agregado familiar está ligado a uma rede fixa de telecomunicações? | J97: =J91+0.01 -> 11.5 | K97: O agregado familiar é assinante de cadeias de televisão por cabo, satélite ou ADSL? | S97: 6 Latrinas ECOSAN (de laje, cobertas)
C98: 1 | D98: Sim | S98: 7 Latrinas SANPLAT (de laje, não cobertas) | Y98: 12. Outro (especificar)
C99: 2 | D99: =CONCATENATE("Não ► (",ROUND(A116,2),")") -> Não ► (11,46) | K99: 1 | L99: Sim | S99: =S91+0.01 -> 11.56 | T99: O agregado familiar partilha estas instalações sanitárias com outros agregados?
K100: 2 | L100: Não | M100: =CONCATENATE("Não ► (",ROUND(J115,2),")") -> Não ► (11,53) | U100: 1 | V100: Sim
A101: =A97+0.01 -> 11.44 | B101: Para os agregados familiares alojados, o serviço de telecomunicações fixas está incluído na renda? | J101: =J97+0.01 -> 11.51 | K101: Para os agregados familiares alojados (empregador ou outros), a assinatura da televisão por cabo/satélite está incluída na renda? | U101: 2 | V101: Não | W101: ► | X101: =S105 -> 11.58
S102: =S99+0.01 -> 11.57 | T102: Quantos outros agregados familiares usam estas instalações sanitárias?
D103: 1 Sim | E103: =CONCATENATE("► (",ROUND(A116,2),")") -> ► (11,46) | K103: 1 | L103: =CONCATENATE("Sim ► (",TEXT(ROUND(J115,2),"0.00"),")") -> Sim ► (0.12) | M103: =CONCATENATE("Não ► (",ROUND(J115,2),")") -> Não ► (11,53) | U103: Número:
D104: 2 Não | K104: 2 | L104: Não
...

Sheet S12_Avoirs
A1: SECÇÃO 12: ATIVOS DO AGREGADO FAMILIAR
B2: 12 | C2: Escrever o codigo ID do respondente deste secçao
A4: 12.01 | B4: BENS | H4: =A4+0.01 -> 12.02 | L4: =H4+0.01 -> 12.03 | P4: =L4+0.01 -> 12.04 | S4: =P4+0.01 -> 12.05 | Z4: =S4+0.01 -> 12.06 | AD4: =Z4+0.01 -> 12.07 | AG4: =AD4+0.01 -> 12.08 | AK4: =AG4+0.01 -> 12.09
A5: CÓDIGO DO BEM | H5: O agregado familiar ou um membro do agregado familiar possui/dispõe de [BEM] em boas condições de funcionamento? 1=Sim 2=Não ►BEM SEGUINTE | L5: Qual é o número de [BEM]? | P5: O bem pertence a um membro específico do agregado familiar? | S5: Qual é o CÓDIGO ID da(s) pessoa(s) que possui(em) estes bens? | Z5: Em que condições se encontrava o último bem quando foi adquirido? 1=Novo 2=Em segunda mão | AD5: Há quantos anos é possuidor de [BEM]? (SE FOREM VÁRIOS, CONSIDERAR A IDADE DO ÚLTIMO) | AG5: Qual foi o valor de aquisição de [BEM]? (SE FOREM VÁRIOS, CONSIDERAR O ÚLTIMO) | AK5: Qual é o valor (ou preço de revenda) atual de [BEM]? (SE FOREM VÁRIOS, CONSIDERAR O ÚLTIMO)
P11: 1=Sim
P12: =CONCATENATE("2=Não ►(",ROUND(Z4,2),")" ) -> 2=Não ►(12,06) | S12: Pessoa 1 | V12: Pessoa 2 | X12: Pessoa 3
B13: DESCRITIVO | H13: CÓDIGO | L13: NÚMERO | P13: CÓDIGO | S13: CÓDIGO ID: | V13: CÓDIGO ID: | X13: CÓDIGO ID: | Z13: CÓDIGO | AD13: ANOS | AG13: FRANCOS CFA | AK13: FRANCOS CFA
A14: 1 | B14: Conjunto de sala de estar (poltronas e mesa de apoio)
A15: =A14+1 -> 2 | B15: Mesa de jantar (mesa + cadeiras)
A16: =A15+1 -> 3 | B16: Cama
A17: =A16+1 -> 4 | B17: Colchão simples
A18: =A17+1 -> 5 | B18: Armários e outros móveis
A19: =A18+1 -> 6 | B19: Tapetes
A20: =A19+1 -> 7 | B20: Ferro de passar elétrico
A21: =A20+1 -> 8 | B21: Ferro de passar a carvão
A22: =A21+1 -> 9 | B22: Fogão elétrico ou a gás
A23: =A22+1 -> 10 | B23: Garrafa de gás
A24: =A23+1 -> 11 | B24: Fogão (placa) elétrico ou a gás
A25: =A24+1 -> 12 | B25: Forno micro-ondas ou elétrico
A26: =A25+1 -> 13 | B26: Lareiras melhoradas
... A58: =A57+1 -> 45 | B58: Terreno não edificado

Sheet S13a_Transferts
A1: SECÇÃO 13: TRANSFERÊNCIAS
A2: PARTE A: TRANSFERÊNCIAS RECEBIDAS PELO AGREGADO FAMILIAR
A4: 13.01 | B4: Nos últimos 12 meses, o agregado familiar ou um dos seus membros recebeu dinheiro proveniente de um filho, filha, pai, mãe, irmão, irmã, cônjuge ou outro membro da família não residente no agregado? | N4: =CONCATENATE("1=Sim 2=Não") -> 1=Sim 2=Não
A5: =A4+0.01 -> 13.02 | B5: Nos últimos 12 meses, o agregado familiar ou um dos seus membros recebeu dinheiro proveniente de qualquer outra pessoa não pertencente ao agregado? | N5: =CONCATENATE("1=Sim 2=Não") -> 1=Sim 2=Não
A6: =A5+0.01 -> 13.03 | B6: Nos últimos 12 meses, o agregado familiar ou um dos seus membros recebeu dinheiro em numerário por intermédio de um viajante, uma sociedade de transferência (Western Union, MoneyGram, etc.), banca móvel, fax, transportadoras, de um pai ou qualquer outra pessoa não pertencente ao agregado? | N6: =CONCATENATE("1=Sim 2=Não") -> 1=Sim 2=Não
H7: =CONCATENATE("1 Sim 2 Nao ►(",[1]S13B_Transferts!A4,") ") -> 1 Sim 2 Nao ►(13,18)
A8: =A6+0.01 -> 13.04 | B8: A resposta a uma das perguntas (13.01), (13.02), (13.03) é positiva?
A10: NÚMERO DA TRANSFERÊNCIA | B10: =A8+0.01 -> 13.05 | C10: =B10+0.01 -> 13.06 | D10: =C10+0.01 -> 13.07 | E10: =D10+0.01 -> 13.08 | F10: =E10+0.01 -> 13.09 | G10: =F10+0.01 -> 13.1 | H10: =G10+0.01 -> 13.11 | I10: =H10+0.01 -> 13.12 | J10: =I10+0.01 -> 13.13 | ... N10: =M10+0.01 -> 13.17
B11: Escreve o código ID do respondente. | C11: Código ID do beneficiário? | D11: Quem enviou / deu o dinheiro para [NOME]? | E11: Qual é o sexo do remetente? | F11: Qual é a idade do remetente? | G11: Qual é o nível de instrução do remetente? | H11: Qual é o estatuto profissional do remetente? | I11: O remetente alguma vez residiu neste agregado familiar? | J11: Há quantos anos (em anos completados) partiu do agregado familiar? (Por exemplo, inscrever 0 para menos de um ano) | K11: Qual é o local de residência do remetente? | L11: Qual é o principal motivo da transferência? | M11: Qual é o principal método de transferência? | N11: Qual é a frequência das transferências e o montante enviado de cada vez? (Se o montante for irregular, anotar o montante recebido nos últimos 12 meses)
K14: 1 Mesma cidade/aldeia
K15: 2 Mesma regiao | L15: 1 Escolaridade, educação
H16: 1. Profissão liberal, exceto artesãos 2. Agricultor/Criador 3. Assalariado 4. Artesãos (mecânico, soldador, carpinteiro, etc.) 5. Aluno-estudante 6. Inativo 7. Outros 8. Não sabe | K16: 3 Interior do pais | L16: 2 Saúde, doença
F17: Inscrever 98 para Não Sabe | G17: 1 Nenhum | K17: 4 Benim | L17: 3 Apoio regular | M17: 1 Sociedade de transferências 2 Banco 3 Correio 4 Banca móvel 5 Terceira pessoa 6 Numerário 7 Viajante 8 Comércio/Fax 9 Outro
G18: 2 Primário | K18: 5 Burquina Faso | L18: 4 Apoio a trabalhos agrícolas
G19: 3 Secundário 1 | K19: 6 Costa do Marfim (C.I) | N19: CÓDIGO DA UNIDADE DE TEMPO
D20: 1 Cônjuge | E20: 1 Masculino | G20: 4 Secundário 2 | I20: 1 Sim | K20: 7 Guiné-Bissau | L20: 5 Apoio/arranque de uma empresa não-agrícola | N20: 1 Mês
D21: 2 Filho | E21: 2 Feminino | G21: 5 Superior | I21: =CONCATENATE("2 Não ►(",K10,")") -> 2 Não ►(13,14) | K21: 8. Mali | N21: 2 Trimestre
D22: 3 Pai, Mãe | G22: 6 Não sabe | K22: 9. Níger | N22: 3 Semestre
D23: 4 Irmão, irmã | K23: 10. Senegal | L23: 6 Festa/eventos | N23: 4 Ano
D24: 5 Outro parente | K24: 11. Togo | L24: 7 Compra de terreno | N24: 5 Irregular
D25: 6 Nenhum laço | K25: 12. Outro em África | L25: 8 Construção de uma casa | O25: UNIDADE DE TEMPO
K26: 13. Portugal | L26: 9 Outro (especificar) | N26: MONTANTE
K27: 14. Outro
B28: CÓDIGO ID: | C28: CÓDIGO ID: | D28: CÓDIGO | E28: CÓDIGO | F28: ANOS | G28: CÓDIGO | H28: CÓDIGO | I28: CÓDIGO | J28: ANOS | K28: CÓDIGO | L28: CÓDIGO | M28: CÓDIGO | N28: FRANCOS CFA | O28: CÓDIGO
A29: 01
A30: 02
A31: 3
A32: 4
A33: 5
A34: 6
A35: 7
A36: 8
A37: 9
A38: 10

Sheet S13B_Transferts
A1: SECÇÃO 13: TRANSFERÊNCIAS
A2: PARTE B: TRANSFERÊNCIAS EMITIDAS PELO AGREGADO FAMILIAR
A4: =S13a_Transferts!N10+0.01 -> 13.18 | B4: Nos últimos 12 meses, o agregado familiar ou um dos seus membros enviou dinheiro a um filho, filha, pai, mãe, irmão, irmã, cônjuge ou outro membro da família não residente no agregado? | N4: =CONCATENATE("1=Sim 2=Não") -> 1=Sim 2=Não
A5: =A4+0.01 -> 13.19 | B5: Nos últimos 12 meses, o agregado familiar ou um dos seus membros enviou dinheiro a qualquer outra pessoa não pertencente ao agregado? | N5: =CONCATENATE("1=Sim 2=Não") -> 1=Sim 2=Não
A6: =A5+0.01 -> 13.2 | B6: Nos últimos 12 meses, o agregado familiar ou um dos seus membros enviou dinheiro em numerário por intermédio de um viajante, uma sociedade de transferência (Western Union, MoneyGram, etc.), banca móvel, fax, transportadoras, a um pai ou qualquer outra pessoa não pertencente ao agregado? | N6: =CONCATENATE("1=Sim 2=Não") -> 1=Sim 2=Não
I7: =CONCATENATE("1 Sim 2 Nao ►Section 14 ") -> 1 Sim 2 Nao ►Section 14
A8: =A6+0.01 -> 13.21 | B8: A resposta a uma das perguntas (13.18), (13.19), (13.20) é positiva?
A10: NÚMERO DA TRANSFERÊNCIA | B10: =A8+0.01 -> 13.22 | C10: =B10+0.01 -> 13.23 | D10: =C10+0.01 -> 13.24 | E10: =D10+0.01 -> 13.25 | F10: =E10+0.01 -> 13.26 | G10: =F10+0.01 -> 13.27 | H10: =G10+0.01 -> 13.28 | I10: =H10+0.01 -> 13.29 | J10: =I10+0.01 -> 13.3 | ... N10: =M10+0.01 -> 13.34
B11: Inscreva o código ID do respondente. | C11: Código ID do remetente? | D11: A quem [NOME] enviou / deu dinheiro? | E11: Qual é o sexo do beneficiário? | F11: Qual é a idade do beneficiário? | G11: Qual é o nível de instrução do beneficiário? | H11: Qual é o estatuto profissional do beneficiário? | I11: O beneficiário alguma vez residiu neste agregado familiar? | J11: Há quantos anos (em anos completados) partiu do agregado familiar? (Por exemplo, inscrever 0 para menos de um ano) | K11: Qual é o local de residência do beneficiário? | L11: Qual é o principal motivo da transferência? | M11: Qual é o principal método de transferência? | N11: Qual é a frequência das transferências e o montante enviado de cada vez? (Se o montante for irregular, anotar o montante recebido nos últimos 12 meses)
K14: 1 Mesma localidade
K15: 2 Capital | L15: 1 Escolaridade, educação
F16: Inscrever 98 para Não Sabe | H16: 1. Profissão liberal, exceto artesãos 2. Agricultor/Eleveur 3. Assalariado 4. Artesãos (mecânico, soldador, carpinteiro, etc.) 5. Aluno-estudante 6. Inativo 7. Outros 8. Não sabe | K16: 3 Noutra localidade no país | L16: 2 Saúde, doença
G17: 1 Nenhum | K17: 4 Benim | L17: 3 Apoio regular | M17: 1 Sociedade de transferências 2 Banco 3 Correio 4 Banca móvel 5 Terceira pessoa 6 Numerário 7 Viajante 8 Comércio/Fax 9 Outro
G18: 2 Primário | K18: 5 Burquina Faso | L18: 4 Apoio a trabalhos agrícolas | N18: CÓDIGO DA UNIDADE DE TEMPO
G19: 3 Secundário 1 | K19: 6 Costa do Marfim (C.I) | N19: 1 Mês
D20: 1 Cônjuge | E20: 1 Masculino | G20: 4 Secundário 2 | I20: 1 Sim | K20: 7 Guiné-Bissau | L20: 5 Apoio/arranque de uma empresa não-agrícola | N20: 2 Trimestre
D21: 2 Filho | E21: 2 Feminino | G21: 5 Superior | I21: =CONCATENATE("2 Não ►(",K10,")") -> 2 Não ►(13,31) | K21: 8. Mali | N21: 3 Semestre
D22: 3 Pai, Mãe | G22: 6. Não sabe | K22: 9. Níger | N22: 4 Ano
D23: 4 Irmão, irmã | K23: 10. Senegal | L23: 6 Festa/eventos | N23: 5 Irregular
D24: 5 Outro progenitor | K24: 11. Togo | L24: 7 Compra de terreno
D25: 6 Nenhum laço | K25: 12. Outro em África | L25: 8 Construção de uma casa
K26: 13. Portugal | L26: 9 Outro (especificar) | N26: MONTANTE | O26: UNIDADE DE TEMPO
K27: 14. Outro | L27: 7 Outro
B28: CÓDIGO ID: | C28: CÓDIGO ID: | D28: CÓDIGO | E28: CÓDIGO | F28: ANOS | G28: CÓDIGO | H28: CÓDIGO | I28: CÓDIGO | J28: ANOS | K28: CÓDIGO | L28: CÓDIGO | M28: CÓDIGO | N28: FRANCOS CFA | O28: CÓDIGO
A29: 01
A30: 02
A31: 3
A32: 4
A33: 5
A34: 6
A35: 7
A36: 8
A37: 9
A38: 10

Sheet S14_Chocs
A1: SECÇÃO 14: IMPACTOS E ESTRATÉGIAS DE SOBREVIVÊNCIA
E2: As perguntas (14.04) e (14.05) (abaixo) são apenas respondidas relativamente aos 3 impactos mais importantes enumerados na pergunta
A3: 14 | B3: Código ID do respondente principal da secção: | E3: (14.03). As restantes linhas são deixadas em branco
A4: 14.01 | B4: Natureza do impacto | C4: =A4+0.01 -> 14.02 | D4: =C4+0.01 -> 14.03 | E4: =D4+0.01 -> 14.04 | K4: =E4+0.01 -> 14.05 | N4: Códigos para (14.05)
C5: Nos últimos 3 anos, o agregado familiar foi negativamente afetado pelo problema seguinte? | D5: Determinar quais são os três problemas mais importantes - O mais grave (1), O segundo (2), O menos grave dos três (3). | E5: Em consequência deste [IMPACTO], o seu agregado familiar registou o aumento ou a diminuição do […] seguinte (Ler as respostas propostas para cada coluna) | K5: Qual foi a estratégia adotada pelo agregado familiar após o [IMPACTO] para fazer face à situação? (Apresentar até 3 estratégias por ordem de importância para cada impacto. Se o tipo de impacto tiver ocorrido várias vezes nos últimos 3 anos, considerar o acontecimento mais recente. Utilizar os códigos à direita). | N5: 1. Utilização das poupanças
N6: 2. Ajuda de um dos parentes ou de amigos
N7: 3. Ajuda do governo/Estado
A8: Código | N8: 4. Ajuda de organizações religiosas ou de ONG
N9: 5. Casar os filhos
N10: 6. Mudança de hábitos de consumo (redução do número de refeições diárias, redução das quantidades consumidas, etc.)
N12: 7. Compra de alimentos mais baratos
N13: 8. Os membros do agregado com ocupação ativa arranjaram empregos suplementares
C15: 1 Sim | E15: Rendimentos | F15: Haveres | G15: Produção agrícola | H15: Efetivos pecuários | I15: Existências de produtos alimentares | J15: Compra de produtos alimentares | N15: 9. Os membros adultos (com pelo menos 15 anos) inativos ou desempregados arranjaram empregos
C16: 2 Não ►
C17: Impacto seguinte | K17: 1.ª | L17: 2.ª | M17: 3.ª | N17: 10. As crianças de menos de 15 anos foram obrigadas a trabalhar
A18: 101 | B18: Doença grave ou acidente de um membro do agregado familiar
A19: 102 | B19: Falecimento de um membro do agregado familiar
A20: 103 | B20: Divórcio, separação
A21: 104 | B21: Seca/chuvas irregulares
A22: =A21+1 -> 105 | B22: Inundações | N22: 11. As crianças foram retiradas da escola
A23: =A22+1 -> 106 | B23: Incêndios
A24: =A23+1 -> 107 | B24: Taxas elevadas de doença das culturas | N24: 12. Migração de membros do agregado familiar
A25: =A24+1 -> 108 | B25: Taxas elevadas de doença dos animais | N25: 13. Redução das despesas de saúde/educação
A26: =A25+1 -> 109 | B26: Diminuição importante dos preços dos produtos agrícolas | N26: 14. Obtenção de um crédito
A27: =A26+1 -> 110 | B27: Preços elevados dos insumos agrícolas | N27: 15. Venda de ativos agrícolas
A28: =A27+1 -> 111 | B28: Preços elevados dos produtos alimentares | N28: 16. Venda de bens duradouros do agregado familiar
A29: =A28+1 -> 112 | B29: Fim das transferências regulares provenientes de outros agregados familiares | N29: 17. Venda de terreno/imóveis/casas
A30: =A29+1 -> 113 | B30: Perda importante de receitas não agrícolas do agregado familiar (por motivos diferentes de acidente ou doença) | N30: 18. Venda das existências de provisões
A31: =A30+1 -> 114 | B31: Falência de uma empresa não agrícola do agregado familiar | N31: 19. Prática mais importante de atividades de pesca
A32: =A31+1 -> 115 | B32: Perda importante de receitas salariais (por motivos diferentes de acidente ou doença) | N32: 20.Venda de gado
A33: =A32+1 -> 116 | B33: Perda de emprego assalariado de um membro | N33: 21. Confiar os filhos a outros agregados familiares
A34: =A33+1 -> 117 | B34: Roubo de dinheiro, bens, colheitas ou gado | N34: 22. Praticante de atividades espirituais (orações, sacrifícios, consulta de marabu, etc.)
A35: =A34+1 -> 118 | B35: Conflito agricultor/criador de gado
A36: =A35+1 -> 119 | B36: Conflito armado/violência/insegurança | N36: 25. Nenhuma estratégia
A37: =A36+1 -> 120 | B37: Pragas de gafanhotos ou outras pragas das colheitas
A38: =A37+1 -> 121 | B38: Deslizamento de terras
A39: =A38+1 -> 122 | B39: Outro (especificar)

Sheet S15_Filet
A1: SECÇÃO 15: REDES DE SEGURANÇA
B2: (15.00) Inscreva o código ID do respondente principal da secção:
A4: 15.01 | C4: =A4+0.01 -> 15.02 | D4: =C4+0.01 -> 15.03 | E4: =D4+0.01 -> 15.04 | I4: =E4+0.01 -> 15.05 | J4: =I4+0.01 -> 15.06 | L4: =J4+0.01 -> 15.07
A5: CÓDIGO DO PROGRAMA | C5: Nos últimos 12 meses, o agregado familiar ou um dos seus membros beneficiou do [PROGRAMA] abaixo? | D5: Foi a totalidade do agregado que beneficiou deste auxílio ou certas pessoas específicas? | E5: Quais são os números de ordem dos membros do agregado familiar que beneficiaram deste auxílio? | I5: Nos últimos 12 meses, quantas vezes o agregado familiar recebeu este auxílio? | J5: Nos ultimos 12 meses, durante quanto tempo o agragado familiar recebeu este auxilio Marque o número de meses ou dias e a unidade de tempo escolhida | L5: Em que data (mês com 2 algarismos e ano com 4 algarismos) recebeu o agregado familiar este auxílio pela última vez nos últimos 12 meses?
E9: Instrução
E10: Se um dos indivíduos que receberam este auxílio ainda não é um membro da família, escrever 98
B11: As bolsas de estudo, as pensões (reforma, invalidez) e os subsídios a adubos agrícolas não são tidos em conta nos programas abaixo
C16: 1 Sim | D16: =CONCATENATE("1 Agregado familiar ►","(",I4,")") -> 1 Agregado familiar ►(15,05) | K16: Uniddade de tempo
C17: 2 Não ►Linha seguinte | D17: 2 Indivíduo | K17: 1 Mes
K18: 2 Dias
E20: Indivíduo 1 | F20: Indivíduo 2 | G20: Indivíduo 3 | H20: Indivíduo 4
C22: CÓDIGO | E22: CÓDIGO ID: | F22: CÓDIGO ID: | G22: CÓDIGO ID: | H22: CÓDIGO ID: | I22: NÚMERO | J22: NUMERO | K22: UNIDADE DE TEMPO | L22: MÊS | M22: ANO
A23: 01 | B23: Doação de cereais (arroz, milho preto, bacil, cavalo e trigo)
A24: =A23+1 -> 2 | B24: Doação de farinhas de cereais (sêmola)
A25: =A24+1 -> 3 | B25: Doação de alimentos para alunos na escola
A26: =A25+1 -> 4 | B26: Alimentos a troco de trabalho
A27: =A26+1 -> 5 | B27: Suplemento alimentar para crianças subnutridas
A28: =A27+1 -> 6 | B28: Obras públicas de mão de obra intensiva (dinheiro pelo trabalho)
A29: =A28+1 -> 7 | B29: Transferências de dinheiro do governo / ONG, etc.
A30: =A29+1 -> 8 | B30: Programa de tratamento de mulheres grávidas
A31: =A30+1 -> 9 | B31: Cuidados para crianças com menos de 5 anos
A32: =A31+1 -> 10 | B32: Doação de mosquiteiro impregnado

Sheet S16a_Agri
B1: Lista dos campos e parcelas exploradas pelo agregado familiar | E1: SECÇÃO 16: AGRICULTURA | O1: SECÇÃO 16: AGRICULTURA | Z1: SECÇÃO 16: AGRICULTURA | AP1: SECÇÃO 16: AGRICULTURA | AY1: SECÇÃO 16: AGRICULTURA | BP1: SECÇÃO 16: AGRICULTURA | CG1: SECÇÃO 16: AGRICULTURA | CX1: SECÇÃO 16: AGRICULTURA | DK1: SECÇÃO 16: AGRICULTURA | DX1: SECÇÃO 16: AGRICULTURA | EK1: SECÇÃO 16: AGRICULTURA
B2: (16A.00) Pelo menos um membro do agregado familiar cultivou terras (incluindo culturas perenes) de sua propriedade ou não, durante a campanha de inverno de 2016/17? | E2: PARTE A: PARCELAS | O2: PARTE A: PARCELAS | Z2: PARTE A: PARCELAS | AP2: PARTE A: PARCELAS | AY2: PARTE A: PARCELAS | BP2: PARTE A: PARCELAS | CG2: PARTE A: PARCELAS | CX2: PARTE A: PARCELAS | DK2: PARTE A: PARCELAS | DX2: PARTE A: PARCELAS | EK2: PARTE A: PARCELAS
C3: 1=Sim 2=Não ► Secção 17
A5: Número de identificação da parcela | B5: (16A.01) | C5: (16A.02) | D5: (16A.03) | E5: (16A.04) | F5: (16A.05) | G5: (16A.06) | H5: (16A.07) | I5: (16A.08) | K5: (16A.09) | M5: (16A.10) | N5: (16A.11) | O5: (16A.12) | P5: (16A.13) | Q5: (16A.14) | S5: (16A.15) | T5: (16A.16) | U5: (16A.17) | V5: (16A.18) | W5: (16A.19) | X5: (16A.20) | Y5: (16A.21) | Z5: (16A.22) | AA5: (16A.23) | AB5: (16A.24) | AD5: (16A.25) | AE5: (16A.26) | AF5: (16A.27) | AG5: (16A.28) | AH5: (16A.29) | AP5: (16A.30) | AQ5: (16A.31) | AY5: (16A.32) | AZ5: (16A.33) | BP5: (16A.34) | BQ5: (16A.35) | CG5: (16A.36) | CH5: (16A.37) | CX5: (16A.38) | CY5: (16A.39) | DK5: (16A.40) | DL5: (16A.41) | DX5: (16A.42) | DY5: (16A.43) | EK5: (16A.44) | EL5: (16A.45) | EM5: (16A.46) | EO5: (16A.47) | EP5: (16A.48)
B6: ORDEM DE REGISTO | C6: Número de ordem do campo | D6: Número da parcela no campo | E6: Qual é o número de ordem do respondente relativo a esta parcela? | F6: =CONCATENATE("Qual é o modo de gestão da parcela? 1=Individual 2=Coletivo►",H5) -> Qual é o modo de gestão da parcela? 1=Individual 2=Coletivo►(16A.07) | G6: Qual é número de ordem da pessoa que explora a parcela? (Utilize as identificações da secção B das características demográficas do agregado familiar) | H6: Quantas culturas existem nesta parcela para a campanha de 2016/17? | I6: Qual é a principal cultura desta parcela durante a campanha de 2017/18? | K6: Qual é a área da parcela segundo o explorador (Especificar a área em hectares ou em metros quadrados com duas casas decimais) Unidade: 1. Hectare (Ha) 2. Metro quadrado (m2) | M6: Qual é o modelo de ocupaçao desta parcela? | N6: Qual é número de ordem do proprietário da parcela? (Utilize as identificações da secção das características demográficas do agregado familiar) | O6: Qual é o modo de aquisição desta parcela? 1=Compra 2=Herança 3=Casamento 4=Doação 5=Outro (especificar) | P6: =CONCATENATE("Possui algum documento legal (título, escritura, certificado, etc.) que ateste a sua posse desta parcela? 1=Título fundiário 2=Licença de exploração 3=Registo 4=Locação 5=Convençao de venda 6=Outro 7=Nenhum ►",S5) -> Possui algum documento legal (título, escritura, certificado, etc.) que ateste a sua posse desta parcela? 1=Título fundiário 2=Licença de exploração 3=Registo 4=Locação 5=Convençao de venda 6=Outro 7=Nenhum ►(16A.15) | Q6: Quais são os membros do agregado familiar que figuram neste documento legal? | S6: =CONCATENATE("Considera que há um risco de discordância relativamente aos seus direitos associados a esta parcela nos próximos 5 anos? 1=Sim 2=Não ►",U5,) -> Considera que há um risco de discordância relativamente aos seus direitos associados a esta parcela nos próximos 5 anos? 1=Sim 2=Não ►(16A.17) | T6: Qual é a principal fonte de preocupação? | U6: Qual é a principal fonte de abastecimento de água desta parcela? | V6: Qual é o tipo de solo desta parcela? | W6: Qual é a topografia desta parcela? | X6: Como avalia a fertilidade desta parcela? | Y6: Quanto tempo precisa percorrer com meio usual entre esta parcela e a habitação? | Z6: =CONCATENATE("Utilizou resíduos animais nesta parcela durante esta campanha 2017/2018? 1=Sim 2=Não ►",AD5) -> Utilizou resíduos animais nesta parcela durante esta campanha 2017/2018? 1=Sim 2=Não ►(16A.25) | AA6: Qual foi o principal modo de aquisição destes resíduos animais? 1=Estrumação direta 2=Estrumação indireta 3=Compra 4=Animais próprios 5=Outro (especificar) | AB6: Que quantidade de estrume aplicou na parcela? Código da unidade 1=Kg 2=Saco grande 3=Saco médio 4=Saco pequeno 5=Carroça puxada a burro 6=Carroça puxada a boi 7=Balde 8=Cesto 9=Outro (especificar) | AD6: Utilizou lixo doméstico e outros nesta parcela durante esta campanha 2017/2018? 1=Sim 2=Não►(16A.30) | AE6: Quantas vezes aplicou lixo doméstico nesta parcela durante esta campanha? | AF6: Utizou adubos inorgânicos/químicos nesta parcela durante esta campanha 2017/2018? 1=Sim 2=Não►(16A.30) | AG6: Quantas vezes aplicou adubo inorgânico nesta parcela durante esta campanha? | AH6: Adubos inorgânicos/químicos | AP6: =CONCATENATE("Utilizou produtos fitossanitários nesta parcela durante esta campanha 2017/2018? 1=Sim 2=Não ►",TEXT(AY5,"(0.00)")) -> Utilizou produtos fitossanitários nesta parcela durante esta campanha 2017/2018? 1=Sim 2=Não ►(16A.32) | AQ6: Produtos fitossanitários | AY6: =CONCATENATE("Utilizou mão de obra familiar nestas parcelas durante a campanha de 2016/17 para o período de preparação do solo (lavoura) e de sementeira? 1=Sim 2=Não ►",BP5) -> Utilizou mão de obra familiar nestas parcelas durante a campanha de 2016/17 para o período de preparação do solo (lavoura) e de sementeira? 1=Sim 2=Não ►(16A.34) | AZ6: Em relação aos membros do agregado familiar que trabalharam na parcela durante o período de preparação da terra e da sementeira, o número de dias trabalhado por cada pessoa | BP6: =CONCATENATE("Utilizou mão de obra familiar nestas parcelas durante a campanha de 2016/17 para o período de manutenção do solo (monda, etc.)? 1=Sim 2=Não ►",CG5) -> Utilizou mão de obra familiar nestas parcelas durante a campanha de 2016/17 para o período de manutenção do solo (monda, etc.)? 1=Sim 2=Não ►(16A.36) | BQ6: Em relação aos membros do agregado familiar que trabalharam na parcela para a monda ou manutenção do solo, o número de dias trabalhado por cada pessoa | CG6: =CONCATENATE("Utilizou mão de obra familiar nestas parcelas durante a campanha de 2016/17 para o período das colheitas? 1=Sim 2=Não ►",CX5) -> Utilizou mão de obra familiar nestas parcelas durante a campanha de 2016/17 para o período das colheitas? 1=Sim 2=Não ►(16A.38) | CH6: Em relação aos membros do agregado familiar que trabalharam na parcela durante as colheitas, o número de dias trabalhado por cada pessoa | CX6: =CONCATENATE("Utilizou mão de obra não familiar nestas parcelas durante a campanha de 2016/17 para o período de preparação do solo (lavoura) e sementeira? 1=Sim 2=Não ►",DK5) -> Utilizou mão de obra não familiar nestas parcelas durante a campanha de 2016/17 para o período de preparação do solo (lavoura) e sementeira? 1=Sim 2=Não ►(16A.40) | CY6: Em relação à mão de obra não familiar que trabalhou na parcela durante o período de preparação da terra (lavoura) e da sementeira, indique o número de pessoas de cada categoria, o número total de dias trabalhado por cada categoria e o salário total pago a cada categoria de pessoas | DK6: =CONCATENATE("Utilizou mão de obra não familiar nestas parcelas durante a campanha de 2016/17 para o período de DL6? 1=Sim 2=Não ►",DX5) -> Utilizou mão de obra não familiar nestas parcelas durante a campanha de 2016/17 para o período de DL6? 1=Sim 2=Não ►(16A.42) | DL6: Em relação à mão de obra não familiar que trabalhou na parcela durante o período de manutenção do solo (monda, etc.), indique o número de pessoas de cada categoria, o número total de dias trabalhado por cada categoria e o salário total pago a cada categoria de pessoas | DX6: =CONCATENATE("Utilizou mão de obra não familiar nestas parcelas durante a campanha de 2016/17 para o período das colheitas? 1=Sim 2=Não ►",EK5) -> Utilizou mão de obra não familiar nestas parcelas durante a campanha de 2016/17 para o período das colheitas? 1=Sim 2=Não ►(16A.44) | DY6: Em relação à mão de obra não familiar que trabalhou na parcela durante o período das colheitas, indique o número de pessoas de cada categoria, o número total de dias trabalhado por cada categoria e o salário total pago a cada categoria de pessoas | EK6: Qual é o modo de lavoura da parcela durante a campanha de 2016/17? 1=Sem lavoura 2=Manual 3=Rebocado 4=Motorizado | EL6: =CONCATENATE("A parcela foi medida por GPS? 1=Sim 2=Não ►",EP5) -> A parcela foi medida por GPS? 1=Sim 2=Não ►(16A.48) | EM6: Coordenadas GPS da parcela | EO6: Qual é a área da parcela (em hectares) de acordo com as medidas GPS? ►► (parcela seguinte) | EP6: Qual a razão principal para a parcela não ter sido medida? 1=Demasiado pequena 2=GPS avariado 3=Indisponibilidade do agregado 4= Demasiado distante 5 = Outra (especificar)
B7: (COMEÇAR POR ELABORAR A LISTA DE TODOS OS CAMPOS E EM SEGUIDA DAS PARCELAS NOS CAMPOS EXPLORADOS PELO AGREGADO FAMILIAR EM 2016/17) | AH7: Código da Unidade: 1=Quilograma 2=Tonelada 3=Saco 4=Outro | AQ7: Que quantidade de pesticidas utilizou? Inscrever zero se não tiverem sido utilizados pesticidas Código da Unidade 1=Grama 2=Kg 3=Litros 4=Saco | AS7: Que quantidade de fungicidas utilizou? Inscrever zero se não tiverem sido utilizados fungicidas Código da Unidade 1=Grama 2=Kg 3=Litros 4=Saco | AU7: Que quantidade de herbicidas utilizou? Inscrever zero se não tiverem sido utilizados herbicidas Código da Unidade 1=Grama 2=Kg 3=Litros 4=Saco | AW7: Que quantidade de outros produtos fitossanitários (raticidas, etc.) utilizou? Inscrever zero se não tiverem sido utilizados outros produtos Código da Unidade 1=Grama 2=Kg 3=Litros 4=Saco
Q9: (Utilize as identificações da secção das características demográficas do agregado familiar) | AH9: Que quantidade de ureia utilizou? Inscrever zero se não tiver sido utilizada ureia | AJ9: Que quantidade de fosfatos utilizou? Inscrever zero se não tiverem sido utilizados fosfatos | AL9: Que quantidade de NPK/Fórmula única utilizou? Inscrever zero se não tiver sido utilizado NPK | AN9: Que quantidade de DAP ou outros adubos químicos utilizou? Inscrever zero se não tiverem sido utilizados outros adubos químicos
M10: =CONCATENATE("1=Proprietário") -> 1=Proprietário | V10: 1=Arenoso
M11: 2=Empréstimo a título gratuito ►(16A.17) | T11: 1=Litígio sobre limites de terreno 2=Propriedade: ligada à herança 3=Propriedade: ligada à venda 4=Propriedade: expropriação 5=Outra (especificar) | V11: 2=Limoso | W11: 1=Colina
M12: =CONCATENATE("3=Arrendamento ►",U5, " 4=Parceria ►",U5) -> 3=Arrendamento ►(16A.17) 4=Parceria ►(16A.17) | U12: 1 = Irrigação, poço próprio | V12: 3=Argiloso | W12: 2=Planície | X12: 1=Boa
M13: =CONCATENATE("5=Penhora ►",U5) -> 5=Penhora ►(16A.17) | U13: 2 = Irrigação canal | V13: 4=Talude | W13: 3=Declive suave | X13: 2=Média
M14: =CONCATENATE("6=Outro ►",U5) -> 6=Outro ►(16A.17) | U14: 3 = Irrigação regato | V14: 5=Outro | W14: 4=Declive acentuado | X14: 3=Fraca
U15: 4 = Pluvial | W15: 5=Vale
U16: 5 = Pântano/"wetlands" | W16: 6=Outro
U17: 6 = Outro (especificar)
Q18: Pessoa 1 | R18: Pessoa 2 | AB18: Quantidade | AC18: Unidade | AH18: Quantidade | AI18: Unidade | AJ18: Quantidade | AK18: Unidade | AL18: Quantidade | AM18: Unidade | AN18: Quantidade | AO18: Unidade | AQ18: Quantidade | AR18: Unidade | AS18: Quantidade | AT18: Unidade | AU18: Quantidade | AV18: Unidade | AW18: Quantidade | AX18: Unidade | AZ18: Indivíduo 1 | BB18: Indivíduo 2 | BD18: Indivíduo 3 | BF18: Indivíduo 4 | BH18: Indivíduo 5 | BJ18: Indivíduo 6 | BL18: Indivíduo 7 | BN18: Indivíduo 8 | BQ18: Indivíduo 1 | BS18: Indivíduo 2 | BU18: Indivíduo 3 | BW18: Indivíduo 4 | BY18: Indivíduo 5 | CA18: Indivíduo 6 | CC18: Indivíduo 7 | CE18: Indivíduo 8 | CH18: Indivíduo 1 | CJ18: Indivíduo 2 | CL18: Indivíduo 3 | CN18: Indivíduo 4 | CP18: Indivíduo 5 | CR18: Indivíduo 6 | CT18: Indivíduo 7 | CV18: Indivíduo 8 | CY18: Homens (15 anos ou mais) | DB18: Mulheres (15 anos ou mais) | DE18: Rapazes (menos de 15 anos) | DH18: Raparigas (menos de 15 anos) | DL18: Homens (15 anos ou mais) | DO18: Mulheres (15 anos ou mais) | DR18: Rapazes (menos de 15 anos) | DU18: Raparigas (menos de 15 anos) | DY18: Homens (15 anos ou mais) | EB18: Mulheres (15 anos ou mais) | EE18: Rapazes (menos de 15 anos) | EH18: Raparigas (menos de 15 anos)
B19: NOME (ATRIBUÍDO AO LOCAL) | C19: N.º | D19: N.º | E19: CÓDIGO ID: | F19: CÓDIGO | G19: CÓDIGO ID: | H19: NÚMERO | I19: NOME | J19: CÓDIGO | K19: NÚMERO | L19: Unidade | M19: CÓDIGO | N19: CÓDIGO ID: | O19: CÓDIGO | P19: CÓDIGO | Q19: CÓDIGO ID: | R19: CÓDIGO ID: | S19: CÓDIGO | T19: CÓDIGO | U19: CÓDIGO | V19: CÓDIGO | W19: CÓDIGO | X19: CÓDIGO | Y19: MINUTOS | Z19: CÓDIGO | AA19: CÓDIGO | AB19: NÚMERO | AC19: CÓDIGO | AD19: CÓDIGO | AE19: NÚMERO | AF19: CÓDIGO | AG19: NÚMERO | AH19: NÚMERO | AI19: CÓDIGO | AJ19: NÚMERO | AK19: CÓDIGO | AL19: NÚMERO | AM19: CÓDIGO | AN19: NÚMERO | AO19: CÓDIGO | AP19: CÓDIGO | AQ19: NÚMERO | AR19: CÓDIGO | AS19: NÚMERO | AT19: CÓDIGO | AU19: NÚMERO | AV19: CÓDIGO | AW19: NÚMERO | AX19: CÓDIGO | AY19: CÓDIGO | AZ19: ID | BA19: DIAS | BB19: ID | BC19: DIAS | BD19: ID | BE19: DIAS | BF19: ID | BG19: DIAS | BH19: ID | BI19: DIAS | BJ19: ID | BK19: DIAS | BL19: ID | BM19: DIAS | BN19: ID | BO19: DIAS | BP19: CÓDIGO | BQ19: ID | BR19: DIAS | BS19: ID | BT19: DIAS | BU19: ID | BV19: DIAS | BW19: ID | BX19: DIAS | BY19: ID | BZ19: DIAS | CA19: ID | CB19: DIAS | CC19: ID | CD19: DIAS | CE19: ID | CF19: DIAS | CG19: CÓDIGO | CH19: ID | CI19: DIAS | CJ19: ID | CK19: DIAS | CL19: ID | CM19: DIAS | CN19: ID | CO19: DIAS | CP19: ID | CQ19: DIAS | CR19: ID | CS19: DIAS | CT19: ID | CU19: DIAS | CV19: ID | CW19: DIAS | CX19: CÓDIGO | CY19: Efetivo | CZ19: Dias | DA19: Salários | DB19: Efetivo | DC19: Dias | DD19: Salários | DE19: Efetivo | DF19: Dias | DG19: Salários | DH19: Efetivo | DI19: Dias | DJ19: Salários | DK19: CÓDIGO | DL19: Efetivo | DM19: Dias | DN19: Salários | DO19: Efetivo | DP19: Dias | DQ19: Salários | DR19: Efetivo | DS19: Dias | DT19: Salários | DU19: Efetivo | DV19: Dias | DW19: Salários | DX19: CÓDIGO | DY19: Efetivo | DZ19: Dias | EA19: Salários | EB19: Efetivo | EC19: Dias | ED19: Salários | EE19: Efetivo | EF19: Dias | EG19: Salários | EH19: Efetivo | EI19: Dias | EJ19: Salários | EK19: CÓDIGO | EL19: CÓDIGO | EM19: Latitude | EN19: Longitude | EO19: HA | EP19: CÓDIGO
A20: 01
A21: 02
A22: 03
A23: 04
A24: 05
A25: 06
A26: 07
A27: 08
A28: 09
A29: 10
A30: 11
A31: 12
... A34: 15

Sheet S16b_Agri
A1: SECÇÃO 16: AGRICULTURA
A2: PARTE B: CUSTO DOS INSUMOS | E2: (16B.00) Qual é o código ID do respondente?
A4: (16B.01) | C4: (16B.02) | D4: (16B.03) | F4: (16B.04) | G4: (16B.05) | H4: (16B.06) | I4: (16B.07) | K4: (16B.08) | L4: (16B.09)
A5: Tipo de insumos | C5: Utilizou [INSUMO]? 1=Sim 2=Não ►INSUMO SEGUINTE | D5: Recorda-se da quantidade total de [INSUMO] utilizada durante a estação das chuvas de 2016/2017? 01=Grama 02=Quilograma 03=Tonelada 04=Litro 05=Carroça 06= Outras (a precisar) | F5: Onde adquiriu a maior parte de [INSUMO]? 1=Cooperativa 2=Mercado/loja 3=Autoprodução 4=Outro lavrador ou agregado familiar 5=Animais no campo 6= Estrutura estatal 7= Banco cerealífero 8=Outro (especificar) | G5: Obteve algum [INSUMO] sob forma de presente ou doação? 1=Sim 2=Não ► (16B.08) | H5: Junto de quem obteve principalmente o presente/doação? 1=Outro agregado familiar 2=Estado 3=ONG 4=Outro (especificar) | I5: Na sua opinião, qual é a quantidade de [INSUMO] recebida na forma de presente ou doação? 01=Grama 02=Quilograma 03=Tonelada 04=Litro 05=Carroça 06= Outras (a precisar) | K5: Comprou algum [INSUMO]? 1=Sim 2=Não ►Insumo seguinte | L5: Qual é a quantidade e o valor total de [INSUMO] comprados? 01=Grama 02=Quilograma 03=Tonelada 04=Litro 05=Carroça 06= Outras (a precisar)
D17: QUANTIDADE | E17: UNIDADE | I17: QUANTIDADE | J17: UNIDADE | L17: QUANTIDADE | M17: UNIDADE | N17: MONTANTE
A18: Código | B18: Descritivo | C18: CÓDIGO | E18: CÓDIGO | F18: CÓDIGO | G18: CÓDIGO | H18: CÓDIGO | I18: NÚMERO | J18: CÓDIGO | K18: CÓDIGO | L18: NÚMERO | M18: CÓDIGO | N18: FRANCOS CFA
A19: 1 | B19: Adubos orgânicos - estrume animal
A20: =A19+1 -> 2 | B20: Adubos orgânicos - lixo doméstico
A21: =A20+1 -> 3 | B21: Adubos inorgânicos - ureia
A22: =A21+1 -> 4 | B22: Adubos inorgânicos - fosfatos
A23: =A22+1 -> 5 | B23: Adubos inorgânicos - NPK/Fórmula única
A24: =A23+1 -> 6 | B24: DAP e outros adubos inorgânicos
A25: =A24+1 -> 7 | B25: Produtos fitossanitários - Pesticidas
A26: =A25+1 -> 8 | B26: Produtos fitossanitários - Herbicidas
A27: =A26+1 -> 9 | B27: Produtos fitossanitários - Fungicidas
A28: =A27+1 -> 10 | B28: Outros produtos fitossanitários
A29: =A28+1 -> 11 | B29: Sementes de milho preto
A30: =A29+1 -> 12 | B30: Sementes de milho cavalo
A31: =A30+1 -> 13 | B31: Sementes de milho bacil
... A38: =A37+1 -> 20 | B38: Outras sementes

Sheet S16c_Agri
B1: Lista das culturas nos campos e parcelas explorados pelo agregado familiar | G1: SECÇÃO 16: AGRICULTURA | V1: SECÇÃO 16: AGRICULTURA | AH1: SECÇÃO 16: AGRICULTURA
G2: PARTE C: CULTURAS | V2: PARTE C: CULTURAS | AH2: PARTE C: CULTURAS
A4: Número de identificação da cultura na parcela | B4: (16C.01) | C4: (16C.02) | D4: (16C.03) | E4: (16C.04) | F4: (16C.05) | G4: (16C.06) | H4: (16C.07) | I4: (16C.08) | J4: (16C.09) | K4: (16C.10) | L4: (16C.11) | M4: (16C.12) | P4: (16C.13) | S4: (16C.14) | V4: (16C.15) | W4: (16C.16) | Z4: (16C.17) | AA4: (16C.18) | AB4: (16C.19) | AC4: (16C.20) | AD4: (16C.21) | AE4: (16C.22) | AH4: (16C.23) | AI4: (16C.24) | AJ4: (16C.25) | AK4: (16C.26) | AN4: (16C.27) | AO4: (16C.28) | AP4: (16C.29)
C5: Número de ordem do campo | D5: Número de ordem da parcela | E5: Código da cultura | F5: Nome da cultura na parcela (escrever os nomes das culturas praticadas no agregado familiar e o código correspondente em 16C.04) | G5: Qual é número de ordem do respondente relativo a esta cultura nesta parcela? | H5: =CONCATENATE("Que sistema de cultura utilizou? 1 = Pura ►",J4," 2 = Associação de culturas") -> Que sistema de cultura utilizou? 1 = Pura ►(16C.09) 2 = Associação de culturas | I5: Que percentagem da parcela ocupou esta cultura? | J5: Que tipo de sementes utilizou principalmente para esta cultura? 1=Locais 2=Melhoradas | K5: =CONCATENATE("Terminou a colheita desta cultura? 1 = Sim ►",M4," 2 = Não") -> Terminou a colheita desta cultura? 1 = Sim ►(16C.12) 2 = Não | L5: Que percentagem da área lhe falta colher? | M5: Qual é a quantidade já colhida na presente campanha (2016/17)? | P5: Qual é a quantidade já consumida no agregado familiar? (escrever 0 se o consumo for nulo, escrever a quantidade consumida em UML da coluna seguinte) | S5: Qual é a quantidade deste produto oferecido (donativo/presente) a outros agregados familiares? (Escrever 0 se não tiverem sido feitas doações, escrever a quantidade doada em UML da coluna seguinte) | V5: =CONCATENATE("Foi vendida alguma parte da produção? 1=Sim 2=Não ►",AD4,) -> Foi vendida alguma parte da produção? 1=Sim 2=Não ►(16C.21) | W5: Qual é a quantidade já vendida deste produto? (escrever nesta coluna a quantidade vendida em UML da coluna seguinte) | Z5: Qual foi o montante obtido com a venda deste produto? | AA5: Quem é a pessoa que controla as receitas desta venda? (escrever o número de ordem da pessoa) | AB5: A quem vendeu principalmente? 1=Mercado 2=Agregado familiar/particular 3=Cooperativa 4=Operador privado 5=Estado 6=Bancos de cereais 5=Outro (especificar) | AC5: Qual é o principal método de armazenamento desta cultura? 1=Celeiro na concessão 2=Celeiro no exterior 3=Armazém 4=Hangar/Barraca 5=Telhado da casa 6= Nenhum método de armazenamento 7=Outro (especificar) | AD5: =CONCATENATE("Está armazenada alguma parte da produção da presente campanha 2017/2018? 1=Sim 2=Não ►",AO4,) -> Está armazenada alguma parte da produção da presente campanha 2017/2018? 1=Sim 2=Não ►(16C.28) | AE5: Qual é a quantidade armazenada deste produto da presente campanha (em celeiro e fora de celeiro)? (escrever nesta coluna a quantidade armazenada em UML da coluna seguinte) | AH5: Com que finalidade principal armazena [Nome da cultura]? | AI5: =CONCATENATE("Para a produção ainda armazenada, prevê vender mais tarde alguma parte da mesma? 1=Sim ►",AK4, " 2=Não") -> Para a produção ainda armazenada, prevê vender mais tarde alguma parte da mesma? 1=Sim ►(16C.26) 2=Não | AJ5: =CONCATENATE("Qual a razão principal para não prever vender pelo menos uma parte da produção? 1=Insuficiente para o agregado familiar 2=Preços baixos 3= Sementes 4=Falta de clientes 5=Ausência de estrada/mercado 6=Outra (especificar) ►►",AO4) -> Qual a razão principal para não prever vender pelo menos uma parte da produção? 1=Insuficiente para o agregado familiar 2=Preços baixos 3= Sementes 4=Falta de clientes 5=Ausência de estrada/mercado 6=Outra (especificar) ►►(16C.28) | AK5: Que quantidade prevê vender da que tem armazenada? (inscrever nesta coluna a quantidade armazenada em UML da coluna seguinte) | AN5: =CONCATENATE("A que preço unitário prevê vender segundo a unidade indicada em ",AK4,"?") -> A que preço unitário prevê vender segundo a unidade indicada em (16C.26)? | AO5: Depara com dificuldades para escoar o produto? 1=Sim 2=Não ► Cultura seguinte | AP5: Quais são as duas principais dificuldades encontradas na venda deste produto? 1=Afastamento das estradas 2=Distância dos mercados 3=Custos de transporte elevados 4=Estrada intransitável 5=Falta de clientes 6=Preços baixos 7=Outra (especificar) ►►Cultura seguinte
B6: ORDEM DE REGISTO
B8: (CONTINUAR COM A MESMA ORDEM DOS CAMPOS E PARCELAS DA SECÇÃO 16A E ENUMERAR, PARA CADA PARCELA, TODAS AS CULTURAS, UMA CULTURA POR LINHA E POR PARCELA)
M10: Código da Unidade: | P10: Código da Unidade: | S10: Código da Unidade: | W10: Código da Unidade: | AE10: Código da Unidade: | AH10: 1=Consumo próprio | AK10: Código da Unidade:
M11: 1=Kg, 2=Unidade, 3=Bacia, 4=Tina, 5=Saco Pequeno, 6=Saco Médio, 7=Saco grande, 8=Balde, 9=Outra (especificar) | P11: 1=Kg, 2=Unidade, 3=Bacia, 4=Tina, 5=Saco Pequeno, 6=Saco Médio, 7=Saco grande, 8=Balde, 9=Outra (especificar) | S11: 1=Kg, 2=Unidade, 3=Bacia, 4=Tina, 5=Saco Pequeno, 6=Saco Médio, 7=Saco grande, 8=Balde, 9=Outra (especificar) | W11: 1=Kg, 2=Unidade, 3=Bacia, 4=Tina, 5=Saco Pequeno, 6=Saco Médio, 7=Saco grande, 8=Balde, 9=Outra (especificar) | AE11: 1=Kg, 2=Unidade, 3=Bacia, 4=Tina, 5=Saco Pequeno, 6=Saco Médio, 7=Saco grande, 8=Balde, 9=Outra (especificar) | AH11: =CONCATENATE(" 2 Venda a preços mais altos ►(",AK4,")") -> 2 Venda a preços mais altos ►((16C.26)) | AK11: 1=Kg, 2=Unidade, 3=Bacia, 4=Tina, 5=Saco Pequeno, 6=Saco Médio, 7=Saco grande, 8=Balde, 9=Outra (especificar)
AH12: =CONCATENATE(" 3= Venda para outras necessidades ►(",AK4,")") -> 3= Venda para outras necessidades ►((16C.26))
AE13: Código do Estado | AH13: 4=Semente
M14: Código do Estado | P14: Código do Estado | S14: Código do Estado | W14: Código do Estado | AE14: 1 = espiga, 2 = grão, 3 = descascado, 4 = não descascado, 5= completo/inteiro | AH14: 5=Outra (especificar) | AK14: Código do Estado
M15: 1 = espiga, 2 = grão, 3 = descascado, 4 = não descascado, 5= Completo/inteiro | P15: 1 = espiga, 2 = grão, 3 = descascado, 4 = não descascado, 5= Completo/inteiro | S15: 1 = espiga, 2 = grão, 3 = descascado, 4 = não descascado, 5= Completo/inteiro | W15: 1 = espiga, 2 = grão, 3 = descascado, 4 = não descascado, 5= completo/inteiro | AK15: 1 = espiga, 2 = grão, 3 = descascado, 4 = não descascado, 5= completo/inteiro
M17: Quantidade em UML | N17: UML | O17: Estado do produto | P17: Quantidade em UML | Q17: UML | R17: Estado do produto | S17: Quantidade em UML | T17: UML | U17: Estado do produto | W17: Quantidade em UML | X17: UML | Y17: Estado do produto | AE17: Quantidade em UML | AF17: UML | AG17: Estado do produto | AK17: Quantidade em UML | AL17: UML | AM17: Estado do produto | AN17: Montante Francos CFA | AP17: Dificuldade 1 | AQ17: Dificuldade 2
B18: NOME (ATRIBUÍDO AO LOCAL) | C18: CÓDIGO | D18: CÓDIGO | E18: CÓDIGO | F18: NOME | G18: CÓDIGO ID: | H18: CÓDIGO | I18: PERCENTAGENS | J18: CÓDIGO | K18: CÓDIGO | L18: PERCENTAGENS | M18: NÚMERO | N18: CÓDIGO | O18: CÓDIGO | P18: NÚMERO | Q18: CÓDIGO | R18: CÓDIGO | S18: NÚMERO | U18: CÓDIGO | V18: CÓDIGO | W18: NÚMERO | X18: CÓDIGO | Y18: CÓDIGO | Z18: MONTANTE | AA18: CÓDIGO ID: | AB18: CÓDIGO | AC18: CÓDIGO | AD18: CÓDIGO | AE18: NÚMERO | AF18: CÓDIGO | AG18: CÓDIGO | AH18: CÓDIGO | AI18: CÓDIGO | AJ18: CÓDIGO | AK18: NÚMERO | AM18: CÓDIGO | AN18: NÚMERO | AO18: CÓDIGO | AP18: CÓDIGO | AQ18: CÓDIGO
A19: 01
A20: 02
A21: 03
A22: 04
A23: 05
A24: 06
A25: 07
A26: 08
A27: 09
A28: 10
A29: 11
A30: 12
... A33: 15

Sheet S17_Elevage
A1: SECÇÃO 17: PECUÁRIA
B2: (17.00) Nos últimos 12 meses, o agregado familiar ou um dos seus membros possuiu ou criou animais que lhe pertenciam ou que pertenciam ao outro agregado?
B3: 1 = Possui animais que confiou ou criou animais que lhe pertenciam ou que pertenciam ao outro agregado familiar
B4: 2 = Não possui e não cria animais ► Secção 18
A6: 17.01 | B6: =A6+0.01 -> 17.02 | C6: =B6+0.01 -> 17.03 | D6: =C6+0.01 -> 17.04 | E6: =D6+0.01 -> 17.05 | F6: =E6+0.01 -> 17.06 | G6: =F6+0.01 -> 17.07 | V6: =G6+0.01 -> 17.08 | W6: =V6+0.01 -> 17.09 | X6: =W6+0.01 -> 17.1 | Y6: =X6+0.01 -> 17.11 | Z6: =Y6+0.01 -> 17.12 | AA6: =Z6+0.01 -> 17.13 | AB6: =AA6+0.01 -> 17.14 | AC6: =AB6+0.01 -> 17.15 | AE6: =AC6+0.01 -> 17.16 | AF6: =AE6+0.01 -> 17.17 | AG6: =AF6+0.01 -> 17.18 | AP6: =AG6+0.01 -> 17.19 | AQ6: =AP6+0.01 -> 17.2 | AR6: =AQ6+0.01 -> 17.21 | AS6: =AR6+0.01 -> 17.22 | AU6: =AS6+0.01 -> 17.23 | AV6: =AU6+0.01 -> 17.24 | AX6: =AV6+0.01 -> 17.25 | AY6: =AX6+0.01 -> 17.26 | AZ6: =AY6+0.01 -> 17.27 | BB6: =AZ6+0.01 -> 17.28 | BC6: =BB6+0.01 -> 17.29 | BD6: =BC6+0.01 -> 17.3 | BE6: =BD6+0.01 -> 17.31 | BG6: =BE6+0.01 -> 17.32 | BI6: =BG6+0.01 -> 17.33 | BJ6: =BI6+0.01 -> 17.34 | BL6: =BJ6+0.01 -> 17.35 | BM6: =BL6+0.01 -> 17.36 | BO6: =BM6+0.01 -> 17.37 | BP6: =BO6+0.01 -> 17.38 | BR6: =BP6+0.01 -> 17.39 | BS6: =BR6+0.01 -> 17.4 | BT6: =BS6+0.01 -> 17.41 | BV6: =BT6+0.01 -> 17.42 | BW6: =BV6+0.01 -> 17.43 | BX6: =BW6+0.01 -> 17.44 | BY6: =BX6+0.01 -> 17.45 | BZ6: =BY6+0.01 -> 17.46 | CA6: =BZ6+0.01 -> 17.47 | CC6: =CA6+0.01 -> 17.48 | CD6: =CC6+0.01 -> 17.49 | CE6: =CD6+0.01 -> 17.5 | CF6: =CE6+0.01 -> 17.51 | CG6: =CF6+0.01 -> 17.52 | CH6: =CG6+0.01 -> 17.53 | CI6: =CH6+0.01 -> 17.54 | CJ6: =CI6+0.01 -> 17.55 | CK6: =CJ6+0.01 -> 17.56 | ... CP6: =CO6+0.01 -> 17.61
C7: Nos últimos 12 meses, o AF própria ou criou [...]; Seja possui ou é confiado a ele por outros AF? 1=Sim 2=Não ►Linha seguinte | D7: Qual é o código do respondente? | E7: Quantos [...] compreende atualmente o rebanho/manada? (Escrever 0 se nenhum, caso todos os animais tenham sido abatidos nos últimos 12 meses) Se 0 ►(17.08) | F7: Quantos [...] pertencem ao próprio agregado familiar? (Escrever 0 se nenhum) Se 0 ►(17.08) | G7: A quem pertencem os […] e quantas cabeças possui este membro do agregado familiar e quem decide sobre a venda destes animais? Código para o vendedor 1 = A própria pessoa 2 = Outra pessoa | V7: Quantos [...] vivos comprou nos últimos 12 meses? (Escrever 0 se nenhum) Se 0 ► (17.10) | W7: Qual é o valor da compra destes (…)? | X7: Quantos [...] vivos do rebanho/manada vendeu nos últimos 12 meses? (Escrever 0 se nenhum) Se 0 ► (17.16) | Y7: Quem decidiu vender [...] no AF ? | Z7: Que percentagem da receita da venda destes [..] reverte para o agregado familiar? | AA7: Qual é o valor bruto da venda destes [...]? | AB7: Quanto suportou em despesas de transporte, comissões e taxas sobre a venda destes [...]? | AC7: Quais são os números de ordem das duas pessoas principais que controlam as receitas provenientes desta venda? (Escrever o código ID destas pessoas, utilizando a lista dos membros do agregado familiar) | AE7: Abateu os seus [...] nos últimos 12 meses para a produção de carne? 1=Sim 2=Não ► (17.28) | AF7: Quem decide quais os [..] que devem ser abatidos no agregado familiar? | AG7: Quantos dos seus [...] abateu nos últimos 12 meses para os eventos seguintes? | AP7: Vendeu uma parte da carne de [...] nos últimos 12 meses? 1=Sim 2=Não ► (17.23) | AQ7: Que percentagem da receita da venda destes [...] reverte para o agregado familiar? 1 = 100% 2 = 75% 3 = 50% 4 = 25% 5 = 0% | AR7: Qual foi o montante da venda nos últimos 12 meses? | AS7: Quais são as duas pessoas principais que controlam as receitas provenientes desta venda? (Escrever o código ID destas pessoas, utilizando a lista dos membros do agregado familiar) | AU7: Suportou encargos específicos (despesas de abate, fornecimentos, transporte, etc.) relativos à produção da carne? 1=Sim 2=Não ► (17.25) | AV7: Qual é o montante mensal destes encargos? | AX7: Vendeu peles de [...] nos últimos 12 meses? 1=Sim 2=Não ► (17.28) | AY7: Qual foi o montante desta venda? | AZ7: Quais são as duas pessoas principais que controlam as receitas provenientes desta venda? (Escrever o código ID destas pessoas, utilizando a lista dos membros do agregado familiar) | BB7: Explorou [...] para a produção de leite nos últimos 12 meses? 1=Sim 2=Não ► (17.49) | BC7: Quantos [...] foram explorados em média por mês para a produção de leite nos últimos 12 meses? | BD7: Durante quantos meses produziu leite de [...] durante os últimos 12? | BE7: Durante esses meses, qual foi a quantidade média de leite produzida por animal e por dia? Código da unidade 1=Litro 2=Cabaça 3=Balde 4=Outro (especificar) | BG7: Durante estes meses, qual foi a quantidade média de leite oferecida ao agregado familiar, proprietário do animal por dia? Código da unidade 1=Litro 2=Cabaça 3=Balde 4=Outro (especificar) | BI7: Vendeu uma parte desta produção de leite fresco de [...]? 1=Sim 2=Não ► (17.37) | BJ7: Durante estes meses, qual foi a quantidade média deste leite vendida por dia? Código da unidade 1=Litro 2=Cabaça 3=Balde | BL7: Qual foi o montante médio da venda deste leite em cada dia? | BM7: Quais são as duas pessoas principais que controlam as receitas provenientes desta venda? (Escrever o código ID destas pessoas, utilizando a lista dos membros do agregado familiar) | BO7: Transformou uma parte desta produção de leite nos últimos 12 meses? 1=Sim 2=Não ► (17.49) | BP7: Qual foi a quantidade média deste leite transformada por dia? Código da unidade 1=Litro 2=Cabaça 3=Balde 4=Outro (especificar) | BR7: Vendeu leite coalhado, nata, manteiga ou queijo nos últimos 12 meses? 1=Sim 2=Não ► (17.49) | BS7: Que receitas obteve com a produção destes produtos nos últimos 12 meses? | BT7: Quais são as duas pessoas principais que controlam as receitas provenientes desta venda? (Escrever o código ID destas pessoas, utilizando a lista dos membros do agregado familiar) | BV7: =CONCATENATE("Produziu ovos de [...] nos últimos 12 meses? 1=Sim 2=Não ►",TEXT(CD6,"(0,00)")) -> Produziu ovos de [...] nos últimos 12 meses? 1=Sim 2=Não ►(17,49) | BW7: Quantos meses produziu ovos durante os últimos 12 meses? | BX7: Durante estes meses, quantos ovos de [...] produziu em média por mês nos últimos 12 meses? (Se nenhum, Escrever 0) | BY7: Quantos ovos de [...] vendeu em média por mês durante estes meses? (Se nenhum, Escrever 0 e ► (17.48)) | BZ7: Durante estes meses, qual foi o montante desta venda em média por mês? | CA7: Quais são os números de ordem das duas pessoas principais que controlam as receitas provenientes desta venda? (Escrever o código ID destas pessoas, utilizando a lista dos membros do agregado familiar) | CC7: Durante estes meses, que quantidade de ovos consumiu no agregado familiar em média por mês? (Se nenhum, Escrever 0) | CD7: Teve de comprar rações para alimentar os [...] nos últimos 12 meses? 1=Sim 2=Não ► (17.53) | CE7: Quantos meses teve de comprar rações para alimentar os [...] durante os últimos 12 meses? | CF7: Quanto despendeu em média por mês durante estes meses na compra destas rações? | CG7: Qual é o valor das rações utilizadas para alimentar os [...] pertencentes ou criados pelo agregado familiar que produziu pessoalmente? | CH7: Pagou para dar de beber os [...] nos últimos 12 meses? 1=Sim 2=Não ► (17.56) | CI7: Quantos meses teve de pagar água para dar de beber os [...] durante os últimos 12 meses? | CJ7: Quanto despendeu em média por mês durante estes meses para dar de beber os [...]? | CK7: Mandou vacinar [...] do rebanho/manada nos últimos 12 meses? 1=Sim 2=Não ► (17.58) | CL7: Quanto pagou para vacinar, tudo incluído (honorários, vacinas, etc.) nos últimos 12 meses? | CM7: Mandou desparasitar [...] do rebanho/manada nos últimos 12 meses? 1=Sim 2=Não ► (17.60) | CN7: Quanto pagou para desparasitar, tudo incluído (honorários, vacinas, etc.) nos últimos 12 meses? | CO7: Mandou tratar [...] do rebanho/manada nos últimos 12 meses? 1=Sim 2=Não ► (Espécie seguinte) | CP7: Quanto pagou por este tratamento nos últimos 12 meses?
G8: Pessoa 1 | J8: Pessoa 2 | M8: Pessoa 3 | P8: Pessoa 4 | S8: Pessoa 5
G9: Proprietário | H9: Animais | I9: Venda | J9: Proprietário | K9: Animais | L9: Venda | M9: Proprietário | N9: Animais | O9: Venda | P9: Proprietário | Q9: Animais | R9: Venda | S9: Proprietário | T9: Animais | U9: Venda | W9: MONTANTE | AA9: MONTANTE | AB9: MONTANTE | AC9: Pessoa 1 | AD9: Pessoa 2 | AG9: Ramadão | AH9: Tabasky | AI9: Natal | AJ9: Páscoa | AK9: Festas de Fim de Ano | AL9: Outras festas religiosas | AM9: Batismos | AN9: Outras cerimónias | AO9: Outros | AR9: MONTANTE | AS9: Pessoa 1 | AT9: Pessoa 2 | AV9: Em espécies | AW9: Em numerário | AZ9: Pessoa 1 | BA9: Pessoa 2 | BE9: Quantidade | BF9: UML | BG9: Quantidade | BH9: UML | BJ9: Quantidade | BK9: UML | BM9: Pessoa 1 | BN9: Pessoa 2 | BP9: Quantidade | BQ9: UML | BT9: Pessoa 1 | BU9: Pessoa 2 | CA9: Pessoa 1 | CB9: Pessoa 2 | CF9: MONTANTE | CG9: MONTANTE
A10: Espécies/categorias | B10: CÓDIGO | C10: CÓDIGO | D10: ID | E10: N.º | F10: N.º | G10: ID | H10: N.º | I10: CÓDIGO | J10: ID | K10: N.º | L10: CÓDIGO | M10: ID | N10: N.º | O10: CÓDIGO | P10: ID | Q10: N.º | R10: CÓDIGO | S10: ID | T10: N.º | U10: CÓDIGO | V10: NÚMERO | W10: FRANCOS CFA | X10: NÚMERO | Y10: CÓDIGO ID: | Z10: PERCENTAGENS | AA10: FRANCOS CFA | AB10: FRANCOS CFA | AC10: CÓDIGO ID: | AD10: CÓDIGO ID: | AE10: CÓDIGO | AF10: CÓDIGO ID: | AG10: NÚMERO | AH10: NÚMERO | AI10: NÚMERO | AJ10: NÚMERO | AK10: NÚMERO | AL10: NÚMERO | AM10: NÚMERO | AN10: NÚMERO | AO10: NÚMERO | AP10: CÓDIGO | AQ10: CÓDIGO | AR10: FRANCOS CFA | AS10: CÓDIGO ID: | AT10: CÓDIGO ID: | AU10: CÓDIGO | AV10: FRANCOS CFA | AW10: FRANCOS CFA | AX10: CÓDIGO | AY10: FRANCOS CFA | AZ10: CÓDIGO ID: | BA10: CÓDIGO ID: | BB10: CÓDIGO | BC10: N.º | BD10: N.º | BE10: N.º | BF10: CÓDIGO | BG10: N.º | BH10: CÓDIGO | BI10: CÓDIGO | BJ10: N.º | BK10: CÓDIGO | BL10: FRANCOS CFA | BM10: CÓDIGO ID: | BN10: CÓDIGO ID: | BO10: CÓDIGO | BP10: N.º | BQ10: CÓDIGO | BR10: CÓDIGO | BS10: FRANCOS CFA | BT10: Código ID: | BU10: Código ID: | BV10: CÓDIGO | BW10: NÚMERO | BX10: NÚMERO | BY10: NÚMERO | BZ10: FRANCOS CFA | CA10: CÓDIGO ID | CB10: CÓDIGO ID | CC10: NÚMERO | CD10: CÓDIGO | CE10: NÚMERO | CF10: FRANCOS CFA | CG10: FRANCOS CFA | CH10: CÓDIGO | CI10: NÚMERO | CJ10: FRANCOS CFA | CK10: CÓDIGO | CL10: FRANCOS CFA | CM10: CÓDIGO | CN10: FRANCOS CFA | CO10: CÓDIGO | CP10: FRANCOS CFA
A11: Bovinos | B11: 1
A12: Ovinos (carneiros) | B12: 2
A13: Caprinos (cabras) | B13: 3
A14: Camelídeos (camelos) | B14: 4
A15: Equinos (cavalos) | B15: 5
A16: Asininos (burros) | B16: 6
A17: Suínos | B17: 7
A18: Coelhos | B18: 8
A19: Galinhas/frangos | B19: 9
A20: Pintadas | B20: 10
A21: Outras aves | B21: 11

Sheet S18_Peche
A1: SECÇÃO 18: PESCA
A3: 18 | B3: Escreva o código do respondente a esta pergunta
A5: =A3+0.01 -> 18.01 | B5: Nos últimos 12 meses, pelo menos um membro do agregado familiar praticou pesca | U5: =A32+0.01 -> 18.07 | V5: Nos últimos 12 meses, que autorizações ou licenças obteve para pescar?
B6: por conta própria? | V6: (Escrever até três licenças) | AD6: Autorização ou licença 1 | AI6: 1. Arrasto de peixe pelagico
C7: 1 = Sim | K7: CÓDIGO | AI7: 2. Arrasto de peixe demersal
C8: 2 Não ► Secção 20 | W8: 1 | X8: Autorização sazonal | AI8: 3. Arrasto de cefalopodes
A9: =A5+0.01 -> 18.02 | C9: Quais são os pescadores principais do agregado familiar? | W9: 2 | X9: Autorização especializada | AD9: Autorização ou licença 2 | AI9: 4. Atuneiro caneiro
B10: Pessoa 1 | H10: Pessoa 2 | N10: Pessoa 3 | W10: 3 | X10: INS: acrescentar outros tipos de autorização se aplicável | AI10: 5. Atuneiro cerqueiro
W11: 4
A12: =A9+0.01 -> 18.03 | C12: Onde se pratica principalmente a sua atividade de pesca? | W12: 5 | X12: Outro (especificar) | AD12: Autorização ou licença 3
C13: 1 | D13: Mar/oceano | W13: 6 | X13: =CONCATENATE("Nenhuma ►(",TEXT(U20,"0,00"), ")") -> Nenhuma ►(18,09)
C14: 2 | D14: Rio (anual)
C15: 3 | D15: Regato (sazonal) | K15: CÓDIGO | U15: =U5+0.01 -> 18.08 | W15: Quanto custa estas autorizações ou licenças?
C16: 4 | D16: Lagoa/lago de água doce | W16: 1 | X16: Autorização ou licença 1 (Francos CFA)
C17: 5 | D17: Pântanos de água doce | W17: 2 | X17: Autorização ou licença 2 (Francos CFA)
C18: 6 | D18: Pântanos de água salgada | W18: 3 | X18: Autorização ou licença 3 (Francos CFA)
C19: 7 | D19: Outro (especificar)
U20: =U15+0.01 -> 18.09 | W20: Nos últimos 12 meses, contratou trabalhadores para a sua atividade de pesca?
A21: =A12+0.01 -> 18.04 | C21: Pesca a partir da praia/da margem/da borda do rio
C22: 1 | D22: A partir da praia/da margem/da borda do rio | W22: 1 | X22: Sim | AB22: CÓDIGO
C23: 2 | D23: De um barco ou de uma piroga | W23: 2 | X23: =CONCATENATE("Não ►(",TEXT(U30,"0,00"), ")") -> Não ►(18,11)
C24: 3 | D24: Ambos | K24: CÓDIGO
U25: =U20+0.01 -> 18.1 | W25: Nos últimos 12 meses, quanto pagou a estes trabalhadores?
A26: =A21+0.01 -> 18.05 | C26: Onde pesca com mais frequência?
C27: 1 | D27: A redor da comunidade
C28: 2 | D28: Áreas acessíveis num dia | K28: CÓDIGO
C29: 3 | D29: No seu país, acessíveis em vários dias
C30: 4 | D30: Noutros países | U30: =U25+0.01 -> 18.11 | W30: Nos últimos 12 meses, quanto gastou em gelo? (FRANCOS CFA)
A32: =A26+0.01 -> 18.06 | B32: Nos últimos 12 meses, que meses corresponderam à estação alta, à estação baixa e quais os meses sem pesca?
B33: (Assinalar os meses da estação alta com 1, os meses da estação baixa com 2 e os meses sem pescar com 3.)
B35: JAN | D35: FEV | F35: MAR | H35: ABR | J35: MAI | L35: JUN | N35: JUL | P35: AGO | R35: SET | T35: OUT | V35: NOV | X35: DEZ
B45: =U30+0.01 -> 18.12 | G45: =B45+0.01 -> 18.13 | O45: =G45+0.01 -> 18.14
B46: [INS] Enumerar até 5 espécies de peixes pescados mais frequentemente na última estação alta | G46: Na última ESTAÇÃO ALTA quantas [ESPÉCIES] capturou em média NUM MÊS? | O46: Na última ESTAÇÃO ALTA quantas [ESPÉCIES] em média, das que capturou, consumiu/deu em pagamento/utilizou como insumo de transformação/vendeu NUM MÊS?
O50: Consumo | S50: Pagamento | V50: Insumo | Y50: Venda
B51: Espécie | E51: Código | G51: Quantidade | K51: Unidade | O51: Quant. | Q51: UML | S51: Quant. | U51: UML | V51: Quant. | X51: UML | Y51: Quant. | AA51: UML
A52: 1 | B52: Djafal | K52: 1.Motor; 2.Arte
A53: 2 | B53: Bentana | K53: 1.Motor; 2.Arte
A54: 3 | B54: Tainha | K54: 1.Motor; 2.Arte
A55: 4 | B55: Bagre | K55: 1.Motor; 2.Arte
A56: 5 | B56: Carapau | K56: 1.Motor; 2.Arte
I64: =O45+0.01 -> 18.15 | P64: =I64+0.01 -> 18.16 | W64: =P64+0.01 -> 18.17
G65: Onde vendeu principalmente [ESPÉCIES]? | N65: A quem vendeu principalmente [ESPÉCIES]? | T65: Na última ESTAÇÃO ALTA quanto recebeu em média pela venda de [ESPÉCIES] NUM MÊS?
G67: 1 | H67: Praia/margem do rio | N67: 1 | O67: Consumidores
G68: 2 | H68: Mercado | N68: 2 | O68: Comerciantes
G69: 3 | H69: Outro (especificar) | N69: 3 | O69: Transformador
C70: =B45 -> 18.12 | N70: 4 | O70: Outro (especificar)
B71: Espécie | E71: Código | G71: Número | N71: Número | T71: FRANCOS CFA
A72: 1
A73: 2
A74: 3
A75: 4
A76: 5
C82: =W64+0.01 -> 18.18 | I82: =C82+0.01 -> 18.19 | O82: =I82+0.01 -> 18.2
B83: [INS] Enumerar até 5 espécies de peixes pescados mais frequentemente na última estação baixa (Idem 19.17) | G83: Na última ESTAÇÃO BAIXA quantas [ESPÉCIES] capturou em média NUM MÊS? | O83: Na última ESTAÇÃO BAIXA quantas [ESPÉCIES] em média, das que capturou, consumiu/deu em pagamento/utilizou como insumo de transformação/vendeu NUM MÊS?
O87: Consumo | S87: Pagamento | V87: Insumo | Y87: Venda
B88: Espécie | E88: Código | G88: Quantidade | K88: Unidade | O88: Quant. | Q88: UML | S88: Quant. | U88: UML | V88: Quant. | X88: UML | Y88: Quant. | AA88: UML
A89: 1 | B89: Djafal | K89: 1.Motor; 2.Arte
A90: 2 | B90: Bentana | K90: 1.Motor; 2.Arte
A91: 3 | B91: Tainha | K91: 1.Motor; 2.Arte
A92: 4 | B92: Bagre | K92: 1.Motor; 2.Arte
A93: 5 | B93: Carapau | K93: 1.Motor; 2.Arte
I96: =O82+0.01 -> 18.21 | P96: =I96+0.01 -> 18.22 | W96: =P96+0.01 -> 18.23
G97: Onde vendeu principalmente [ESPÉCIES]? | N97: A quem vendeu principalmente [ESPÉCIES]? | T97: Na última ESTAÇÃO BAIXA quanto recebeu em média pela venda de [ESPÉCIES] NUM MÊS?
G99: 1 | H99: Praia/margem do rio | N99: 1 | O99: Consumidores
G100: 2 | H100: Mercado | N100: 2 | O100: Comerciantes
G101: 3 | H101: Outro (especificar) | N101: 3 | O101: Transformador
C102: =C82 -> 18.18 | N102: 4 | O102: Outro (especificar)
B103: Espécie | E103: Código | G103: CÓDIGO | N103: CÓDIGO | T103: FRANCOS CFA
A104: 1
A105: 2
A106: 3
A107: 4
A108: 5

Sheet S19_Equipements
A1: SECÇÃO 19: EQUIPAMENTOS AGRÍCOLAS
B3: (19.00) O agregado familiar declarou praticar a agricultura, pecuária ou a pesca nas secções 16, 17 ou 18? | H3: 1=Sim 2=Não ► secção 20 ou Fim
B4: (19.01) Escrever o número do respondente
A6: 19.02 | C6: =A6+0.01 -> 19.03 | D6: =C6+0.01 -> 19.04 | E6: =D6+0.01 -> 19.05 | F6: =E6+0.01 -> 19.06 | G6: =F6+0.01 -> 19.07 | H6: =G6+0.01 -> 19.08 | I6: =H6+0.01 -> 19.09 | J6: =I6+0.01 -> 19.1 | K6: =J6+0.01 -> 19.11
A7: Tipo de equipamentos | C7: O agregado familiar possui o artigo seguinte? 1=Sim 2=Não ► (19.10) | D7: Quantos [...] possui o agregado familiar? | E7: Quantos anos tem o mais recente? | F7: Qual foi o preço (ou valor) de aquisição do mais recente? | G7: Por quanto venderia hoje o mais recente destes artigos? | H7: O agregado familiar alugou [...] a outros agregados familiares nos últimos 12 meses? 1=Sim 2=Não ► (19.10) | I7: Que quantia recebeu o agregado familiar pelo aluguer de [….]? | J7: O agregado familiar utilizou […] que não lhe pertence mas que alugou a uma cooperativa ou a outro agregado familiar? 1=Sim 2=Não ►Linha seguinte | K7: Que quantia pagou o agregado familiar pelo aluguer deste [….]?
A15: DESCRITIVO | B15: CÓDIGO | C15: CÓDIGO | D15: NÚMERO | E15: ANOS | F15: FRANCOS CFA | G15: FRANCOS CFA | H15: CÓDIGO | I15: FRANCOS CFA | J15: CÓDIGO | K15: FRANCOS CFA
A16: Trator | B16: 101
A17: Pulverizador | B17: 102
A18: Motocultivador | B18: 103
A19: Ceifeira-debulhadora | B19: 104
A20: Charrua | B20: 105
A21: Machado/picareta | B21: 106
A22: Enxada/Ancinho/sacho | B22: 107
A23: Catana | B23: 108
A24: Enxada movida a burro | B24: 110
A25: Semeadeira | B25: 111
A26: Grade | B26: 112
A27: Animais de lavoura | B27: 113
... A51: Outros (especificar) | B51: 140

Sheet S20_PauvreteSubjective
A1: Secção 20: Pobreza subjetiva
B3: 20 | C3: Escreva o CÓDIGO ID do respondente desta secção
B6: =B3+0.01 -> 20.01 | C6: Acha que a Guiné-Bissau é um país pobre? | O6: =B35+0.01 -> 20.08 | P6: Nos últimos 12 meses, o agregado familiar deparou com dificuldades para fazer face às despesas de iluminação da habitação (eletricidade, petroleo para lampadas, pilhas para as lanternas, etc.)?
C7: 1. Sim
C8: 2. Não
C9: 3. Não sabe | P9: 1. Sim | R9: 3. Não sabe
P10: 2. Não | R10: 4. Não aplicável
B11: =B6+0.01 -> 20.02 | C11: Considerando o rendimento do seu agregado familiar, pensa que vive? | O11: =O6+0.01 -> 20.09 | P11: Nos últimos 12 meses, algum membro do agregado familiar teve um episódio de doença e deparou com dificuldades para fazer face às despesas daí decorrentes?
C12: 1. Bem | F12: 4. Com dificuldade
C13: 2. Relativamente bem | F13: 5. Não sabe | P13: 1. Sim | R13: 3. Não sabe
C14: 3. Razoavelmente | P14: 2. Não | R14: 4. Não aplicável
O15: =O11+0.01 -> 20.1 | P15: Nos últimos 12 meses, o agregado familiar deparou com dificuldades para fazer face às despesas de transporte?
B16: =B11+0.01 -> 20.03 | C16: Como vive em relação aos seus vizinhos na localidade?
C17: 1. Claramente melhor | P17: 1. Sim | R17: 3. Não sabe
C18: 2. Um pouco melhor | F18: 4. Pior | P18: 2. Não | R18: 4. Não aplicável
C19: 3. De modo semelhante | F19: 5. Não sabe | O19: =O15+0.01 -> 20.11 | P19: Nos últimos 12 meses, o agregado familiar deparou com dificuldades para fazer face às despesas escolares das crianças?
B21: =B16+0.01 -> 20.04 | C21: Como você vive em relação aos habitantes da capital? | P21: 1. Sim | R21: 3. Não sabe
C22: 1. Claramente melhor | P22: 2. Não | R22: 4. Não aplicável
C23: 2. Um pouco melhor | F23: 4. Menos mal | O23: =O19+0.01 -> 20.12 | P23: Nos últimos 12 meses, o agregado familiar deparou com dificuldades para fazer face às despesas com livros, manuais e materiais escolares?
C24: 3. De modo semelhante | F24: 5. Não sabe | H24: 6 Não Aplicável
P25: 1. Sim | R25: 3. Não sabe
B26: =B21+0.01 -> 20.05 | C26: Se lhe fosse pedido que classificasse o seu agregado familiar numa escala de bem-estar de pobre a rico, como o classificaria? | P26: 2. Não | R26: 4. Não aplicável
C28: 1. Rico | E28: 3. Pobre
C29: 2.Medio | E29: 4. Muito pobre | H29: 5. Não sabe
B31: =B26+0.01 -> 20.06 | C31: Qual é o montante mínimo mensal necessário ao seu agregado familiar para ter um nível de vida descente (Francos CFA)? | O31: =O23+0.01 -> 20.13 | P31: Na sua opinião, quais são as três principais causas de pobreza dos agregados familiares?
O33: 1 | P33: Falta de emprego | S33: 5 Falta de estradas | X33: 9 Carencia da vida
O34: 2 | P34: Ausência de instrução | S34: 6 Falta de água/pastagens | X34: 10 Quebra nas vendas de produtos agrícolas
B35: =B31+0.01 -> 20.07 | C35: Nos últimos 12 meses, o agregado familiar deparou com dificuldades para fazer face à renda da casa? | O35: 3 | P35: Falta de terras | S35: 7 Secas frequentes/inundações | X35: 11 Preguiça
O36: 4 | P36: Falta de gado | S36: 8 Má gestão/corrupção | X36: 12 Outro
C38: 1. Sim | E38: 3. Não sabe | P38: Causa 1 | S38: Causa 2 | V38: Causa 3
C39: 2. Não | E39: 4. Não Aplicável

Sheet Unidades
B1: INS: adaptar a lista das unidades não convencionais
A2: Lista exaustiva de unidades
A3: Código | B3: Descritivo | D3: Código | E3: Descritivo | G3: Código | H3: Descritivo
A4: 1 | B4: Kg | D4: 21 | E4: Cabaça média | G4: 41 | H4: Lata pequena de leite
A5: 2 | B5: Grama | D5: 22 | E5: Cabaça pequena | H5: Monte grande | J5: Taça
A6: 3 | B6: Litro | D6: 23 | E6: Concha (calma) grande | H6: Monte medio | J6: prato
A7: 4 | B7: Centilitro | D7: 24 | E7: Concha (calma) média | H7: Monte pequeno | J7: colher (de sopa)
A8: 5 | B8: Unidade | D8: 25 | E8: Concha (calma) pequena | H8: Maradura grande | J8: Colherinha)
A9: 6 | B9: Tiya | D9: 26 | E9: Lata grande de tomate | H9: Maradura medio | J9: folha (talo, pé)
A10: 7 | B10: 1/2 tiya | D10: 27 | E10: Lata média de tomate | H10: Maradura pequeno | J10: cabeça
A11: 8 | B11: 1/4 tiya | D11: 28 | E11: Lata pequena de tomate | H11: Pacote grande | J11: dente
A12: 9 | B12: Tongolo | D12: 29 | E12: Waygouizé | H12: Pacote medio | J12: caixa
A13: 10 | B13: Bota | D13: 30 | E13: Múndou | H13: Pacote pequeno | J13: Balaio
A14: 11 | B14: Cesto grande | D14: 31 | E14: Embalagem grande | H14: garafa grande | J14: saquinho
A15: 12 | B15: Cesto médio | D15: 32 | E15: Embalagem pequena | H15: garafa medio | J15: bussa
A16: 13 | B16: Cesto pequeno | D16: 33 | E16: Porção( pedaço, fatia) grande | H16: garafa pequeno | J16: copo grande
... A18: 15 | B18: Balde médio | D18: 35 | E18: Porção( pedaço, fatia) pequeno | H18: bacia medio | J18: copo pequeno
A19: 16 | B19: Balde pequeno | D19: 36 | E19: Caneca ( frasco) grande | H19: bacia pequeno
A20: 17 | B20: Saco grande | E20: Caneca ( frasco) medio | H20: Saco plastico grande
A21: 18 | B21: Saco médio | E21: Caneca ( frasco) pequeno | H21: Saco plastico medio
A22: 19 | B22: Saco pequeno | D22: 37 | E22: Cacho | H22: Saco plastico pequeno
A23: 20 | B23: Cabaça grande | D23: 38 | E23: Alvéolo | H23: dúzia
D24: 39 | E24: Lata grande de leite | H24: Meia duzia
D25: 40 | E25: Lata média de leite | H25: Tabuleiro
H26: meio/metade

Sheet Culturas
A1: Nomenclatura das culturas
A5: Código | B5: Descritivo | C5: Código | D5: Descritivo | E5: Código | F5: Descritivo | G5: Código | H5: Descritivo | I5: Código | J5: Descritivo
A6: 1 | B6: Milho preto | C6: 13 | D6: Sésamo | E6: 25 | F6: Melão | G6: 37 | H6: Feijão verde | I6: 49 | J6: Café
A7: 2 | B7: Milho cavalo | C7: 14 | D7: Mandioca | E7: 26 | F7: Melancia | G7: 38 | H7: Planta cabaz | I7: 50 | J7: Chá
A8: 3 | B8: Arroz paddy | C8: 15 | D8: Batata-doce | E8: 27 | F8: Alface | G8: 39 | H8: Rabanete | I8: 51 | J8: Chabeu
B9: Arroz Mpampam | C9: 16 | D9: Batata Inglesa | E9: 28 | F9: Repolho | G9: 40 | H9: Nabo | I9: 52 | J9: Seringueira
A10: 4 | B10: Milho bacil | C10: 17 | D10: Pimento | E10: 29 | F10: Tomate | G10: 41 | H10: Alho-francês | I10: 53 | J10: Citrinos
A11: 5 | B11: Junça | C11: 18 | D11: Gengibre | E11: 30 | F11: Cenoura | G11: 42 | H11: Caruru (chapata) | I11: 54 | J11: Mangueira
A12: 6 | B12: Trigo | C12: 19 | D12: Cravo-da-índia | E12: 31 | F12: Djagatu | G12: 43 | H12: Algodão | I12: 55 | J12: Cajueiro
A13: 7 | B13: Fundo | C13: 20 | D13: Hortelã-pimenta | E13: 32 | F13: Beringela | G13: 44 | H13: Beterraba | J13: Outro (especificar)
A14: 8 | B14: Feijão | C14: 21 | D14: Espinafre | E14: 33 | F14: Cebola | G14: 45 | H14: Ervilhas | J14: Papaeira
A15: 9 | B15: Feijão-congo | C15: 22 | D15: Aipo | E15: 34 | F15: Pepino | G15: 46 | H15: Taro/Manfafa | J15: Ananas
A16: 10 | B16: Mancarra | C16: 23 | D16: Salsa | E16: 35 | F16: Abóbora | G16: 47 | H16: Inhame | J16: Goiabeira
A17: 11 | B17: Candja | C17: 24 | D17: Malagueta | E17: 36 | F17: Alho | G17: 48 | H17: Cacau | J17: Coconete
A18: 12 | B18: Badjiqui | J18: Cana-de-açucar
J19: Pinha
J20: Jaca
J21: Tifa

Sheet Observações
B1: OBSERVAÇÕES

Sheet Plan1
A2: 1 Nenhum
A3: 2 Ensino Básico (1 a 6 classe)
A4: 3 Secundário 1º ciclo (7 a 9 classe)
A5: 4 Técnico profissional 1º ciclo ( 7 a 9 classe)
A6: 5 Secundário 2º ciclo (10 a 12 classe)
A7: 6 Tecnico profissional 2º ciclo (10 a 12 classe)
A8: 7 Superior
A9: 8 Não sabe (NS)
